 Dungeon Crawl Stone Soup version 0.31-a0-859-g9dce7d3444 (webtiles) character file.

Game seed: 2015242385338122056

8215923 scionoferis the Missionary (level 27, 273/273 HPs)
             Began as a Hill Orc Monk on Oct 3, 2023.
             Was a Priest of Beogh.
             Escaped with the Orb
             ... and 15 runes on Oct 9, 2023!
             The game lasted 20:12:56 (215461 turns).

scionoferis the Missionary (Hill Orc Monk)        Turns: 215461, Time: 20:12:56

Health: 273/273    AC: 51    Str: 32 (33) XL:     27
Magic:  49/49      EV: 28    Int: 15 (16) God:    Beogh [***...]
Gold:   17023      SH: 20    Dex: 23      Spells: 22/42 levels left

rFire   + . .        o - +6 broad axe of the Charming Goat {drain, Fragile rElec MP+9}
rCold   + + .        M - +1 kite shield {AC+3}
rNeg    + + +        R - +11 shadow dragon scales
rPois   ∞            K - +1 helmet of the Mpinguari {+Inv rC+ Str+3}
rElec   +            A - +0 cloak "Nuci" {rF+ Will+ rCorr}
rCorr   +            u - +0 pair of gloves of the Zealous God {Str+4 Dex+3}
SInv    +            O - +2 pair of boots {rampage}
Will    +++++        i - amulet of Vitality {RegenMP++ Regen++}
Stlth   +++          l - ring of see invisible
HPRegen 2.25/turn    j - ring of the Republic {Fly Int+6 Dex+5}
MPRegen 1.11/turn

%: rampage
@: death-form, flying
A: vile attack, torment immunity, no potions, strong-willed 1, shaggy fur 1, no
potion heal 2
0: Orb of Zot
}: 15/15 runes: decaying, slimy, silver, golden, iron, obsidian, icy, bone,
abyssal, demonic, glowing, magical, fiery, dark, gossamer
a: Siphon Essence, Begin Untransformation, Renounce Religion, Evoke
Invisibility, Smiting


You escaped.
You worshipped Beogh.
Beogh was most pleased with you.
You were an undying horror.
You visited 17 branches of the dungeon, and saw 87 of its levels.
You visited Pandemonium 7 times, and saw 32 of its levels.
You visited the Abyss 10 times.
You also visited: Trove, Ice Cave and Volcano.

You collected 18965 gold pieces.
You spent 1942 gold pieces at shops.


Innate Abilities, Weirdness & Mutations

You are an undying horror.
Your melee and unarmed attacks drain, slow and weaken victims.
You are immune to unholy pain and torment.
You cannot drink.
You are immune to poison.
You are strong-willed. (Will+)
You are covered in fur. (AC +1)
Potions cannot restore your health.


   Skills:
 O Level 27 Fighting
 - Level 24.0 Axes
 O Level 27 Throwing
 + Level 26.6 Armour
 - Level 24.0 Dodging
 - Level 18.0 Stealth
 - Level 24.0 Shields
 - Level 8.0 Spellcasting
 - Level 12.0 Translocations
 - Level 12.0 Air Magic
 O Level 27 Invocations
 - Level 18.0 Evocations
 - Level 23.0 Shapeshifting


You had 22 spell levels left.
You knew the following spells:

 Your Spells              Type           Power      Damage    Failure   Level
a - Apportation           Tloc           84%        N/A       1%          1
b - Blink                 Tloc           84%        N/A       1%          2
c - Lesser Beckoning      Tloc           84%        N/A       1%          2
d - Manifold Assault      Tloc           42%        N/A       1%          4
e - Vhi's Electric Charg  Tloc/Air       84%        N/A       1%          4
f - Passage of Golubria   Tloc           42%        N/A       1%          4
g - Swiftness             Air            42%        N/A       1%          3

Your spell library contained the following spells:

 Spells                   Type           Power      Damage    Failure   Level
 Gell's Gravitas          Tloc           42%        N/A       1%          3
 Teleport Other           Tloc           42%        N/A       1%          3
 Airstrike                Air            21%        2d(3-19)  1%          4
 Shock                    Conj/Air       96%        1d9       2%          1
 Momentum Strike          Conj/Tloc      48%        3d9       3%          2
 Poisonous Vapours        Pois/Air       48%        N/A       3%          2
 Static Discharge         Conj/Air       48%        2-4/arc   3%          2
 Volatile Blastmotes      Fire/Tloc      48%        2d14      6%          3
 Cigotuvi's Dreadful Rot  Necr/Pois/Air  36%        N/A       8%          2
 Mephitic Cloud           Conj/Pois/Air  18%        N/A       14%         3
 Dimensional Bullseye     Hex/Tloc       12%        N/A       22%         4
 Iskenderun's Mystic Bla  Conj/Tloc      24%        2d7       22%         4
 Summon Lightning Spire   Summ/Air       24%        N/A       22%         4
 Foxfire                  Conj/Fire      24%        2x1d5     26%         1
 Freeze                   Ice            24%        1d4       26%         1
 Kiss of Death            Conj/Necr      24%        2d7       26%         1
 Magic Dart               Conj           24%        1d4       26%         1
 Necrotise                Necr           24%        1d5       26%         1
 Sandblast                Erth           12%        2d6       26%         1
 Slow                     Hex            24%        N/A       26%         1
 Sting                    Tmut/Pois      24%        1d4       26%         1
 Summon Small Mammal      Summ           24%        N/A       26%         1
 Dispersal                Tloc           21%        N/A       28%         6
 Call Imp                 Summ           12%        N/A       36%         2
 Ensorcelled Hibernation  Hex/Ice        12%        N/A       36%         2
 Jinxbite                 Hex            12%        N/A       36%         2
 Passwall                 Tmut/Erth      5%         N/A       36%         2
 Scorch                   Fire           12%        2d5       36%         2
 Searing Ray              Conj           12%        2d4       36%         2
 Sublimation of Blood     Necr           6%         N/A       36%         2
 Wereblood                Tmut           6%         N/A       36%         2
 Arcjolt                  Conj/Air       12%        1d22      52%         5
 Silence                  Hex/Air        12%        N/A       52%         5
 Summon Forest            Summ/Tloc      12%        N/A       52%         5
 Call Canine Familiar     Summ           6%         N/A       58%         3
 Confusing Touch          Hex            6%         N/A       58%         3
 Dazzling Flash           Conj/Hex       12%        N/A       58%         3
 Frozen Ramparts          Ice            12%        1d2       58%         3
 Hailstorm                Conj/Ice       6%         3d4       58%         3
 Ignite Poison            Fire/Tmut/Pois 6%         N/A       58%         3
 Inner Flame              Hex/Fire       6%         N/A       58%         3
 Ozocubu's Armour         Ice            6%         N/A       58%         3
 Sigil of Binding         Hex            6%         N/A       58%         3
 Stone Arrow              Conj/Erth      12%        3d7       58%         3
 Summon Guardian Golem    Hex/Summ       6%         N/A       58%         3
 Tukima's Dance           Hex            6%         N/A       58%         3
 Vampiric Draining        Necr           6%         2d6       58%         3
 Freezing Cloud           Conj/Ice/Air   9%         6-21      80%         5
 Anguish                  Hex/Necr       3%         N/A       94%         4
 Animate Dead             Necr           6%         N/A       94%         4
 Brom's Barrelling Bould  Conj/Erth      6%         2d3       94%         4
 Cause Fear               Hex            3%         N/A       94%         4
 Dispel Undead            Necr           6%         3d8       94%         4
 Flame Wave               Conj/Fire      6%         2d5       94%         4
 Fulminant Prism          Conj/Hex       3%         3d5       94%         4
 Leda's Liquefaction      Hex/Erth       3%         N/A       94%         4
 Olgreb's Toxic Radiance  Pois           6%         N/A       94%         4
 Petrify                  Tmut/Erth      6%         N/A       94%         4
 Sticky Flame             Conj/Fire      6%         2d3       94%         4
 Summon Ice Beast         Ice/Summ       6%         N/A       94%         4
 Conjure Ball Lightning   Conj/Air       12%        3x3d6     97%         6
 Plasma Beam              Fire/Air       12%        2x1d23    97%         6
 Agony                    Necr           6%         N/A       100%        5
 Alistair's Intoxication  Tmut/Pois      4%         N/A       100%        5
 Borgnjor's Vile Clutch   Necr/Erth      3%         N/A       100%        5
 Fireball                 Conj/Fire      3%         3d4       100%        5
 Irradiate                Conj/Tmut      3%         3d12      100%        5
 Iskenderun's Battlesphe  Conj           6%         2d6       100%        5
 Metabolic Englaciation   Hex/Ice        3%         N/A       100%        5
 Summon Mana Viper        Hex/Summ       6%         N/A       100%        5
 Yara's Violent Unravell  Hex/Tmut       3%         3d4       100%        5
 Death Channel            Necr           3%         N/A       100%        6
 Eringya's Noxious Bog    Tmut/Pois      3%         4d6       100%        6
 Simulacrum               Ice/Necr       3%         N/A       100%        6
 Starburst                Conj/Fire      3%         6d3       100%        6
 Summon Cactus Giant      Summ           3%         N/A       100%        6
 Enfeeble                 Hex            3%         N/A       100%        7
 Haunt                    Necr/Summ      3%         N/A       100%        7
 Malign Gateway           Summ/Tloc      12%        N/A       100%        7
 Orb of Destruction       Conj           3%         9d5       100%        7
 Ozocubu's Refrigeration  Ice            3%         4d8       100%        7
 Spellforged Servitor     Conj/Summ      3%         N/A       100%        7
 Summon Hydra             Summ           3%         N/A       100%        7
 Borgnjor's Revivificati  Necr           3%         N/A       100%        8
 Discord                  Hex            3%         N/A       100%        8
 Disjunction              Tloc           21%        N/A       100%        8
 Ignition                 Fire           3%         3d4       100%        8
 Infestation              Necr           3%         N/A       100%        8
 Lehudib's Crystal Spear  Conj/Erth      3%         10d2      100%        8
 Maxwell's Capacitive Co  Air            21%        ∞         100%        8
 Summon Horrible Things   Summ           3%         N/A       100%        8
 Chain Lightning          Conj/Air       12%        3d16      100%        9
 Death's Door             Necr           3%         N/A       100%        9
 Dragon's Call            Summ           3%         N/A       100%        9
 Fire Storm               Conj/Fire      3%         8d1       100%        9
 Polar Vortex             Ice            3%         N/A       100%        9
 Shatter                  Erth           3%         3d7*      100%        9

Inventory:

Hand Weapons
 a - a +9 broad axe of freezing
   (You bought it in a shop on level 2 of the Orcish Mines)
 o - the +6 broad axe of the Charming Goat (weapon) {drain, Fragile rElec MP+9}
   (You found it in a treasure trove)

   rElec:     It insulates you from electricity.
   MP+9:      It affects your magic capacity (+9).
   Fragile:   It will be destroyed if unequipped.
Missiles
 c - 5 silver javelins
 y - 47 boomerangs
 z - 12 javelins (quivered)
 E - 3 throwing nets
Armour
 u - the +0 pair of gloves of the Zealous God (worn) {Str+4 Dex+3}
   (You found it on level 4 of the Dungeon)

   Str+4:     It affects your strength (+4).
   Dex+3:     It affects your dexterity (+3).
 x - the +1 pair of boots of the Thunderstorm {Str+5}
   (You found it on level 3 of the Tomb of the Ancients)

   Str+5:     It affects your strength (+5).
 A - the +0 cloak "Nuci" (worn) {rF+ Will+ rCorr}
   (You found it on level 14 of the Dungeon)

   rF+:       It protects you from fire.
   Will+:     It increases your willpower.
   rCorr:     It protects you from acid and corrosion.
 K - the +1 helmet of the Mpinguari (worn) {+Inv rC+ Str+3}
   (You found it on level 3 of the Depths)

   Str+3:     It affects your strength (+3).
   rC+:       It protects you from cold.
   +Inv:      It lets you turn invisible.
 M - a +1 kite shield of protection (worn)
   (You took it off a demonspawn warmonger in Pandemonium)
 O - a +2 pair of boots of rampaging (worn)
   (You found it on level 5 of the Vaults)
 R - +11 shadow dragon scales (worn)
   (You found it on level 2 of the Realm of Zot)
Jewellery
 b - the ring of Ruuguerch {rF+ AC+4 Dex-5 Slay+3 Stlth+}
   (You took it off Antaeus on level 7 of Cocytus)

   [ring of protection]

   AC+4:      It affects your AC (+4).
   Dex-5:     It affects your dexterity (-5).
   Slay+3:    It affects your accuracy & damage with ranged weapons and melee
   (+3).
   rF+:       It protects you from fire.
   Stlth+:    It makes you more stealthy.
 i - the amulet of Vitality (around neck) {RegenMP++ Regen++}
   (You took it off Dispater on level 7 of the Iron City of Dis)

   [amulet of magic regeneration]

   RegenMP:   It increases your rate of magic regeneration.
   Regen++:   It increases your rate of health regeneration.
 j - the ring of the Republic (right hand) {Fly Int+6 Dex+5}
   (You found it in a treasure trove)

   [ring of intelligence]

   Int+6:     It affects your intelligence (+6).
   Dex+5:     It affects your dexterity (+5).
   Fly:       It grants you flight.
 l - a ring of see invisible (left hand)
   (You bought it in a shop on level 6 of the Dungeon)
 n - a ring of ice
   (You found it on level 3 of the Tomb of the Ancients)
 B - the amulet "Kyami" {Regen+ SInv}
   (You found it on level 3 of the Tomb of the Ancients)

   [amulet of regeneration]

   SInv:      It lets you see invisible.
   Regen+:    It increases your rate of health regeneration.
 J - a +5 ring of evasion
   (You found it on level 5 of the Dungeon)
 S - the ring of Soanloh {Will++ AC+4}
   (You took it off a skeletal warrior on level 3 of the Crypt)

   [ring of protection]

   AC+4:      It affects your AC (+4).
   Will++:    It greatly increases your willpower.
Talismans
 Y - a talisman of death (active)
   (You found it on level 3 of the Elven Halls)
Wands
 e - a wand of flame (14)
   (You found it on level 7 of Gehenna)
 k - a wand of digging (19)
   (You found it in an ice cave)
 t - a wand of charming (143)
   (You found it on level 4 of the Dungeon)
 w - a wand of roots (166)
   (You found it on level 3 of the Dungeon)
 F - a wand of quicksilver (67)
   (You found it on level 6 of the Dungeon)
 P - a wand of mindburst (67)
   (You found it on level 8 of the Dungeon)
Scrolls
 f - 20 scrolls of fog
 g - a scroll of enchant weapon
 m - 11 scrolls of poison
 p - 10 scrolls of teleportation
 r - 4 scrolls of summoning
 D - 18 scrolls of fear
 L - 7 scrolls of silence
 N - a scroll of revelation
 W - 8 scrolls of blinking
Potions
 d - 32 potions of curing
 h - 6 potions of haste
 s - 19 potions of mutation
 v - 9 potions of cancellation
 H - 6 potions of magic
 T - 10 potions of heal wounds
 V - 9 potions of resistance
 X - 10 potions of might
Miscellaneous
 q - a condenser vane
   (You found it in an ice cave)
 C - a figurine of a ziggurat
 G - a lightning rod (4/4)
   (You found it on level 1 of the Spider Nest)
 Q - a phantom mirror
   (You bought it in a shop on level 2 of the Orcish Mines)
 U - a phial of floods
   (You found it on level 11 of the Dungeon)
 Z - a box of beasts
   (You found it on level 3 of the Vaults)

Dungeon Overview and Level Annotations

Branches:
Dungeon (15/15)            Temple (0/1) D:6            Lair (5/5) D:9
  Swamp (4/4) Lair:2       Spider (4/4) Lair:2        Slime (5/5) Lair:5
    Orc (2/2) D:9             Elf (3/3) Orc:2        Vaults (5/5) D:14
  Crypt (3/3) Vaults:2       Tomb (3/3) Crypt:3      Depths (4/4) D:15
   Hell (visited)             Dis (7/7) Hell            Geh (7/7) Hell
    Coc (7/7) Hell            Tar (7/7) Hell            Zot (5/5) Depths:4
  IceCv (visited)         Volcano (visited)

Altars:
Ashenzari
Dithmenos
Elyvilon
Fedhas
Gozag
Kikubaaqudgha
Makhleb
Nemelex Xobeh
Okawaru
Yredelemnul
The Shining One
Jiyva

Shops:
D:6 =   D:8 *   D:14 (   D:15 *   Orc:2 **[(*   Vaults:4 (   Vaults:5 *
Depths:2 *

Portals:
Hell: Depths:1 Depths:2 Depths:3 Depths:4
Abyss: Depths:3 Depths:4
Pandemonium: Hell Depths:1 Depths:2 Depths:4
Ziggurat: Depths:2

........................#
.....##.#..............##
.....##.##............##
.....##.##.#####.###.#####
#######.##.# #..........#
..# ###### #...#...(..#
#.# #...#....).# #.#
#...#......# #.#
##.z.#......# #.#####
##'>..#...#### ).##..#
#.#####...# ...#..##
#####'####...#
####..'###'.......#...#
#..#...#......>#...#
################...# #####


There were no monsters in sight!


Message History

There is an escape hatch in the ceiling here.
The balrug gestures at you.
The fireball explodes!
The fireball engulfs you. You resist. A mysterious force pulls you upwards.
The hatch slams shut behind you.
What level of the Dungeon? (default 1, ? - help) HP restored.
You see here a +0 long sword.
Things that are here:
a +0 cloak; a +2 heavy great mace
There is a stone staircase leading up here.
You fly upwards.
There is a stone staircase leading down here.
An angel comes into view. It is wielding a +1 whip of holy wrath.
The angel hits you but does no damage. x2
There is a stone staircase leading up here.
You slice the angel!!
The angel decays.
The angel is moderately wounded.
You block the angel's attack. The angel completely misses you.
You slash the angel!
The angel decays.
The angel is moderately wounded.
You slash the angel!
The angel decays.
The angel is heavily wounded.
You block the angel's attack. The angel hits you but does no damage.
You hit the angel.
The angel decays.
The angel is heavily wounded.
The angel completely misses you. You block the angel's attack.
You hit the angel.
The angel decays.
The angel is heavily wounded.
The angel hits you but does no damage. The angel completely misses you.
You hit the angel but do no damage.
The angel is heavily wounded.
You completely miss the angel.
The angel is heavily wounded.
The angel hits you but does no damage. You block the angel's attack.
You hit the angel.
The angel decays.
The angel is heavily wounded.
You block the angel's attack. x2
You hit the angel.
The angel decays.
The angel is heavily wounded.
You slice the angel!!
The angel decays.
The angel is almost dead.
The angel closely misses you. You block the angel's attack.
You closely miss the angel.
The angel is almost dead.
The angel hits you with a +1 whip of holy wrath.
You convulse.
The angel hits you but does no damage.
You barely miss the angel.
The angel is almost dead.
You slice the angel!!
You kill the angel!
Beogh accepts your kill.
What level of the Dungeon? (default 1, ? - help) HP restored.
You fly upwards.
There is a stone staircase leading down here.
A blizzard demon comes into view.
The blizzard demon shouts!
There is an open gate here.
You rampage towards the blizzard demon!
You closely miss the blizzard demon. You barely miss the blizzard demon.
The blizzard demon gestures at you. The freezing blast misses you.
You barely miss the blizzard demon.
You are engulfed in freezing vapours.
You resist.
The blizzard demon is engulfed in freezing vapours.
You block the blizzard demon's attack.
The blizzard demon completely misses you.
You slice the blizzard demon!!
The blizzard demon decays.
The blizzard demon is heavily wounded.
You are engulfed in freezing vapours.
You resist.
You slice the blizzard demon!!
The blizzard demon decays.
The blizzard demon is severely wounded.
You are engulfed in freezing vapours.
You resist.
The blizzard demon is engulfed in freezing vapours.
The blizzard demon hits you but does no damage.
The blizzard demon misses you.
You closely miss the blizzard demon.
The blizzard demon is severely wounded.
You are engulfed in freezing vapours.
You resist.
You closely miss the blizzard demon.
The blizzard demon is severely wounded.
You are engulfed in freezing vapours.
You resist.
The blizzard demon is engulfed in freezing vapours.
The blizzard demon gestures at you. The freezing blast engulfs you. You resist.
You slice the blizzard demon!!
You kill the blizzard demon!
Beogh accepts your kill.
You are engulfed in freezing vapours.
You resist.
What level of the Dungeon? (default 1, ? - help) HP restored.
You see here 4 large rocks.
There is an open gate, spattered with blood here.
You see here a +0 giant spiked club.
An Orb Guardian comes into view.
Things that are here:
a +5 dire flail; a +0 dire flail
Things that are here:
a +0 great sword of flaming; 8 large rocks
Things that are here:
a +0 troll leather armour; a +0 giant club; a +1 great sword of flaming What level of the Dungeon? (default 1, ? - help)
Things that are here:
a +0 great mace; a +0 dire flail
Things that are here:
a +0 giant club; a +0 giant club
Things that are here:
a +0 ring mail; a +0 short sword You see here a +0 long sword.
Items here: ))) [.
The moth of wrath's fur bristles in rage as it notices you.
You see here a +0 flail.
There is a broken door, spattered with blood here.
A Tzitzimitl comes into view.
The Tzitzimitl moves out of view.
There is an open door here.
What level of the Dungeon? (default 1, ? - help)
There is an open door here.
A Vinuxen and a Hell Sentinel come into view.
Vinuxen moves out of view.
The Hell Sentinel moves out of view.
There is an open door here.
An efreet comes into view.
It is wielding a +1 scimitar of flaming.
There is a gate leading back out of this place here.
You fly up through the gate.
Welcome back to the Depths!
There is a gate to the Realm of Zot, spattered with blood here.
Things that are here:
a +2 cloak; a +1 battleaxe of flaming What level of the Dungeon? (default 1, ? - help)
There is a broken door here.
There is an open door here.
There is an open door here.
There is an open door here.
There is an open door here.
There is an open door here.
There is an open door here.
There is an open door here.
There is an open door here.
There is an open door here.
There is an open door here.
A neqoxec comes into view.
The neqoxec gestures at you.
Strange energies course through your body.
Your body decomposes!
You feel dopey.
Aiming: Smiting
Press: ? - help, Dir - move target, f - neqoxec Smite: a neqoxec You smite the neqoxec!!!!
You kill the neqoxec!
Beogh accepts your kill.
What level of the Dungeon? (default 1, ? - help)
An Orb Guardian comes into view.
The Orb Guardian moves out of view.
An ice devil comes into view.
You slice the Orb Guardian!!
The Orb Guardian decays.
The Orb Guardian is moderately wounded.
You block the Orb Guardian's attack.
You slash the Orb Guardian!
The Orb Guardian decays.
The Orb Guardian is moderately wounded.
You slash the Orb Guardian!
The Orb Guardian decays.
The Orb Guardian is heavily wounded.
The Orb Guardian closely misses you.
You closely miss the Orb Guardian.
The Orb Guardian is heavily wounded.
The Orb Guardian closely misses you.
You slice the Orb Guardian!!
The Orb Guardian decays.
The Orb Guardian is severely wounded.
You slice the Orb Guardian!!
The Orb Guardian decays.
You drain the Orb Guardian!
You kill the Orb Guardian!
Beogh accepts your kill.
You feel your intelligence returning. The ice devil closely misses you.
You barely miss the ice devil. You block the ice devil's attack.
You slash the ice devil!
The ice devil decays.
The ice devil is lightly wounded.
You hit the ice devil.
The ice devil decays.
The ice devil is moderately wounded.
You slash the ice devil!
The ice devil decays.
The ice devil is heavily wounded.
The ice devil hits you but does no damage.
You slash the ice devil!
The ice devil decays.
The ice devil is severely wounded.
You hit the ice devil but do no damage.
The ice devil is severely wounded.
You block the ice devil's attack.
You slice the ice devil!!
You kill the ice devil!
Beogh accepts your kill.
What level of the Dungeon? (default 1, ? - help)
A hell beast comes into view.
Unknown command.
You see here +0 swamp dragon scales.
You see here a +0 flail.
The hell beast attacks as it pursues you!
You block the hell beast's attack. The hell beast completely misses you.
You slice the hell beast!!
The hell beast decays.
The hell beast is moderately wounded.
The hell beast completely misses you. You block the hell beast's attack.
You slice the hell beast!!
The hell beast decays.
The hell beast is heavily wounded.
You block the hell beast's attack. x2
You closely miss the hell beast.
The hell beast is heavily wounded.
You cut the hell beast into ribbons!!!
You kill the hell beast!
Beogh accepts your kill.
You see here a +0 flail.
What level of the Dungeon? (default 1, ? - help)
A demonic crawler comes into view.
You block the demonic crawler's attack.
The demonic crawler completely misses you.
The demonic crawler hits you.
The demonic crawler attacks as it pursues you!
You block the demonic crawler's attack.
The demonic crawler hits you but does no damage.
You block the demonic crawler's attack.
There is a stone staircase leading up, spattered with blood here.
You cut the demonic crawler into ribbons!!!
The demonic crawler decays.
The demonic crawler is severely wounded.
You block the demonic crawler's attack. The demonic crawler misses you. x2
You open the demonic crawler like a pillowcase!!!
You kill the demonic crawler!
Beogh accepts your kill.
No target in view!
What level of the Dungeon? (default 1, ? - help)
You fly upwards.
There is a stone staircase leading down, spattered with blood here.
Items here: ( ))) [[.
There is an open door, spattered with blood here.
There is an open door here.
An Orb Guardian comes into view.
You slice the Orb Guardian!!
The Orb Guardian decays.
The Orb Guardian is moderately wounded.
You block the Orb Guardian's attack.
You cut the Orb Guardian into ribbons!!!
The Orb Guardian decays.
You drain the Orb Guardian!
You kill the Orb Guardian!
Beogh accepts your kill.
No target in view!
What level of the Dungeon? (default 1, ? - help)
There is an open door here.
There is an open door here.
A lorocyproca comes into view.
There is a stone staircase leading up, spattered with blood here.
You fly upwards.
An angel comes into view. It is wielding a +2 whip of holy wrath.
There is a stone staircase leading down here.
What level of the Dungeon? (default 1, ? - help)
An angel is nearby!
You rampage towards the angel!
You rampage towards the angel!
You rampage towards the angel!
You slash the angel!
The angel decays.
The angel is lightly wounded.
The angel completely misses you. You block the angel's attack.
You miss the angel.
The angel is lightly wounded.
You slash the angel!
The angel decays.
The angel is moderately wounded.
You block the angel's attack. The angel hits you but does no damage.
You slice the angel!!
The angel decays.
The angel is heavily wounded.
You block the angel's attack. x2
You hit the angel but do no damage.
The angel is heavily wounded.
The angel hits you but does no damage. x2
You slice the angel like a ripe choko!!!
The angel decays.
The angel is severely wounded.
You hit the angel but do no damage.
The angel is severely wounded.
The angel hits you with a +2 whip of holy wrath.
You convulse.
You block the angel's attack.
You hit the angel but do no damage.
The angel is severely wounded.
The angel gestures.
The angel is healed somewhat.
You hit the angel but do no damage.
The angel is severely wounded.
You closely miss the angel.
The angel is severely wounded.
The angel barely misses you. The angel hits you but does no damage.
You slice the angel!!
The angel decays.
The angel is almost dead.
The angel gestures.
The angel is healed somewhat.
You hit the angel but do no damage.
The angel is almost dead.
You miss the angel.
The angel is almost dead.
The angel gestures.
The angel is healed somewhat.
You barely miss the angel.
The angel is severely wounded.
The angel gestures.
The angel is healed somewhat.
You slice the angel like a ripe choko!!!
The angel decays.
The angel is almost dead.
You block the angel's attack. The angel misses you.
You closely miss the angel.
The angel is almost dead.
You closely miss the angel.
The angel is almost dead.
The angel gestures.
The angel is healed somewhat.
You miss the angel.
The angel is almost dead.
You block the angel's attack. The angel hits you but does no damage.
You slash the angel!
You kill the angel!
Beogh accepts your kill.
What level of the Dungeon? (default 1, ? - help)
Things that are here:
a +2 whip of holy wrath; a +0 robe
There is a stone staircase leading up here.
You fly upwards.
An orange demon comes into view.
There is a stone staircase leading down, spattered with blood here.
The orange demon stings you. You block the orange demon's attack.
You chop the orange demon into pieces!!!
The orange demon decays.
The orange demon is almost dead.
You chop the orange demon into pieces!!!
You kill the orange demon!
Beogh accepts your kill.
No target in view!
What level of the Dungeon? (default 1, ? - help) HP restored.
There is a staircase back to the Dungeon, spattered with blood here.
You fly upwards.
Welcome back to the Dungeon!
There is a staircase to the Depths, spattered with blood here.
There is an open door here.
Things that are here:
a +0 robe; a +4 halberd
There is a broken door here.
There is an open door here.
A demonspawn corrupter and a shadow demon come into view.
You rampage towards the demonspawn corrupter!
You slash the demonspawn corrupter!
The demonspawn corrupter decays.
The demonspawn corrupter is lightly wounded.
You slash the demonspawn corrupter!
The demonspawn corrupter decays.
The demonspawn corrupter is moderately wounded.
You closely miss the demonspawn corrupter.
The demonspawn corrupter is moderately wounded.
The demonspawn corrupter calls forth creatures from the Tomb of the Ancients!
You hit the demonspawn corrupter.
The demonspawn corrupter decays.
The demonspawn corrupter is heavily wounded.
You hit the mummy priest.
The mummy priest decays.
You barely miss the demonspawn corrupter.
The demonspawn corrupter is heavily wounded.
You slice the mummy priest!!
The mummy priest decays.
You block the demonspawn corrupter's attack.
The demonspawn corrupter misses you.
You closely miss the demonspawn corrupter.
The demonspawn corrupter is heavily wounded.
You slice the mummy priest!!
The mummy priest decays.
The mummy priest mumbles some strange prayers to its god.
You slash the demonspawn corrupter!
The demonspawn corrupter decays.
The demonspawn corrupter is heavily wounded.
You hit the mummy priest but do no damage.
You slash the vampire!
The vampire decays.
You hit the flayed ghost.
The flayed ghost decays.
The shadow demon gestures.
You block the demonspawn corrupter's attack. x2
A Rinloy and a chaos spawn come into view.
You barely miss the demonspawn corrupter.
The demonspawn corrupter is heavily wounded.
You slash the vampire!
The vampire decays.
You hit the flayed ghost.
The flayed ghost decays.
You hit the mummy priest but do no damage.
You block the flayed ghost's attack.
You hit the demonspawn corrupter but do no damage.
The demonspawn corrupter is heavily wounded.
You miss the flayed ghost.
You hit the mummy priest but do no damage.
You hit the vampire.
The vampire decays.
The shadow demon gestures.
You block the vampire's attack. x2
The mummy priest mumbles some strange prayers to its god.
The demonspawn corrupter calls forth creatures from the Abyss!
You slash the demonspawn corrupter!
The demonspawn corrupter decays.
The demonspawn corrupter is severely wounded.
You slash the vampire!
You destroy the vampire!
The vampire disappears in a puff of smoke!
You slash the flayed ghost!
The flayed ghost decays.
You slash the mummy priest!
The mummy priest decays.
The cyclops dissolves into shadows!
Rinloy gestures. 2 ball lightnings come into view.
You closely miss the demonspawn corrupter.
The demonspawn corrupter is severely wounded.
You hit the mummy priest but do no damage.
You slice the flayed ghost!!
The flayed ghost decays.
The flayed ghost hits you but does no damage.
You block the demonspawn corrupter's attack. x2
Unknown command.
You carve the demonspawn corrupter like a ham!!!
You kill the demonspawn corrupter!
Beogh accepts your kill.
Beogh appreciates your killing of a heretic priest.
The sphinx disappears in a puff of smoke!
The mummy priest disappears in a puff of smoke!
The flayed ghost disappears in a puff of smoke!
The necrophage disappears in a puff of smoke!
The centaur warrior zombie disappears in a puff of smoke!
The flayed ghost disappears in a puff of smoke!
The mummy disappears in a puff of smoke!
The sphinx disappears in a puff of smoke!
The tentacled starspawn disappears in a puff of smoke!
The deep elf pyromancer gestures at you while chanting.
You block the sticky flame.
The manticore flicks its tail.
You block the volley of spikes.
A ball lightning comes into view.
Your Armour skill increases to level 26!
You rampage towards the shadow demon!
You slice the shadow demon!!
The shadow demon decays.
The shadow demon is heavily wounded.
You hit the tengu conjurer.
The tengu conjurer decays.
You drain the tengu conjurer.
The manticore flicks its tail.
The volley of spikes misses you.
The deep elf pyromancer mumbles some strange words.
The deep elf pyromancer blinks!
The shadow demon misses you.
You hit the shadow demon.
The shadow demon decays.
The shadow demon is severely wounded.
You miss the tengu conjurer. You slice Rinloy!!
Rinloy decays.
The ball lightning explodes!
The blast of lightning engulfs the shadow demon!!!
The shadow demon dies!
The manticore dissolves into shadows!
The freezing wraith dissolves into shadows!
The tengu conjurer dissolves into shadows!
The blast of lightning engulfs you! You resist.
The blast of lightning engulfs Rinloy!!
The ball lightning explodes!
The blast of lightning engulfs Rinloy!!!
The blast of lightning engulfs the ball lightning.
The ball lightning completely resists.
The blast of lightning engulfs the chaos spawn!!
The blast of lightning engulfs you but does no damage.
You resist.
A demonspawn corrupter comes into view.
It is wielding a +1 dire flail of draining.
You carve Rinloy like a ham!!!
Rinloy decays.
Rinloy is almost dead.
Rinloy gestures.
The ball lightning explodes!
The blast of lightning engulfs the ball lightning.
The ball lightning completely resists.
The blast of lightning engulfs the ball lightning.
The ball lightning completely resists.
The blast of lightning engulfs Rinloy!!!
Rinloy dies!
The blast of lightning engulfs the ball lightning.
The ball lightning completely resists.
The blast of lightning engulfs the chaos spawn!!
The chaos spawn dies!
The chaos spawn degenerates into a cloud of primal chaos!
The blast of lightning engulfs you.
You resist. 3 ball lightnings come into view.
Unknown command.
Unknown command.
You rampage towards the demonspawn corrupter!
A shadow demon and a demonspawn blood saint come into view.
The demonspawn blood saint shouts!
The demonspawn corrupter completely misses you.
You block the demonspawn corrupter's attack.
The shadow demon gestures.
The ball lightning explodes!
The blast of lightning engulfs the ball lightning.
The ball lightning completely resists.
The blast of lightning engulfs the ball lightning.
The ball lightning completely resists.
The blast of lightning engulfs you. You resist.
The blast of lightning engulfs the demonspawn corrupter!!
You slice the demonspawn corrupter!!
The demonspawn corrupter decays.
The demonspawn corrupter is heavily wounded.
The shadow demon gestures.
The demonspawn corrupter misses you. x2
Unknown command.
You slash the demonspawn corrupter!
The demonspawn corrupter decays.
The demonspawn corrupter is severely wounded.
The ball lightning explodes!
The blast of lightning engulfs the ball lightning.
The ball lightning completely resists.
The blast of lightning engulfs you! You resist.
Unknown command.
You cut the demonspawn corrupter into ribbons!!!
You kill the demonspawn corrupter!
Beogh accepts your kill.
Beogh appreciates your killing of a heretic priest.
The ball lightning explodes!
The blast of lightning engulfs you. You resist.
You hear a shout!
Aiming: Smiting
Press: ? - help, Dir - move target, f - shadow demon Smite: a shadow demon You smite the shadow demon!!!
The shadow demon is almost dead.
Unknown command.
Unknown command.
Aiming: Smiting
Press: ? - help, Dir - move target, f/p - shadow demon Smite: a shadow demon (almost dead)
You smite the shadow demon!!!
You kill the shadow demon!
Beogh accepts your kill.
The spriggan dissolves into shadows!
The boggart dissolves into shadows!
You feel your intelligence returning.
Casting: Vhi's Electric Charge (mildly dangerous; 1% risk of failure)
Confirm with . or Enter, or press ? or * to list all spells.
Charge where?
Press: ? - help, Dir - move target, f - demonspawn blood saint
Aim: a demonspawn blood saint, wielding a +0 quarterstaff and wearing a +0 robe (85% to hit)
You charge forward with an electric crackle!
An Orb Guardian comes into view.
You chop the demonspawn blood saint into pieces and electrocute it!!!
The demonspawn blood saint decays.
You drain the demonspawn blood saint!
The demonspawn blood saint is almost dead.
The demonspawn blood saint misses you.
You hit the demonspawn blood saint but do no damage.
You drain the demonspawn blood saint.
The demonspawn blood saint is almost dead.
You closely miss the Orb Guardian. The Orb Guardian barely misses you.
You block the demonspawn blood saint's attack.
You barely miss the demonspawn blood saint.
The demonspawn blood saint is almost dead.
You slash the Orb Guardian!
The Orb Guardian decays.
The Orb Guardian closely misses you.
You slice the demonspawn blood saint!!
You kill the demonspawn blood saint!
Beogh accepts your kill.
Beogh appreciates your killing of a heretic priest.
You hit the Orb Guardian.
The Orb Guardian decays.
You closely miss the Orb Guardian.
The Orb Guardian is moderately wounded.
The Orb Guardian barely misses you.
You miss the Orb Guardian.
The Orb Guardian is moderately wounded.
You block the Orb Guardian's attack.
You slash the Orb Guardian!
The Orb Guardian decays.
The Orb Guardian is heavily wounded.
You block the Orb Guardian's attack.
You slice the Orb Guardian!!
The Orb Guardian decays.
You drain the Orb Guardian.
The Orb Guardian is almost dead.
You slice the Orb Guardian!!
You kill the Orb Guardian!
Beogh accepts your kill.
What level of the Dungeon? (default 1, ? - help)
Things that are here:
a +1 dire flail of draining; a +0 ring mail
There is an open door, spattered with blood here.
Things that are here:
a +0 glaive; a +0 plate armour A Tzitzimitl comes into view.
Aiming: Smiting
Press: ? - help, Dir - move target, f - Tzitzimitl Smite: a Tzitzimitl You smite the Tzitzimitl!!!
The Tzitzimitl is moderately wounded.
Aiming: Smiting
Press: ? - help, Dir - move target, f/p - Tzitzimitl Smite: a Tzitzimitl (moderately wounded)
You smite the Tzitzimitl!!
The Tzitzimitl is severely wounded.
Aiming: Smiting
Press: ? - help, Dir - move target, f/p - Tzitzimitl Smite: a Tzitzimitl (severely wounded)
You smite the Tzitzimitl!!
The Tzitzimitl is almost dead.
Aiming: Smiting
Press: ? - help, Dir - move target, f/p - Tzitzimitl Smite: a Tzitzimitl (almost dead)
You smite the Tzitzimitl!!!
You kill the Tzitzimitl!
Beogh accepts your kill.
A lorocyproca comes into view.
A Cuuku, a shadow imp and a smoke demon come into view.
You slash the smoke demon!
The smoke demon decays.
The smoke demon is moderately wounded.
You slice the smoke demon!!
The smoke demon decays.
The smoke demon is almost dead.
You slash the smoke demon!
You kill the smoke demon!
Beogh accepts your kill.
You hit Cuuku.
Cuuku decays.
Cuuku hits you but does no damage.
You hit Cuuku but do no damage.
Cuuku is lightly wounded.
You barely miss Cuuku.
Cuuku is lightly wounded.
You block Cuuku's attack.
You slash Cuuku!
Cuuku decays.
Cuuku is lightly wounded.
Cuuku barely misses you.
You slash Cuuku!
Cuuku decays.
Cuuku is lightly wounded.
Cuuku hits you.
You slash Cuuku!
Cuuku decays.
Cuuku is lightly wounded.
You slice the shadow imp!!
You kill the shadow imp!
Beogh accepts your kill.
You barely miss Cuuku.
Cuuku is lightly wounded.
You slash the lorocyproca!
The lorocyproca decays.
You block Cuuku's attack. You block the lorocyproca's attack.
You hit Cuuku but do no damage.
Cuuku is lightly wounded.
You slash the lorocyproca!
The lorocyproca decays.
Cuuku hits you but does no damage.
You hit Cuuku but do no damage.
Cuuku is lightly wounded.
You slice the lorocyproca!!
The lorocyproca decays.
You block Cuuku's attack. The lorocyproca closely misses you.
You hit Cuuku but do no damage.
Cuuku is lightly wounded.
You slice the lorocyproca!!
The lorocyproca decays.
You block Cuuku's attack.
You hit Cuuku but do no damage.
Cuuku is lightly wounded.
You hit the lorocyproca but do no damage.
You block the lorocyproca's attack.
You closely miss Cuuku.
Cuuku is lightly wounded.
You slice the lorocyproca!!
You kill the lorocyproca!
Beogh accepts your kill. Cuuku hits you but does no damage.
You closely miss Cuuku.
Cuuku is lightly wounded.
You block Cuuku's attack.
You slice Cuuku!!
Cuuku decays.
Cuuku is moderately wounded.
You block Cuuku's attack.
You hit Cuuku but do no damage.
Cuuku is moderately wounded.
You slice Cuuku!!
Cuuku decays.
Cuuku is moderately wounded.
Cuuku hits you but does no damage.
You hit Cuuku but do no damage.
Cuuku is moderately wounded.
You block Cuuku's attack.
You hit Cuuku but do no damage.
Cuuku is moderately wounded.
Cuuku barely misses you.
You hit Cuuku but do no damage.
Cuuku is moderately wounded.
Cuuku barely misses you.
You hit Cuuku but do no damage.
Cuuku is moderately wounded.
You block Cuuku's attack.
You hit Cuuku but do no damage.
Cuuku is moderately wounded.
You slash Cuuku!
Cuuku decays.
Cuuku is moderately wounded.
Cuuku hits you!
You hit Cuuku but do no damage.
Cuuku is moderately wounded.
Cuuku hits you but does no damage.
You hit Cuuku.
Cuuku decays.
Cuuku is moderately wounded.
Cuuku hits you but does no damage.
You slice Cuuku!!
Cuuku decays.
Cuuku is heavily wounded.
You block Cuuku's attack.
Aiming: Smiting
Press: ? - help, Dir - move target, f - Cuuku Smite: Cuuku, armed with a painful touch (heavily wounded, slow, weak)
You smite Cuuku!!!
Cuuku is heavily wounded.
You can no longer walk on water.
You can no longer give items to your followers.
You block Cuuku's attack.
Aiming: Smiting
Press: ? - help, Dir - move target, f/p - Cuuku Smite: Cuuku, armed with a painful touch (heavily wounded, slow, weak)
You smite Cuuku!!!
Cuuku is severely wounded.
Cuuku hits you but does no damage.
Unknown command.
Aiming: Smiting
Press: ? - help, Dir - move target, f/p - Cuuku Smite: Cuuku, armed with a painful touch (severely wounded, slow, weak)
You smite Cuuku!!!
Cuuku is almost dead.
Cuuku hits you!
Unknown command.
Aiming: Smiting
Press: ? - help, Dir - move target, f/p - Cuuku Smite: Cuuku, armed with a painful touch (almost dead, slow, weak)
You smite Cuuku!!
You kill Cuuku!
Beogh accepts your kill.
Unknown command.
What level of the Dungeon? (default 1, ? - help) HP restored.
Magic restored.
A red devil comes into view. It is wielding a +0 trident.
There is a stone staircase leading up here.
You fly upwards.
There is a stone staircase leading down here.
What level of the Dungeon? (default 1, ? - help)
There is an escape hatch in the ceiling here.
A mysterious force pulls you upwards. The hatch slams shut behind you.
There is a stone staircase leading up, spattered with blood here.
You fly upwards.
There is a stone staircase leading down here.
There is a stone staircase leading up here.
You fly upwards.
There is a stone staircase leading down here.
There is a stone staircase leading up, spattered with blood here.
You fly upwards.
There is a stone staircase leading down here.
You see here a +0 whip.
You see here a +0 spear.
Things that are here:
a +0 halberd; a +0 robe; a +0 club You see here a +0 club.
There is a stone staircase leading up here.
You fly upwards.
There is a stone staircase leading down here.
There is an open door, spattered with blood here.
Items here: ( )))) [.
A cacodemon and a sixfirhy come into view.
There is a stone staircase leading up here.
You hear a grinding noise.
You block the sixfirhy's attack. x3
You hear a grinding noise.
There is an escape hatch in the floor here.
You hear a grinding noise.
You block the sixfirhy's attack. The sixfirhy attacks as it pursues you!
You block the sixfirhy's attack. x2
The sixfirhy hits you but does no damage. x2
There is an escape hatch in the ceiling here.
The sixfirhy barely misses you. A mysterious force pulls you upwards.
The hatch slams shut behind you.
What level of the Dungeon? (default 1, ? - help)
A cacodemon comes into view.
Aiming: Smiting
Press: ? - help, Dir - move target, f - cacodemon Smite: a cacodemon You smite the cacodemon!!
The cacodemon is moderately wounded.
Aiming: Smiting
Press: ? - help, Dir - move target, f/p - cacodemon Smite: a cacodemon (moderately wounded)
You smite the cacodemon!!
The cacodemon is heavily wounded.
You can no longer recall your orcish followers.
Aiming: Smiting
Press: ? - help, Dir - move target, f/p - cacodemon Smite: a cacodemon (heavily wounded)
You smite the cacodemon!!!
The cacodemon is almost dead.
The cacodemon gestures at you.
Strange energies course through your body.
Your body decomposes!
You feel clumsy.
Aiming: Smiting
Press: ? - help, Dir - move target, f/p - cacodemon Smite: a cacodemon (almost dead)
You smite the cacodemon!!!
You kill the cacodemon!
Beogh accepts your kill.
What level of the Dungeon? (default 1, ? - help)
There is a stone staircase leading down here.
A sixfirhy comes into view.
There is a stone staircase leading up here.
You fly upwards.
There is a stone staircase leading down here.
What level of the Dungeon? (default 1, ? - help)
You see here a +0 club.
Items here: ( )) [.
There is a stone staircase leading up here.
You fly upwards.
There is a stone staircase leading down here.
There is a stone staircase leading up here.
You fly upwards.
There is a stone staircase leading down here. 2 smoke demons and 3 hellwings come into view.
The smoke demon moves out of view.
The smoke demon gestures at you. Something smites you!
You hit the hellwing but do no damage. You block the hellwing's attack.
The hellwing hits you but does no damage.
You slash the hellwing!
The hellwing decays.
The hellwing is moderately wounded.
You slice the hellwing!!
You kill the hellwing!
Beogh accepts your kill.
You slash the hellwing!
The hellwing decays.
The hellwing is lightly wounded.
You slash the hellwing!
The hellwing decays.
The hellwing is heavily wounded.
The hellwing hits you but does no damage.
You block the hellwing's attack.
You hit the hellwing but do no damage.
The hellwing is heavily wounded.
You slash the hellwing!
The hellwing decays.
The hellwing is severely wounded.
You block the hellwing's attack. x2
You chop the hellwing into pieces!!!
You kill the hellwing!
Beogh accepts your kill.
You slice the smoke demon!!
The smoke demon decays.
The smoke demon is severely wounded.
The smoke demon closely misses you. You block the smoke demon's attack.
The smoke demon hits you but does no damage.
You slice the smoke demon!!
You kill the smoke demon!
Beogh accepts your kill.
The hellwing swoops through the air toward you!
You block the hellwing's attack. The hellwing misses you.
You slice the hellwing!!
The hellwing decays.
The hellwing is heavily wounded.
You slice the smoke demon!!
The smoke demon decays.
You slice the hellwing!!
You kill the hellwing!
Beogh accepts your kill.
You hit the smoke demon.
The smoke demon decays.
You block the smoke demon's attack. x3
You rampage towards the smoke demon!
You slice the smoke demon!!
You kill the smoke demon!
Beogh accepts your kill.
Items here: ))) [.
Things that are here:
a +0 ring mail; a +0 short sword
Things that are here:
a +0 scale mail; a +0 club
There is a stone staircase leading up, spattered with blood here.
You fly upwards.
There is a stone staircase leading down here.
What level of the Dungeon? (default 1, ? - help)
Things that are here:
a +0 robe; a +0 scythe An Orb Guardian comes into view.
You block the Orb Guardian's attack. The Orb Guardian misses you.
You slash the Orb Guardian!
The Orb Guardian decays.
You drain the Orb Guardian.
The Orb Guardian is moderately wounded.
You barely miss the Orb Guardian.
The Orb Guardian is moderately wounded.
The Orb Guardian hits you but does no damage.
You slice the Orb Guardian!!
The Orb Guardian decays.
You drain the Orb Guardian!
The Orb Guardian is almost dead.
The Orb Guardian misses you.
You closely miss the Orb Guardian.
The Orb Guardian is almost dead.
You slice the Orb Guardian!!
You kill the Orb Guardian!
Beogh accepts your kill.
No target in view!
What level of the Dungeon? (default 1, ? - help)
An Orb Guardian comes into view.
You slash the Orb Guardian!
The Orb Guardian decays.
You drain the Orb Guardian.
The Orb Guardian is moderately wounded.
You closely miss the Orb Guardian.
The Orb Guardian is moderately wounded.
You block the Orb Guardian's attack.
You hit the Orb Guardian but do no damage.
You drain the Orb Guardian.
The Orb Guardian is moderately wounded.
The Orb Guardian completely misses you.
You hit the Orb Guardian.
The Orb Guardian decays.
The Orb Guardian is moderately wounded.
You closely miss the Orb Guardian.
The Orb Guardian is moderately wounded.
You block the Orb Guardian's attack.
You miss the Orb Guardian.
The Orb Guardian is moderately wounded.
You slash the Orb Guardian!
The Orb Guardian decays.
The Orb Guardian is heavily wounded.
The Orb Guardian closely misses you.
You barely miss the Orb Guardian.
The Orb Guardian is heavily wounded.
The Orb Guardian completely misses you.
You slice the Orb Guardian!!
The Orb Guardian decays.
You drain the Orb Guardian!
The Orb Guardian is almost dead.
You hit the Orb Guardian but do no damage.
The Orb Guardian is almost dead.
You block the Orb Guardian's attack.
You hit the Orb Guardian but do no damage.
You drain the Orb Guardian.
You kill the Orb Guardian!
Beogh accepts your kill.
You feel your dexterity returning.
No target in view!
What level of the Dungeon? (default 1, ? - help)
There is a stone staircase leading up here.
You fly upwards.
There is a stone staircase leading down, spattered with blood here.
A soul eater comes into view.
There is a stone staircase leading up here.
Unknown command.
You rampage towards the soul eater!
You rampage towards the soul eater!
You block the soul eater's attack.
You slice the soul eater!!
The soul eater decays.
The soul eater is heavily wounded.
You slash the soul eater!
The soul eater decays.
The soul eater is severely wounded.
The soul eater completely misses you.
A red devil comes into view. It is wielding a +0 trident.
You slice the soul eater!!
You kill the soul eater!
Beogh accepts your kill.
You rampage towards the red devil!
You block the red devil's attack.
You rampage towards the red devil!
You miss the red devil.
You slice the red devil like a ripe choko!!!
You kill the red devil!
Beogh accepts your kill.
No target in view!
What level of the Dungeon? (default 1, ? - help)
There is a stone staircase leading up here.
You fly upwards.
There is a stone staircase leading down here.
A cacodemon comes into view.
You rampage towards the cacodemon!
A sixfirhy comes into view.
Casting: Vhi's Electric Charge (mildly dangerous; 1% risk of failure)
Confirm with . or Enter, or press ? or * to list all spells.
You can't see any susceptible monsters within range! (Use Z to cast anyway.) Unknown command.
You rampage towards the cacodemon!
The cacodemon gestures at you.
Strange energies course through your body.
Your body decomposes!
You feel weakened.
Casting: Vhi's Electric Charge (mildly dangerous; 1% risk of failure)
Confirm with . or Enter, or press ? or * to list all spells.
Charge where?
Press: ? - help, Dir - move target, f - sixfirhy
Aim: a sixfirhy (71% to hit)
You charge forward with an electric crackle!
You slice the sixfirhy!!
The sixfirhy decays.
The sixfirhy is heavily wounded.
Unknown command.
You chop the sixfirhy into pieces!!!
You kill the sixfirhy!
Beogh accepts your kill.
You rampage towards the cacodemon!
You completely miss the cacodemon.
The cacodemon hits you but does no damage.
You block the cacodemon's attack.
You slash the cacodemon!
The cacodemon decays.
The cacodemon is lightly wounded.
You block the cacodemon's attack.
The cacodemon hits you but does no damage.
You hit the cacodemon.
The cacodemon decays.
The cacodemon is lightly wounded.
You hit the cacodemon but do no damage.
The cacodemon is lightly wounded.
You block the cacodemon's attack. The cacodemon barely misses you.
You slice the cacodemon!!
The cacodemon decays.
The cacodemon is heavily wounded.
You hit the cacodemon but do no damage.
The cacodemon is heavily wounded.
The cacodemon gestures at you.
Strange energies course through your body.
Your body decomposes!
You feel dopey.
You slash the cacodemon!
The cacodemon decays.
The cacodemon is severely wounded.
You slice the cacodemon!!
The cacodemon decays.
The cacodemon is almost dead.
The cacodemon gestures at you.
The bolt of energy hits you but does no damage.
You hit the cacodemon but do no damage.
The cacodemon is almost dead.
You hit the cacodemon but do no damage.
The cacodemon is almost dead.
You block the cacodemon's attack. The cacodemon completely misses you.
You hit the cacodemon but do no damage.
The cacodemon is almost dead.
You hit the cacodemon.
The cacodemon decays.
The cacodemon is almost dead.
The cacodemon gestures at you. The bolt of energy hits you!!!
You completely miss the cacodemon.
The cacodemon is almost dead.
You chop the cacodemon into pieces!!!
You kill the cacodemon!
Beogh accepts your kill.
No target in view!
What level of the Dungeon? (default 1, ? - help)
There is a stone staircase leading up here.
You fly upwards.
There is a stone staircase leading down here.
HP restored.
There is a staircase leading out of the dungeon here.
Okay, then.
Okay, then.
Unknown command.
Unknown command.
You have escaped!

Skill      XL: |  1  2  3  4  5  6  7  8  9 10 11 12 13 14 15 16 17 18 19 20 21 22 23 24 25 26 27 |
---------------+----------------------------------------------------------------------------------+-----
Fighting       | 4 5 6 7 8 9 10 11 12 13 14 15 16 17 18 19 20 27 | 27.0
Axes           | 5 6 7 8 9 10 12 13 15 16 17 18 24 | 24.0
Armour         | 1 2 3 5 6 8 9 10 12 13 15 16 17 18 26 | 26.6
Evocations     | 1 3 5 7 8 10 11 12 13 14 15 18 | 18.0
Invocations    | 2 5 8 11 14 16 18 19 20 21 22 23 24 27 | 27.0
Dodging        | 3 4 5 6 7 8 9 10 11 12 24 | 24.0
Shields        | 4 7 9 10 11 12 13 14 15 16 18 24 | 24.0
Shapeshifting  | 1 3 5 7 8 9 12 16 19 22 23 | 23.0
Stealth        | 3 18 | 18.0
Throwing       | 27 | 27.0
Translocations | 12 | 12.0
Spellcasting   | 8 |  8.0
Air Magic      | 12 | 12.0

Action                     |  1- 3 |  4- 6 |  7- 9 | 10-12 | 13-15 | 16-18 | 19-21 | 22-24 | 25-27 || total
---------------------------+-------+-------+-------+-------+-------+-------+-------+-------+-------++-------
  Melee: Hand axe          |   131 |   107 |    90 |       |       |       |       |       |       ||   328
         War axe           |       |       |   117 |   364 |   809 |    34 |       |       |       ||  1324
         Broad axe         |       |       |       |       |   137 |  1112 |  1287 |  1827 | 16710 || 21073
  Throw: Dart              |       |       |       |     6 |       |       |       |       |     6 ||    12
         Boomerang         |       |       |       |       |       |       |       |       |   382 ||   382
         Javelin           |       |       |       |       |       |       |       |       |   135 ||   135
   Cast: Vhi's Electric Ch |       |       |       |       |       |       |       |       |   163 ||   163
         Apportation       |       |       |       |       |       |       |       |       |    42 ||    42
         Blink             |       |       |       |       |       |       |       |       |     2 ||     2
         Passage of Golubr |       |       |       |       |       |       |       |       |     1 ||     1
         Manifold Assault  |       |       |       |       |       |       |       |       |     1 ||     1
 Invoke: Convert to Beogh  |       |     1 |       |       |       |       |       |       |       ||     1
         Smiting           |       |       |       |     8 |    12 |    22 |    32 |    25 |   284 ||   383
         Recall Orcish Fol |       |       |       |     5 |    19 |    14 |    20 |    25 |    44 ||   127
         Stop Recall       |       |       |       |     4 |    12 |     5 |     6 |     7 |     9 ||    43
         Give Item to Name |       |       |       |       |     2 |     1 |     1 |     2 |    21 ||    27
Ability: Evoke Invisibilit |       |       |       |       |       |       |       |       |     1 ||     1
         Begin Untransform |       |       |       |       |       |       |       |       |     1 ||     1
  Evoke: Wand              |       |       |       |     3 |     7 |    10 |     3 |     1 |    19 ||    43
         Lightning rod     |       |       |       |       |       |       |       |       |     7 ||     7
         Box of beasts     |       |       |       |       |       |       |       |       |     3 ||     3
         Phantom mirror    |       |       |       |       |       |       |       |       |     3 ||     3
         Condenser vane    |       |       |       |       |       |       |       |       |     1 ||     1
    Use: Scroll            |       |       |     3 |     8 |    14 |    11 |     2 |     2 |    52 ||    92
         Potion            |       |       |       |     1 |     1 |     1 |     2 |     1 |    31 ||    37
   Stab: Distracted        |       |       |       |     5 |    12 |    21 |    27 |    38 |   248 ||   351
         Paralysed         |       |       |       |       |    12 |     4 |     5 |     6 |    14 ||    41
         Confused          |       |       |       |       |     1 |       |     1 |       |     3 ||     5
         Invisible         |       |       |       |       |       |     5 |       |       |       ||     5
         Sleeping          |       |       |       |       |       |       |       |       |   113 ||   113
         Petrified         |       |       |       |       |       |       |       |       |     5 ||     5
         Betrayed ally     |       |       |       |       |       |       |       |       |     2 ||     2
 Armour: Robe              |    34 |       |       |       |       |       |       |       |       ||    34
         Ring mail         |    39 |    54 |   111 |   232 |   392 |       |       |       |       ||   828
         Scale mail        |       |       |       |       |     8 |       |   159 |       |       ||   167
         Crystal plate arm |       |       |       |       |   168 |  1311 |  1014 |   608 |       ||  3101
         Gold dragon scale |       |       |       |       |       |       |       |   895 |  1012 ||  1907
         Shadow dragon sca |       |       |       |       |       |       |       |       |  4853 ||  4853
  Dodge: Dodged            |    82 |    48 |   130 |   340 |   634 |   832 |   651 |   735 |  7522 || 10974
  Block: Buckler           |       |       |       |       |   171 |       |       |   854 |   701 ||  1726
         Kite shield       |       |       |       |       |   130 |  1023 |   856 |   421 |  9079 || 11509
         Reflection        |       |       |       |       |       |       |       |    21 |    29 ||    50
         Orb               |       |       |       |       |       |       |       |     1 |       ||     1
   Form: Death             |       |       |       |       |       |       |       |       |     7 ||     7
                           |       |       |       |       |       |       |       |       |     5 ||     5

Levels and vault maps discovered:
D:1:      dpeg_arrival_connections, layout_rooms, kennysheep_small_spiral
D:2:      layout_loops_ring, basic_altar, kennysheep_generic_room_8
D:3:      wad_lake_hut, layout_loops_cross, ebering_ghost_reflecting_pool,
          dreamdust_ecumenical_altar_drowned_temple, serial_bayou_crossing
D:4:      layout_cave_pods, lemuel_crystal_altar, uniq_sigmund
D:5:      layout_basic, mainiacjoe_overflow_six_doors_small,
          kiku_gazebo_pond_becter
D:6:      layout_loops_cross, kennysheep_mini, temple_green, serial_shops, shop,
          uniq_menkaure
D:7:      layout_rooms, mainiacjoe_overflow_alcove_2, makhleb_heckhound_becter,
          chequers_jeans, minmay_misc_feat_x, minmay_fractal_squares_gapless_5,
          uniq_prince_ribbit1
D:8:      layout_loops_ring, kennysheep_little_box, serial_shops,
          nicolae_take_the_stairs, nicolae_the_louvre, uniq_jeremiah
D:9:      layout_basic, lair_entry_dummy,
          kennysheep_orc_monster_closet_entryway, uniq_maggie
D:10:     hangedman_cross_veins, layout_loops_ring,
          nemelex_diamond_rough_becter, minmay_misc_feat_ornament,
          grunt_decor_one_mirror, grunt_ministairs_3
D:11:     layout_loops_cross
D:12:     layout_long_grid, minmay_tree_intersection
D:13:     layout_roguey, gammafunk_ghost_split,
          minmay_fractal_squares_gapless_7, uniq_sonja
D:14:     layout_basic, hellmonk_vaults_order_and_chaos, serial_shops,
          shop_statue, amcnicky_mini_pool_small,
          gammafunk_ghost_berserking_beasts
D:15:     grunt_enter_depths_magical_seal, layout_gridville, serial_glass,
          glass_columns_b, glass_columns_a, due_unseen_surprise,
          feat_on_display, fedhas_altar_2, nicolae_shop_fire_sale
          [nicolae_sub_dead_trees]
Lair:1:   beast_lair_carwin_large_4, layout_loops_ring,
          gammafunk_lair_bear_cave, serial_bayou_shore_b
Lair:2:   layout_regular_city, nicolae_swamp_entry_splash_gauntlet,
          spider_nest_entry_web_field, gammafunk_ghost_necromancy,
          infiniplex_staircase_pool
Lair:3:   layout_hall_layers, serial_bayou_pond_d, beast_lair_carwin_7,
          grunt_megastairs_5, serial_bayou_shore_b
Lair:4:   layout_cave_pods, lemuel_fruit_tree, grunt_megastairs_4
Lair:5:   wormcave, layout_regular_city, hangedman_lair_caniforms_friends,
          minmay_slime_entry_pillars, nicolae_volcano_entry_batcave,
          lemuel_old_faithful
Swamp:1:  layout_falls_marsh, evilmike_swamp_ruin_house_5
Swamp:2:  layout_falls_marsh, nicolae_swamp_treefoil, swamp_pool4,
          grunt_lady_of_the_lake, infiniplex_staircase_pool_2
Swamp:3:  layout_basic_swamp, evilmike_swamp_ruin_rubble_2, swamp_pool1,
          lightli_tree_ring
Swamp:4:  swamp_pestilence, layout_basic_swamp, uniq_bai_suzhen, uniq_louise
Spider:1: lemuel_spider_zombies, nicolae_spider_bug_shape, uniq_nikola,
          uniq_asterion
Spider:2: layout_spider_delve
Spider:3: nicolae_spider_obnoxious_hallway, hangedman_stitches_earthworm
Spider:4: grunt_spider_rune_circles, uniq_arachne
Slime:1:  layout_caves, basic_altar
Slime:2:  layout_caves
Slime:3:  layout_caves, nicolae_slime_rock_hall_of_fame
Slime:4:  layout_caves
Slime:5:  slime_pit_nicolae_jellycorners
Orc:1:    layout_caves
Orc:2:    st_orc_open, layout_caves, serial_shops, shop,
          portal_ice_cave_entry_ice_simulacra
Elf:1:    elf_arrival_001, layout_loops_cross, minmay_elf_sorcery
Elf:2:    nicolae_elf_blades_crystal_corner, layout_gridlike,
          ebering_ghost_rock_garden, st_stairs_6
Elf:3:    elf_hall, layout_loops_cross, dreamdust_princess_bridge,
          billiards_dpeg
Vaults:1: grunt_vaults_bifocal, nicolae_vaults_display_case, v_misc_25,
          nicolae_vaults_house_1, nicolae_vaults_asterisk,
          dpeg_vaults_monster_box, vaults_room_large_hall,
          nicolae_vaults_network_barrier, ontoclasm_vaults_twist,
          nicolae_vaults_storage_room_water, vaults_mumra_minichess,
          v_pattern_5, nicolae_vaults_sealed_display,
          nicolae_vaults_ellipses_ellipsis, nicolae_vaults_cochlea,
          layout_vaults_maze_bifur, uniq_saint_roka
Vaults:2: nzn_ghost_randoct, hangedman_vaults_trim, v_alt_pattern_2,
          nicolae_vaults_minivaults, grunt_vaults_twisty,
          ontoclasm_vaults_loading_screen, nicolae_vaults_tetromino_Z_1,
          vaults_room_fours, layout_vaults_quadrants
Vaults:3: hangedman_vaults_trim, hangedman_vaults_pinch, nicolae_vaults_arrows,
          nicolae_vaults_closet_pinwheel_4, nicolae_vaults_layer_cake_slice,
          nicolae_vaults_little_squares_1, nicolae_vaults_little_guard_posts,
          grunt_vaults_funnel, vaults_room_stairs_pillars,
          vaults_room_semicircle, vaults_dpeg_emergency_exit,
          vaults_dpeg_spiral, nicolae_vaults_storage_room_glass,
          nicolae_vaults_storage_closets_1, nicolae_vaults_tetromino_T_1,
          layout_vaults_omnibox
Vaults:4: v_misc_33, ontoclasm_vaults_ligature, nicolae_vaults_little_squares_3,
          hangedman_vaults_stagger, hangedman_vaults_river_flow,
          nicolae_vaults_ring_of_whatevers,
          nicolae_vaults_offset_grid_hallway_3, ontoclasm_vaults_pinch,
          nicolae_vaults_tetromino_T_2, v_pattern_3, vaults_room_pool,
          nicolae_vaults_trapezoid_2, nicolae_vaults_network_s,
          ontoclasm_vaults_idyll, nicolae_vaults_storage_closets_2,
          layout_vaults_ring, serial_shops, nicolae_shop_bloodbath_and_beyond
Vaults:5
Crypt:1:  layout_regular_city, uniq_jory
Crypt:2:  minmay_guarded_unrand_majin_bo, layout_basic, grunt_ministairs_5,
          grunt_megastairs_2
Crypt:3:  church_of_pain_bobbens, layout_chaotic_city,
          tomb_entry_simple_bobbens, amcnicky_mini_corridor_feature,
          st_stairs_7, nrook_guardian_serpent_ordinary
Tomb:1:   uniq_mennas
Tomb:2
Tomb:3
Depths:1: layout_gridville, hell_entry, minivault_14, pan_entry,
          grunt_decor_clamped, okawaru_trees_2
Depths:2: kennysheep_funnel, layout_basic, enter_ziggurat_a, pan_entry,
          hell_entry, minmay_misc_feat_iff, nicolae_shop_overcharged_wands
Depths:3: minmay_slanted_spiral_squares, layout_honeycomb, hell_entry,
          gammafunk_ghost_crypt, abyss_entry_glasseish,
          infiniplex_staircase_spiral_double
Depths:4: evilmike_zot_entry_gauntlet, layout_cave_pools, pf_coc_iceberg,
          hangedman_abyss_entry_splay, nicolae_twisting_strands, enter_trove_3,
          pan_entry
Hell
Dis:1:    layout_gridville, nicolae_dis_scattering
Dis:2:    layout_gridville
Dis:3:    layout_jigsaw
Dis:4:    hangedman_iron_city_apartments
Dis:5:    layout_subdivisions, nicolae_dis_big_boring_drill
Dis:6:    layout_gridville
Dis:7:    dis_st
Geh:1:    layout_gehenna_lava_caves, lemuel_flamethrower_3
Geh:2:    layout_gehenna_pools_box, nicolae_geh_amphitheater
Geh:3:    layout_gehenna_lava_caves
Geh:4:    layout_gehenna_lava_caves
Geh:5:    layout_gehenna_pools_basic, nicolae_geh_lava_in_the_way
Geh:6:    layout_gehenna_lava_caves, nicolae_geh_lavax
Geh:7:    geh_grunt
Coc:1:    layout_ice_bergs
Coc:2:    layout_ice_bergs
Coc:3:    layout_ice_bergs
Coc:4:    layout_ice_bergs
Coc:5:    layout_cocytus_delve
Coc:6:    layout_cocytus_delve
Coc:7:    coc_grunt
Tar:1:    layout_grid_maze, nicolae_tar_cuneiform_bird, nicolae_tar_combstack
Tar:2:    layout_grid_maze, nicolae_hells_seeping_fissure
Tar:3:    layout_grid_maze
Tar:4:    layout_cathedral_of_symmetry, nicolae_hells_leichenhalle
Tar:5:    layout_grid_maze, nicolae_tar_just_some_guys
Tar:6:    layout_catacombs
Tar:7:    tar_grunt_cathedral
Zot:1:    lemuel_halls_of_wrath, layout_gridlike, nrook_zot_tub, uniq_grunn
Zot:2:    layout_basic
Zot:3:    grunt_zot_stairs_faceoff, layout_misc_corridors, evilmike_ambush
          [evilmike_ambush_outer_corners, evilmike_ambush_inner_pond],
          uniq_tiamat
Zot:4:    layout_misc_corridors
Zot:5:    layout_twisted_circle, gammafunk_ghost_cemetery, skrybe_zot_glass_1

Notes
Turn   | Place    | Note
-------+----------+-------------------------------------------
     0 | D:1      | scionoferis the Hill Orc Monk began the quest for the Orb.
     0 | D:1      | Reached XP level 1. HP: 19/19 MP: 1/1
    60 | D:1      | Reached XP level 2. HP: 20/27 MP: 2/2
   185 | D:1      | Reached skill level 4 in Fighting
   204 | D:1      | Reached skill level 5 in Axes
   275 | D:1      | Reached XP level 3. HP: 33/33 MP: 3/3
   865 | D:2      | Reached XP level 4. HP: 32/41 MP: 4/4
  1284 | D:2      | Found an opulent altar of Gozag.
  1460 | D:3      | Reached skill level 6 in Axes
  1674 | D:3      | Reached XP level 5. HP: 47/47 MP: 5/5
  1761 | D:3      | Found a runed translucent door.
  1763 | D:3      | Noticed Kurtz's ghost (amateur OpFi)
  1954 | D:3      | Found a faded altar of an unknown god.
  2386 | D:4      | Identified the +0 pair of gloves of the Zealous God {Str+4
                  | Dex+3}
  2436 | D:4      | Found a glowing golden altar of the Shining One.
  2505 | D:4      | Noticed Sigmund
  2526 | D:4      | Killed Sigmund
  2527 | D:4      | Reached skill level 5 in Fighting
  2527 | D:4      | Reached skill level 7 in Axes
  2527 | D:4      | Reached XP level 6. HP: 48/56 MP: 6/6
  2695 | D:4      | Became a worshipper of Beogh the Brigand
  2695 | D:4      | Reached * piety under Beogh
  2695 | D:4      | Reached ** piety under Beogh
  2723 | D:4      | Noticed a yak
  2723 | D:4      | Noticed a yak
  2774 | D:4      | Killed a yak
  2775 | D:4      | Reached skill level 8 in Axes
  2775 | D:4      | Reached skill level 1 in Armour
  2775 | D:4      | Reached skill level 1 in Evocations
  2775 | D:4      | Reached XP level 7. HP: 31/62 MP: 7/7
  3054 | D:4      | Noticed a yak
  3082 | D:3      | Killed a yak
  3083 | D:3      | Reached skill level 6 in Fighting
  3083 | D:3      | Reached skill level 2 in Evocations
  3210 | D:4      | Noticed a yak
  3229 | D:4      | Noticed a yak
  3238 | D:3      | Killed a yak
  3239 | D:3      | Reached skill level 9 in Axes
  3239 | D:3      | Reached skill level 2 in Armour
  3534 | D:3      | Killed a yak
  3535 | D:3      | Reached skill level 3 in Evocations
  3535 | D:3      | Reached XP level 8. HP: 17/71 MP: 8/8
  3805 | D:4      | Killed a yak
  3911 | D:3      | Killed Kurtz's ghost
  3995 | D:5      | Entered Level 5 of the Dungeon
  4028 | D:5      | Reached skill level 4 in Evocations
  4123 | D:5      | Reached skill level 3 in Armour
  4262 | D:5      | Found an ancient bone altar of Kikubaaqudgha.
  4338 | D:5      | Found a blossoming altar of Fedhas.
  4562 | D:5      | Reached skill level 10 in Axes
  4967 | D:5      | Reached skill level 7 in Fighting
  5246 | D:6      | Reached skill level 5 in Evocations
  5246 | D:6      | Reached XP level 9. HP: 73/79 MP: 9/9
  5287 | D:6      | Found Yzxey's Jewellery Emporium.
  5513 | D:6      | Reached skill level 4 in Armour
  5618 | D:6      | Reached *** piety under Beogh
  5619 | D:6      | Reached skill level 11 in Axes
  5644 | D:6      | Found a staircase to the Ecumenical Temple.
  5681 | D:6      | Noticed Menkaure
  5686 | D:6      | Killed Menkaure
  5992 | D:6      | Found a white marble altar of Elyvilon.
  6154 | D:7      | Noticed Prince Ribbit
  6170 | D:6      | Killed Prince Ribbit
  6171 | D:6      | Reached skill level 6 in Evocations
  6338 | D:6      | Gained Urtork as an ally
  6492 | D:7      | Reached skill level 8 in Fighting
  6610 | D:7      | Found a broken altar of Ashenzari.
  6631 | D:7      | Reached skill level 12 in Axes
  6631 | D:7      | Reached skill level 5 in Armour
  6693 | D:7      | Reached skill level 7 in Evocations
  6693 | D:7      | Reached XP level 10. HP: 87/88 MP: 10/10
  6736 | D:7      | Found a burning altar of Makhleb.
  7217 | D:8      | Noticed a cyclops
  7224 | D:8      | Killed a cyclops
  7328 | D:8      | Noticed Jeremiah
  7344 | D:8      | Killed Jeremiah
  7345 | D:8      | Reached skill level 13 in Axes
  7345 | D:8      | Reached skill level 8 in Evocations
  7641 | D:8      | Found a shadowy altar of Dithmenos.
  7752 | D:8      | Found Qehooreo's General Store.
  7970 | D:8      | Bought a potion of heal wounds for 60 gold pieces
  7970 | D:8      | Bought a potion of enlightenment for 60 gold pieces
  7987 | D:9      | Found a staircase to the Orcish Mines.
  8014 | D:9      | Reached skill level 1 in Invocations
  8016 | D:9      | Reached skill level 9 in Fighting
  8261 | D:9      | Noticed Maggie
  8264 | D:9      | Killed Maggie
  8265 | D:9      | Reached skill level 2 in Invocations
  8529 | D:9      | Reached **** piety under Beogh
  8529 | D:9      | Gained Bogbarth as an ally
  8571 | D:9      | Reached skill level 3 in Dodging
  8585 | D:9      | Reached XP level 11. HP: 84/97 MP: 12/12
  8827 | D:9      | Found a staircase to the Lair.
  8983 | D:10     | Entered Level 10 of the Dungeon
  9169 | D:9      | Reached skill level 3 in Invocations
  9549 | D:10     | Noticed a centaur warrior
  9652 | D:10     | Killed a centaur warrior
  9653 | D:10     | Reached skill level 14 in Axes
  9653 | D:10     | Reached skill level 9 in Evocations
  9976 | D:9      | Reached skill level 6 in Armour
 10164 | D:10     | Found a sparkling altar of Nemelex Xobeh.
 10626 | D:10     | Noticed a cyclops
 10635 | D:10     | Killed a cyclops
 10942 | D:10     | Reached skill level 4 in Invocations
 10972 | D:10     | Noticed a boulder beetle
 10996 | D:10     | Killed a boulder beetle
 10999 | D:10     | Noticed a tengu warrior
 11003 | D:10     | Killed a tengu warrior
 11003 | D:10     | Gained Gorg as an ally
 11004 | D:10     | Reached skill level 10 in Fighting
 11209 | D:10     | Noticed a deep elf pyromancer
 11212 | D:10     | Killed a deep elf pyromancer
 11366 | D:10     | Identified a scarf of resistance
 11440 | D:10     | Reached skill level 4 in Dodging
 11634 | D:11     | Identified the +1 ring mail of Cooz {rPois Str-5 Dex+4}
 11993 | D:11     | Noticed a boulder beetle
 12014 | D:10     | Killed a boulder beetle
 12015 | D:10     | Reached skill level 5 in Invocations
 12163 | D:11     | Noticed a two-headed ogre
 12168 | D:11     | Killed a two-headed ogre
 12169 | D:11     | Reached skill level 15 in Axes
 12169 | D:11     | Reached skill level 10 in Evocations
 12169 | D:11     | Reached XP level 12. HP: 85/106 MP: 14/16
 12420 | D:11     | Noticed a two-headed ogre
 12429 | D:11     | Killed a two-headed ogre
 12430 | D:11     | Reached skill level 7 in Armour
 12866 | D:11     | Noticed a two-headed ogre
 12868 | D:11     | Killed a two-headed ogre
 12943 | D:11     | Reached skill level 6 in Invocations
 14158 | Lair:1   | Entered Level 1 of the Lair of Beasts
 14257 | Lair:1   | Reached skill level 7 in Invocations
 14687 | Lair:1   | Reached skill level 16 in Axes
 14687 | Lair:1   | Reached skill level 8 in Invocations
 14690 | Lair:1   | Reached skill level 11 in Fighting
 14690 | Lair:1   | Reached skill level 5 in Dodging
 14784 | Lair:1   | Reached skill level 8 in Armour
 15232 | Lair:1   | Identified 3 potions of resistance
 15524 | Lair:1   | Reached XP level 13. HP: 105/116 MP: 19/19
 15566 | Lair:1   | Reached skill level 9 in Invocations
 15570 | Lair:1   | Reached skill level 1 in Shields
 15668 | Lair:1   | Reached ***** piety under Beogh
 16239 | Lair:2   | Reached skill level 2 in Shields
 16275 | Lair:2   | Found a hole to the Spider Nest.
 16322 | Lair:2   | Found a runed translucent gate.
 16322 | Lair:2   | Found a runed translucent gate.
 16322 | Lair:2   | Found a runed translucent gate.
 16600 | Lair:2   | Found a staircase to the Swamp.
 16720 | Lair:2   | Noticed croobank's ghost (journeyman FeDe)
 17311 | Lair:2   | Reached skill level 10 in Invocations
 17422 | Lair:2   | Reached skill level 17 in Axes
 17543 | Lair:2   | Reached skill level 3 in Shields
 18091 | Lair:3   | Reached skill level 9 in Armour
 18496 | Lair:3   | Reached skill level 11 in Invocations
 18747 | Lair:3   | Reached skill level 12 in Fighting
 19196 | Lair:4   | Reached skill level 4 in Shields
 19553 | Lair:4   | Reached XP level 14. HP: 121/126 MP: 22/22
 20091 | Lair:5   | Entered Level 5 of the Lair of Beasts
 20101 | Lair:5   | Found a viscous altar of Jiyva.
 20101 | Lair:5   | Found a staircase to the Slime Pits.
 20139 | Lair:5   | Reached skill level 18 in Axes
 20140 | Lair:5   | Reached skill level 12 in Invocations
 20229 | Lair:5   | Reached skill level 5 in Shields
 20243 | Lair:5   | Found a dark tunnel.
 20325 | Volcano  | Entered a volcano
 20738 | Lair:5   | Reached skill level 10 in Armour
 21668 | Lair:5   | Reached skill level 13 in Invocations
 21951 | Lair:5   | Reached skill level 6 in Shields
 21955 | Lair:5   | Reached skill level 13 in Fighting
 22308 | Lair:5   | Found a runed translucent door.
 22497 | Lair:5   | Reached skill level 14 in Invocations
 23263 | Lair:2   | Reached ****** piety under Beogh
 23266 | Lair:2   | Killed croobank's ghost
 23410 | Orc:1    | Entered Level 1 of the Orcish Mines
 23417 | Orc:1    | Reached skill level 7 in Shields
 23421 | Orc:1    | Gained Gorbash as an ally
 23570 | Orc:1    | Gained Worak as an ally
 23600 | Orc:1    | Reached XP level 15. HP: 103/136 MP: 26/26
 24011 | Orc:2    | Entered Level 2 of the Orcish Mines
 24011 | Orc:2    | Found a staircase to the Elven Halls.
 24011 | Orc:2    | Found Ycsumat's General Store.
 24061 | Orc:2    | Gained Wardok as an ally
 24082 | Orc:2    | Reached skill level 15 in Invocations
 24088 | Orc:2    | Found a frozen archway.
 24127 | IceCv    | Entered an ice cave
 24420 | IceCv    | Identified a +2 crystal plate armour of cold resistance
 24975 | IceCv    | Got an engraved book
 25005 | IceCv    | Identified a +1 leather armour of resistance
 25620 | Orc:2    | Noticed an orc warlord
 25639 | Orc:2    | Killed an orc warlord
 25653 | Orc:2    | Reached skill level 8 in Shields
 25654 | Orc:2    | Reached skill level 14 in Fighting
 25657 | Orc:2    | Gained Bogric as an ally
 25692 | Orc:2    | Gained Boruk as an ally
 26027 | Orc:2    | Found Jyff's General Store.
 26114 | Orc:2    | Found Paddue's General Store.
 26115 | Orc:2    | Found Wiac's Antique Armour Boutique.
 26130 | Orc:2    | Found Cuet Mops's Weapon Shoppe.
 26166 | Orc:2    | Bought a scroll of identify for 30 gold pieces
 26186 | Orc:2    | Bought a scroll of identify for 22 gold pieces
 26186 | Orc:2    | Bought a scroll of poison for 44 gold pieces
 26320 | Orc:2    | Bought a +2 broad axe of draining for 268 gold pieces
 26498 | D:6      | Bought a ring of see invisible for 195 gold pieces
 26498 | D:6      | Bought the ring "Gibboich" {Fly rPois rC+ Str+4} for 573
                  | gold pieces
 27050 | D:13     | Noticed Sonja
 27080 | D:12     | Killed Sonja
 27129 | D:12     | Reached skill level 16 in Invocations
 27483 | D:13     | Found a runed translucent gate.
 27483 | D:13     | Found a runed translucent gate.
 27483 | D:13     | Found a runed translucent gate.
 27486 | D:13     | Noticed Jamimocw's ghost (journeyman MiGl)
 27546 | D:13     | Reached skill level 9 in Shields
 27766 | D:13     | Your ally Gorbash died
 27919 | D:13     | Gained Ogrik as an ally
 28825 | D:14     | Reached skill level 6 in Dodging
 28836 | D:14     | Reached XP level 16. HP: 78/147 MP: 28/28
 28841 | D:14     | Gained Ogrik as an ally
 28848 | D:14     | Reached skill level 11 in Armour
 29210 | D:14     | Found a gate to the Vaults.
 29324 | D:14     | Found Icarghuo's Weapon Shoppe.
 29328 | D:14     | Reached skill level 10 in Shields
 29377 | D:14     | Your ally Ogrik died
 29380 | D:14     | Found a transporter.
 29511 | D:14     | Noticed GreenGuy14's ghost (journeyman MiMo)
 29539 | D:14     | Found a transporter.
 29680 | D:15     | Entered Level 15 of the Dungeon
 29684 | D:15     | Found the +8 Vampire's Tooth {megavamp}
 30101 | D:15     | Reached skill level 17 in Invocations
 30125 | D:15     | Found a blossoming altar of Fedhas.
 30244 | D:15     | Gained Harm as an ally
 30318 | D:15     | Found a staircase to the Depths.
 30588 | D:15     | Found Olupteex's Fire Supplies.
 30882 | D:15     | Identified the ring of the Unkillable {rPois rCorr Int+3}
 30980 | D:14     | Reached skill level 15 in Fighting
 30985 | D:14     | Killed GreenGuy14's ghost
 30995 | D:14     | Got a torn book
 31016 | D:14     | Identified the +0 cloak "Nuci" {rF+ Will+ rCorr}
 31135 | D:13     | Killed Jamimocw's ghost
 31571 | Swamp:1  | Entered Level 1 of the Swamp
 31787 | Swamp:1  | Noticed a thorn hunter
 31822 | Lair:2   | Killed a thorn hunter
 32307 | Lair:2   | Reached skill level 18 in Invocations
 32341 | Swamp:1  | Identified the +0 scale mail of Zekutec {Fly rElec rC+
                  | Int+3}
 32863 | Swamp:1  | Reached skill level 7 in Dodging
 33818 | Swamp:2  | Reached skill level 12 in Armour
 34232 | Swamp:3  | Noticed a fenstrider witch
 34248 | Swamp:2  | Killed a fenstrider witch
 35438 | Swamp:4  | Entered Level 4 of the Swamp
 35566 | Swamp:4  | Noticed Bai Suzhen
 35570 | Swamp:3  | Reached XP level 17. HP: 144/156 MP: 30/30
 35858 | Swamp:4  | Noticed Louise
 35883 | Swamp:3  | Killed Louise
 36473 | Swamp:4  | Killed Bai Suzhen
 36479 | Swamp:3  | Gained Worak as an ally
 36643 | Swamp:3  | Gained Olfrun as an ally
 36663 | Swamp:3  | Your ally Worak died
 37353 | Swamp:4  | Reached skill level 11 in Shields
 37356 | Swamp:4  | Noticed a bone dragon
 37360 | Swamp:4  | Killed a bone dragon
 37368 | Swamp:4  | Your ally Wardok died
 37570 | Swamp:4  | Your ally Bogbarth died
 37923 | Swamp:4  | Got a decaying rune of Zot
 38540 | Spider:1 | Entered Level 1 of the Spider Nest
 38560 | Spider:1 | Your ally Bogric died
 38582 | Spider:1 | Reached skill level 8 in Dodging
 38605 | Spider:1 | Reached skill level 11 in Evocations
 39510 | Spider:1 | Reached skill level 16 in Fighting
 40037 | Spider:1 | Gained Koronagh as an ally
 40038 | Spider:1 | Reached skill level 13 in Armour
 40284 | Spider:1 | Reached skill level 19 in Invocations
 40916 | Spider:2 | Identified a scroll of acquirement
 40918 | Spider:2 | Acquired a manual of Armour
 41474 | Spider:1 | Reached skill level 1 in Shapeshifting
 41917 | Spider:1 | Noticed Asterion
 41935 | Spider:2 | Killed Asterion
 41936 | Spider:2 | Reached XP level 18. HP: 121/166 MP: 31/31
 42782 | Spider:1 | Noticed Nikola
 42791 | Spider:1 | Killed Nikola
 43252 | Spider:2 | Reached skill level 2 in Shapeshifting
 43840 | Spider:3 | Reached skill level 12 in Shields
 44004 | Spider:3 | Reached skill level 14 in Armour
 44819 | Spider:3 | Got a vibrant book
 44936 | Spider:4 | Entered Level 4 of the Spider Nest
 44951 | Spider:3 | Reached skill level 9 in Dodging
 45386 | Spider:3 | Reached skill level 3 in Shapeshifting
 45885 | Spider:4 | Noticed Arachne
 45897 | Spider:3 | Killed Arachne
 47353 | Spider:4 | Reached skill level 12 in Evocations
 48302 | Spider:4 | Reached skill level 17 in Fighting
 48449 | Spider:4 | Reached skill level 15 in Armour
 48577 | Spider:4 | Reached XP level 19. HP: 101/177 MP: 32/32
 48750 | Spider:4 | Gained Gorbash as an ally
 48808 | Spider:4 | Reached skill level 4 in Shapeshifting
 48820 | Spider:4 | Got a gossamer rune of Zot
 49028 | Spider:4 | Identified the scarf of the Postmodern Wonders {rC+ rF+,
                  | Rampage rPois Str-4 Dex+3}
 49394 | Elf:1    | Entered Level 1 of the Elven Halls
 49936 | Orc:2    | Reached skill level 20 in Invocations
 50615 | Elf:1    | Reached skill level 13 in Shields
 51518 | Elf:1    | Identified the +9 battleaxe "Miul" {venom, rC+++ Will+
                  | rCorr MP-9}
 52272 | Elf:1    | Reached skill level 5 in Shapeshifting
 53110 | Elf:2    | Found a runed translucent gate.
 53111 | Elf:2    | Found a runed translucent gate.
 53111 | Elf:2    | Found a runed translucent gate.
 53111 | Elf:2    | Noticed Qikim's ghost (journeyman GrEE)
 53196 | Elf:2    | Killed Qikim's ghost
 53197 | Elf:2    | Reached skill level 10 in Dodging
 53259 | Elf:2    | Paralysed by an air elemental for 1 turns
 53563 | Elf:2    | Gained Urtork as an ally
 53589 | Elf:2    | Gained Borgun as an ally
 54302 | Elf:2    | Found a runed translucent gate.
 54302 | Elf:2    | Found a runed translucent gate.
 54302 | Elf:2    | Found a runed translucent gate.
 54359 | Elf:2    | Your ally Urtork died
 54861 | Elf:3    | Entered Level 3 of the Elven Halls
 55229 | Elf:2    | Upgraded the game from 0.31-a0-846-gb3bcc0d938 to
                  | 0.31-a0-848-gaac375c287
 55777 | Elf:3    | Paralysed by an air elemental for 1 turns
 55780 | Elf:3    | Paralysed by an air elemental for 1 turns
 57077 | Elf:3    | Reached skill level 18 in Fighting
 58078 | Elf:3    | Noticed an Ice Fiend
 58153 | Elf:2    | Reached XP level 20. HP: 187/187 MP: 34/34
 58379 | Elf:2    | Reached skill level 6 in Shapeshifting
 58860 | Elf:2    | Reached skill level 14 in Shields
 59604 | Elf:3    | Identified the amulet of the Scavenger {RegenMP Str+3}
 59763 | Elf:3    | Reached skill level 21 in Invocations
 59780 | Elf:3    | Noticed a Tzitzimitl
 60262 | Elf:3    | Identified the ring "Topamuw" {Int+6 Stlth+}
 60404 | Elf:3    | Identified the +2 quarterstaff of the Enfolding Gods
                  | {flame, rC+ rCorr Str+3}
 60937 | Elf:3    | Identified the staff of the Transmuting Gods {rPois rF+
                  | Dex+2 Stlth+ Fire}
 62126 | Vaults:1 | Entered Level 1 of the Vaults
 62126 | Vaults:1 | Noticed Saint Roka
 62704 | D:14     | Gained Syrus as an ally
 62723 | D:14     | Your ally Syrus died
 64328 | Vaults:1 | Gained Zorug as an ally
 64821 | Vaults:1 | Reached skill level 11 in Dodging
 65043 | Vaults:1 | Paralysed by a formless jellyfish for 1 turns
 65177 | Vaults:1 | Reached skill level 7 in Shapeshifting
 66595 | Vaults:1 | Reached skill level 16 in Armour
 66947 | Vaults:1 | Reached XP level 21. HP: 180/196 MP: 35/35
 67790 | Vaults:1 | Gained Gorbash as an ally
 68293 | Vaults:2 | Found a staircase to the Crypt.
 68328 | Vaults:2 | Found a transporter.
 68332 | Vaults:2 | Noticed Ziugimmo's ghost (veteran AtMo)
 68333 | Vaults:2 | Noticed Qeunemit's ghost (adept GrFi)
 68350 | Vaults:2 | Noticed Ziugimmo's ghost (veteran AtMo)
 68361 | Vaults:2 | Found a transporter.
 68361 | Vaults:2 | Noticed a golden dragon
 68496 | Vaults:2 | Reached skill level 19 in Fighting
 68917 | Vaults:2 | Reached skill level 13 in Evocations
 69371 | Vaults:2 | Reached skill level 15 in Shields
 69395 | Vaults:2 | Killed a golden dragon
 69421 | Vaults:2 | Killed Ziugimmo's ghost
 69479 | Vaults:2 | Killed Ziugimmo's ghost
 69569 | Vaults:2 | Killed Qeunemit's ghost
 70826 | Orc:2    | Bought a phantom mirror for 600 gold pieces
 72112 | Vaults:2 | Gained Bogbrand as an ally
 72135 | Vaults:2 | Gained Bogward as an ally
 72516 | Vaults:3 | Reached skill level 17 in Armour
 72686 | Vaults:3 | Found the +9 sword of Zonguldrok {reap}
 72864 | Vaults:3 | Reached skill level 22 in Invocations
 73207 | Vaults:3 | Paralysed by a formless jellyfish for 1 turns
 73220 | Vaults:3 | Reached skill level 8 in Shapeshifting
 75354 | Vaults:4 | Identified the +0 ring mail "Hoonwun" {rElec Will+}
 75914 | Vaults:4 | Found Siath's Weapon Boutique.
 76586 | Vaults:3 | Reached XP level 22. HP: 206/206 MP: 37/37
 79058 | Depths:1 | Entered Level 1 of the Depths
 79122 | Depths:1 | Found an iron altar of Okawaru.
 79169 | D:15     | Gained Boldo as an ally
 80272 | Depths:1 | Reached skill level 12 in Dodging
 80287 | Depths:1 | Found a one-way gate leading to the halls of Pandemonium.
 80287 | Depths:1 | Found a gateway to Hell.
 80519 | Depths:1 | Reached skill level 18 in Armour
 80924 | Depths:2 | Found a one-way gateway to a ziggurat.
 80955 | Depths:1 | Reached skill level 14 in Evocations
 81177 | Depths:1 | Reached skill level 16 in Shields
 81356 | Depths:1 | Reached skill level 20 in Fighting
 81749 | Depths:2 | Noticed a juggernaut
 81767 | Depths:1 | Killed a juggernaut
 82117 | Depths:2 | Found Qicvobuj's Overcharged Wands.
 82127 | Depths:2 | Reached skill level 9 in Shapeshifting
 84039 | Depths:3 | Got a whispering book
 84041 | Depths:3 | Found a one-way gate to the infinite horrors of the Abyss.
 84229 | Depths:3 | Found a runed translucent gate.
 84229 | Depths:3 | Found a runed translucent gate.
 84229 | Depths:3 | Found an ancient bone altar of Kikubaaqudgha.
 84229 | Depths:3 | Found a runed translucent gate.
 84229 | Depths:3 | Noticed Pikuto's ghost (adept MiBe)
 84229 | Depths:3 | Noticed an ancient lich
 84229 | Depths:3 | Noticed an ancient lich
 84422 | Depths:2 | Gained Murdo as an ally
 85342 | Depths:3 | Reached skill level 23 in Invocations
 86306 | Depths:3 | Your ally Worak died
 86704 | Depths:3 | Identified the +3 orcbow of a Billion Songs {freeze, Int+3}
 87191 | Depths:4 | Entered Level 4 of the Depths
 87753 | Depths:4 | Noticed a golden dragon
 87764 | Depths:3 | Gained Alork as an ally
 87914 | Depths:4 | Killed a golden dragon
 87915 | Depths:4 | Reached XP level 23. HP: 175/203 MP: 38/38
 89596 | Depths:4 | Found a portal to a secret trove of treasure.
 91226 | Depths:4 | Reached skill level 10 in Shapeshifting
 92245 | Depths:4 | Noticed a golden dragon
 92254 | Depths:4 | Killed a golden dragon
 92255 | Depths:4 | Reached skill level 15 in Evocations
 92347 | Depths:4 | Found a gate to the Realm of Zot.
 93173 | Depths:3 | Killed an ancient lich
 93174 | Depths:3 | Reached skill level 17 in Shields
 93181 | Depths:3 | Killed an ancient lich
 93182 | Depths:3 | Killed Pikuto's ghost
 93191 | Depths:3 | Got an exquisite book
 93194 | Depths:3 | Identified the +1 helmet of the Mpinguari {+Inv rC+ Str+3}
 93216 | Depths:3 | Identified the ring "Hanliph" {rF+ MP+9}
 93373 | Hell     | Entered the Vestibule of Hell
 93373 | Hell     | Noticed Geryon
 94087 | Hell     | Killed Geryon
 94411 | Depths:4 | You paid a toll of the horn of Geryon to enter a treasure
                  | trove
 94412 | Trove    | Entered a treasure trove
 94421 | Trove    | Identified the ring "Ziagh" {Fly rCorr MP+9 Int+3}
 94423 | Trove    | Identified the +2 cloak "Astougop" {Rampage rC- Str+6}
 94430 | Trove    | Identified the ring of the Republic {Fly Int+6 Dex+5}
 94438 | Trove    | Identified the +6 broad axe of the Charming Goat {drain,
                  | Fragile rElec MP+9}
 94450 | Trove    | Identified the +9 long sword "Enkitu" {freeze, rCorr}
 95599 | Elf:2    | Reached skill level 24 in Invocations
 96457 | Crypt:1  | Entered Level 1 of the Crypt
 97243 | Crypt:1  | Reached skill level 11 in Shapeshifting
 97249 | Crypt:1  | Noticed Jory
 97261 | Crypt:1  | Killed Jory
 97649 | Crypt:1  | Noticed a curse skull
 97650 | Crypt:1  | Killed a curse skull
 97668 | Crypt:1  | Reached skill level 18 in Shields
 99300 | Crypt:1  | Reached skill level 12 in Shapeshifting
 99428 | Crypt:2  | Reached XP level 24. HP: 75/201 MP: 38/39
100078 | Crypt:2  | Noticed a curse skull
100080 | Crypt:2  | Killed a curse skull
100080 | Crypt:2  | Gained Morun as an ally
100259 | Crypt:2  | Your ally Morun died
100335 | Crypt:2  | Noticed an ancient lich
100365 | Crypt:2  | Killed an ancient lich
100647 | Crypt:2  | Reached skill level 13 in Shapeshifting
100819 | Crypt:2  | Found the +6 Majin-Bo {spellvamp, MP+6 Int+6}
101950 | Crypt:3  | Entered Level 3 of the Crypt
101950 | Crypt:3  | Noticed a curse skull
102068 | Crypt:2  | Gained Norbak as an ally
102216 | Crypt:2  | Killed a curse skull
102661 | Crypt:3  | Found a staircase to the Tomb.
102736 | Crypt:2  | Your ally Norbak died
102832 | Crypt:3  | Gained Garbold as an ally
103025 | Crypt:3  | Noticed a curse skull
103027 | Crypt:3  | Killed a curse skull
103666 | Crypt:2  | Your ally Garbold died
103739 | Crypt:2  | Gained Orik as an ally
104929 | Crypt:3  | Reached skill level 14 in Shapeshifting
106302 | Crypt:3  | Identified the +7 battleaxe "Killer Klown's Foe" {heavy,
                  | rC+ SInv}
106339 | Crypt:3  | Reached skill level 15 in Shapeshifting
107055 | Crypt:3  | Noticed a dread lich
107081 | Crypt:3  | Killed a dread lich
107186 | Crypt:3  | Identified the ring of Soanloh {Will++ AC+4}
107304 | Crypt:3  | Found a basalt altar of Yredelemnul.
107357 | Crypt:3  | Got a curious book
108262 | Slime:1  | Entered Level 1 of the Pits of Slime
108545 | Slime:1  | Found a viscous altar of Jiyva.
109593 | Slime:2  | Reached skill level 16 in Shapeshifting
110435 | Slime:2  | Reached XP level 25. HP: 206/231 MP: 39/39
111706 | Slime:4  | Gained mutation: Your spells are a little easier to cast,
                  | but a little less powerful. [a shining eye]
111708 | Slime:4  | Gained mutation: You are weak. (Str -2) [a shining eye]
112330 | Slime:5  | Entered Level 5 of the Pits of Slime
112829 | Slime:4  | Gained Wargath as an ally
113278 | Slime:5  | Noticed the Royal Jelly
113736 | Slime:5  | Paralysed by a formless jellyfish for 1 turns
113833 | Slime:5  | Found a viscous altar of Jiyva.
114124 | Slime:5  | Paralysed by a formless jellyfish for 1 turns
114251 | Slime:5  | Paralysed by a formless jellyfish for 1 turns
114444 | Slime:5  | Killed the Royal Jelly
114445 | Slime:5  | Reached skill level 17 in Shapeshifting
114447 | Slime:4  | Was placed under penance by Beogh
114873 | Slime:5  | Identified the ring "Edixill" {Will- rCorr Str+3 Dex+5}
114904 | Slime:5  | Identified the staff "Cinlolak" {rElec Str-4 Dex+3 Tloc
                  | Air}
114907 | Slime:5  | Identified the ring "Cidoiqif" {*Corrode rC+ Str+3 Dex+6
                  | Slay+2}
114917 | Slime:5  | Got a slimy rune of Zot
115090 | Slime:5  | Identified the +4 whip "Vuntock" {flame, *Noise Str+4 Int+3
                  | SInv}
115096 | Slime:5  | Identified the ring "Pegriru" {rC++ rN+}
115098 | Slime:5  | Identified the +6 spear of the Wraith {freeze, Will- rCorr
                  | Str+3 Stlth+}
116109 | Zot:1    | Entered Level 1 of the Realm of Zot
116574 | Depths:4 | Was forgiven by Beogh
117871 | Zot:1    | Noticed Grunn
117882 | Zot:1    | Killed Grunn
117894 | Zot:1    | Reached skill level 18 in Shapeshifting
118348 | Zot:1    | Got a lithographed book
118352 | Zot:1    | Noticed an orb of fire
118355 | Zot:1    | Gained mutation: You are frail. (-10% HP) [an orb of fire]
118356 | Zot:1    | Killed an orb of fire
119709 | Zot:1    | Reached skill level 19 in Shapeshifting
120333 | Zot:1    | Noticed an orb of fire
120617 | Zot:2    | Noticed a curse toe
120630 | Zot:2    | Killed a curse toe
121002 | Zot:2    | Noticed an orb of fire
121009 | Zot:2    | Killed an orb of fire
121257 | Zot:2    | Reached XP level 26. HP: 190/210 MP: 39/39
121631 | Zot:2    | Noticed an orb of fire
121635 | Zot:2    | Killed an orb of fire
122439 | Zot:2    | Noticed a curse toe
122453 | Zot:2    | Killed a curse toe
122685 | Zot:3    | Noticed a curse toe
122685 | Zot:3    | Found the +4 dragonskin cloak
122685 | Zot:3    | Noticed Tiamat
122749 | Zot:3    | Noticed a Killer Klown
122754 | Zot:3    | Noticed a curse toe
122759 | Zot:3    | Noticed a Killer Klown
122806 | Zot:3    | HP: 19/210 [death cob (11)]
122813 | Zot:3    | Your ally Gorbash died
122819 | Zot:3    | Your ally Borgun died
122827 | Zot:3    | Your ally Murdo died
122838 | Zot:3    | Reached skill level 20 in Shapeshifting
122842 | Zot:3    | Your ally Zorug died
122845 | Zot:3    | Your ally Harm died
123231 | Zot:2    | Killed a Killer Klown
123565 | Zot:2    | Killed a Killer Klown
124018 | Zot:2    | Killed a curse toe
124188 | Zot:2    | Your ally Wargath died
124194 | Zot:2    | HP: 11/215 [Tiamat/+1 bardiche of venom (44)]
124196 | Zot:2    | Killed Tiamat
125380 | Zot:2    | Reached skill level 21 in Shapeshifting
125739 | Zot:3    | Killed a curse toe
127023 | Depths:4 | Lost mutation: Your spells are a little easier to cast, but
                  | a little less powerful. [potion of mutation]
127023 | Depths:4 | Lost mutation: You are frail. (-10% HP) [potion of
                  | mutation]
127023 | Depths:4 | Gained mutation: You are somewhat resistant to further
                  | mutation. [potion of mutation]
127024 | Depths:4 | Lost mutation: You are weak. (Str -2) [potion of mutation]
127024 | Depths:4 | Lost mutation: You are somewhat resistant to further
                  | mutation. [potion of mutation]
127024 | Depths:4 | Gained mutation: You are weak. (Str -2) [potion of
                  | mutation]
127024 | Depths:4 | Gained mutation: You are frail. (-10% HP) [potion of
                  | mutation]
127024 | Depths:4 | Gained mutation: You are dopey. (Int -2) [potion of
                  | mutation]
127025 | Depths:4 | Lost mutation: You are frail. (-10% HP) [potion of
                  | mutation]
127025 | Depths:4 | Lost mutation: You are dopey. (Int -2) [potion of mutation]
127025 | Depths:4 | Lost mutation: You are weak. (Str -2) [potion of mutation]
127025 | Depths:4 | Gained mutation: You are covered in fur. (AC +1) [potion of
                  | mutation]
127025 | Depths:4 | Gained mutation: Potions are less effective at restoring
                  | your health. [potion of mutation]
127025 | Depths:4 | Gained mutation: Potions cannot restore your health.
                  | [potion of mutation]
127025 | Depths:4 | Gained mutation: You are strong-willed. (Will+) [potion of
                  | mutation]
127975 | Depths:4 | Upgraded the game from 0.31-a0-848-gaac375c287 to
                  | 0.31-a0-851-g7ff8af7976
128885 | Depths:4 | Voluntarily entered the Abyss.
128978 | Abyss:1  | Found a corrupted altar of Lugonu.
129093 | Abyss:1  | Noticed an ancient lich
129109 | Abyss:1  | Killed an ancient lich
129181 | Abyss:2  | Found a runed translucent gate.
129182 | Abyss:2  | Found a runed translucent gate.
129183 | Abyss:2  | Found a runed translucent gate.
129324 | Abyss:2  | Found a runed translucent gate.
129324 | Abyss:2  | Found a runed translucent gate.
129325 | Abyss:2  | Found a runed translucent gate.
129559 | Abyss:2  | Gained Orik as an ally
129620 | Abyss:2  | Found an ancient bone altar of Kikubaaqudgha.
129733 | Abyss:2  | Learned a level 1 spell: Apportation
129736 | Abyss:2  | Learned a level 2 spell: Blink
129754 | Abyss:2  | Reached skill level 22 in Shapeshifting
129793 | Abyss:2  | Reached skill level 1 in Stealth
129867 | Abyss:2  | Found a corrupted altar of Lugonu.
129886 | Abyss:2  | Reached skill level 2 in Stealth
129955 | Depths:4 | You pass through the gate.
129955 | Depths:4 | Escaped the Abyss
129983 | Depths:4 | Voluntarily entered the Abyss.
129983 | Abyss:2  | Found a corrupted altar of Lugonu.
130013 | Abyss:2  | Found a corrupted altar of Lugonu.
130020 | Abyss:2  | Found a corrupted altar of Lugonu.
130020 | Abyss:2  | Found a corrupted altar of Lugonu.
130095 | Abyss:2  | Reached skill level 3 in Stealth
130194 | Abyss:2  | Reached XP level 27. HP: 226/246 MP: 39/39
130280 | Abyss:2  | Reached skill level 4 in Stealth
130524 | Abyss:2  | Reached skill level 5 in Stealth
130529 | Abyss:2  | Found a corrupted altar of Lugonu.
130566 | Abyss:2  | Found a corrupted altar of Lugonu.
130629 | Abyss:2  | Gained Orik as an ally
130634 | Abyss:2  | Your ally Orik died
130647 | Abyss:2  | Gained Bogwik as an ally
130718 | Depths:4 | You pass through the gate.
130718 | Depths:4 | Escaped the Abyss
130721 | Depths:4 | Voluntarily entered the Abyss.
130835 | Abyss:2  | Reached skill level 6 in Stealth
130852 | Abyss:2  | Learned a level 2 spell: Lesser Beckoning
130874 | Abyss:2  | Learned a level 4 spell: Manifold Assault
131132 | Abyss:2  | Reached skill level 7 in Stealth
131177 | Abyss:2  | Gained Zorug as an ally
131186 | Depths:4 | You pass through the gate.
131186 | Depths:4 | Escaped the Abyss
131189 | Depths:4 | Voluntarily entered the Abyss.
131207 | Abyss:2  | Found a corrupted altar of Lugonu.
131213 | Abyss:2  | Found a corrupted altar of Lugonu.
131213 | Abyss:2  | Found a corrupted altar of Lugonu.
131518 | Abyss:2  | Reached skill level 8 in Stealth
131580 | Abyss:2  | Reached skill level 23 in Shapeshifting
131605 | Abyss:2  | Learned a level 4 spell: Vhi's Electric Charge
131870 | Abyss:2  | Reached skill level 1 in Throwing
131960 | Abyss:2  | Reached skill level 9 in Stealth
132003 | Abyss:2  | Reached skill level 2 in Throwing
132143 | Abyss:2  | Reached skill level 3 in Throwing
132210 | Abyss:2  | Reached skill level 10 in Stealth
132318 | Abyss:3  | Reached skill level 4 in Throwing
132409 | Abyss:3  | Gained Borgk as an ally
132420 | Depths:4 | You pass through the gate.
132420 | Depths:4 | Escaped the Abyss
132423 | Depths:4 | Voluntarily entered the Abyss.
132432 | Abyss:3  | Found a radiant altar of Vehumet.
132454 | Abyss:3  | Found a corrupted altar of Lugonu.
132471 | Abyss:3  | Found a corrupted altar of Lugonu.
132499 | Abyss:3  | Reached skill level 5 in Throwing
132611 | Abyss:3  | Gained Margrim as an ally
132630 | Abyss:3  | Reached skill level 11 in Stealth
132703 | Abyss:3  | Reached skill level 6 in Throwing
132751 | Depths:4 | You pass through the gate.
132751 | Depths:4 | Escaped the Abyss
132754 | Depths:4 | Voluntarily entered the Abyss.
132792 | Abyss:3  | Found a shimmering altar of Xom.
133041 | Depths:4 | You pass through the gate.
133041 | Depths:4 | Escaped the Abyss
133181 | Depths:4 | Voluntarily entered the Abyss.
133181 | Abyss:3  | Found a corrupted altar of Lugonu.
133187 | Abyss:3  | Reached skill level 7 in Throwing
133263 | Abyss:3  | Got an abyssal rune of Zot
133338 | Abyss:3  | Reached skill level 12 in Stealth
133354 | Depths:4 | You pass through the gate.
133354 | Depths:4 | Escaped the Abyss
133969 | Tomb:1   | Entered Level 1 of the Tomb of the Ancients
134091 | Tomb:1   | Identified a scarf of resistance
134216 | Tomb:1   | Identified the +1 short sword of the Thirteen Scars {speed,
                  | SInv}
134230 | Tomb:1   | Noticed Mennas
134239 | Tomb:1   | Killed Mennas
134369 | Tomb:1   | Your ally Bogwik died
135072 | Tomb:1   | Noticed a royal mummy
135090 | Tomb:1   | Killed a royal mummy
135239 | Tomb:1   | Noticed a royal mummy
135243 | Tomb:1   | Killed a royal mummy
135509 | Tomb:1   | Identified the staff "Qirr" {Int+4 Conj Fire}
135514 | Tomb:1   | Noticed a royal mummy
135538 | Tomb:1   | Killed a royal mummy
135543 | Tomb:1   | Gained Boruk as an ally
135551 | Tomb:1   | HP: 17/246 [mummy priest/divine providence (15)]
135557 | Tomb:1   | Your ally Margrim died
135569 | Tomb:1   | Your ally Boruk died
136054 | Tomb:1   | Reached skill level 13 in Dodging
136657 | Vaults:5 | Entered Level 5 of the Vaults
136657 | Vaults:5 | Noticed a dread lich
136688 | Vaults:4 | Reached skill level 19 in Armour
136735 | Vaults:4 | Reached skill level 8 in Throwing
136735 | Vaults:4 | Killed a dread lich
136763 | Vaults:4 | Reached skill level 13 in Stealth
137620 | Vaults:4 | Reached skill level 14 in Dodging
137629 | Vaults:5 | Identified the +0 plate armour of Exclusion {Fly rN+++
                  | Str+5 Int-4}
137711 | Vaults:4 | Reached skill level 9 in Throwing
138133 | Vaults:5 | Your ally Borgk died
139050 | Vaults:5 | Found the +18 shield of the Gong {Loud rN+ Will+ rCorr
                  | EV-5}
139052 | Vaults:5 | Found the +8 orange crystal plate armour {Archmagi, Int+3
                  | Clar}
139080 | Vaults:5 | Identified the staff "Quotry" {rElec rN+ Air}
139086 | Vaults:5 | Identified the +1 robe "Elybuymu" {rPois rC+}
139088 | Vaults:5 | Got a silver rune of Zot
139146 | Vaults:5 | Identified the +0 leather armour "Neikk" {rF+}
139362 | Vaults:5 | Found Himaow's General Store.
139395 | Vaults:5 | Bought a potion of heal wounds for 90 gold pieces
140286 | Depths:4 | Voluntarily entered the Abyss.
140409 | Abyss:3  | Found a corrupted altar of Lugonu.
140525 | Abyss:3  | Gained Learuk as an ally
140536 | Abyss:3  | Your ally Learuk died
140574 | Abyss:3  | Gained Gorg as an ally
140603 | Depths:4 | You pass through the gate.
140603 | Depths:4 | Escaped the Abyss
140606 | Depths:4 | Voluntarily entered the Abyss.
140955 | Abyss:4  | Reached skill level 20 in Armour
141134 | Depths:4 | You pass through the gate.
141134 | Depths:4 | Escaped the Abyss
141681 | Zot:3    | Reached skill level 10 in Throwing
141882 | Zot:3    | Reached skill level 15 in Dodging
142885 | Zot:3    | Gained Arbolt as an ally
143623 | Zot:5    | Entered Level 5 of the Realm of Zot
143651 | Zot:5    | Found a runed translucent gate.
143651 | Zot:5    | Found a runed translucent gate.
143651 | Zot:5    | Found a runed translucent gate.
143689 | Zot:5    | Noticed Unkupp's ghost (veteran OgBe)
143697 | Zot:5    | Noticed TheGamechu's ghost (veteran HOFi)
143698 | Zot:5    | Noticed Deah Kuhairgh's ghost (legendary GnIE)
144375 | Depths:4 | Voluntarily entered the Abyss.
144428 | Abyss:4  | Found a corrupted altar of Lugonu.
144583 | Abyss:4  | Reached skill level 11 in Throwing
144598 | Abyss:4  | Gained Bogbrand as an ally
144653 | Abyss:4  | Your ally Bogbrand died
144679 | Abyss:4  | Gained Boruk as an ally
144739 | Depths:4 | You pass through the gate.
144739 | Depths:4 | Escaped the Abyss
145654 | Zot:5    | Killed Deah Kuhairgh's ghost
145655 | Zot:5    | Reached skill level 19 in Shields
145664 | Zot:5    | Killed Unkupp's ghost
145684 | Zot:5    | Killed TheGamechu's ghost
146051 | Pan      | Entered Pandemonium
146353 | Pan      | Gained Thorok as an ally
146711 | Pan      | Noticed Lucestir the pandemonium lord
146734 | Pan      | Your ally Thorok died
146754 | Pan      | Killed Lucestir the pandemonium lord
146878 | Pan      | Gained Argrim as an ally
146886 | Pan      | Reached skill level 12 in Throwing
147134 | Pan      | Identified the +8 arbalest of Meager Watchfulness {flame,
                  | Fragile Will+ Str+4}
147515 | Pan      | Reached skill level 16 in Dodging
147665 | Pan      | Found a runed translucent door.
147684 | Pan      | Got a demonic rune of Zot
148023 | Pan      | Gained Dorog as an ally
148038 | Pan      | Gained Arbeogh as an ally
148159 | Pan      | Noticed Gihued the pandemonium lord
148175 | Pan      | Reached skill level 13 in Throwing
148616 | Pan      | Gained Bogric as an ally
148647 | Pan      | Your ally Bogric died
148654 | Pan      | Killed Gihued the pandemonium lord
149073 | Depths:4 | You pass through the gate.
149073 | Depths:4 | Escaped Pandemonium
149081 | Pan      | Entered Pandemonium
149593 | Pan      | Reached skill level 20 in Shields
149714 | Pan      | Gained Arbeogh as an ally
149776 | Pan      | Reached skill level 14 in Throwing
149958 | Pan      | Noticed Ingekhla Orydgh the pandemonium lord
149977 | Pan      | Paralysed by a floating eye for 2 turns
149999 | Pan      | Killed Ingekhla Orydgh the pandemonium lord
150003 | Pan      | Your ally Arbeogh died
150847 | Pan      | Noticed Rotteuk the pandemonium lord
150860 | Pan      | Killed Rotteuk the pandemonium lord
151344 | Pan      | Noticed Fophiwna the pandemonium lord
151351 | Pan      | Killed Fophiwna the pandemonium lord
151369 | Pan      | Reached skill level 15 in Throwing
151896 | Pan      | Reached skill level 17 in Dodging
152698 | Pan      | Reached skill level 16 in Throwing
152794 | Pan      | Noticed Juxziut the pandemonium lord
152845 | Pan      | Killed Juxziut the pandemonium lord
152846 | Pan      | Reached skill level 1 in Translocations
152954 | Pan      | Entered the realm of Lom Lobon.
153019 | Pan      | Found an exit through the horrors of the Abyss.
153061 | Pan      | Reached skill level 2 in Translocations
153696 | Pan      | Reached skill level 3 in Translocations
153738 | Pan      | Gained Bogdan as an ally
153754 | Pan      | Noticed Lom Lobon
153783 | Pan      | Killed Lom Lobon
153794 | Pan      | Your ally Bogdan died
153796 | Pan      | Got a magical rune of Zot
154009 | Pan      | Entered the realm of Cerebov.
154110 | Pan      | Reached skill level 18 in Dodging
154113 | Pan      | Reached skill level 4 in Translocations
154474 | Pan      | Reached skill level 5 in Translocations
154613 | Pan      | Found an exit through the horrors of the Abyss.
154668 | Pan      | Reached skill level 6 in Translocations
154849 | Pan      | Gained Thorok as an ally
155026 | Pan      | Reached skill level 7 in Translocations
155327 | Pan      | Identified the ring "Waod" {rPois rC+++ rCorr MP-9 Str-4}
155354 | Pan      | Found the +6 sword of Cerebov {flame}
155354 | Pan      | Noticed Cerebov
155405 | Pan      | Gained Bogbrand as an ally
155567 | Pan      | Your ally Thorok died
155570 | Pan      | Your ally Bogbrand died
155774 | Pan      | Killed Cerebov
155945 | Pan      | Identified the +5 mace "Huhemoc" {speed, rCorr Int+3}
155946 | Pan      | Identified the +1 pair of gloves of the Special Heavens
                  | {Int+3}
155975 | Pan      | Got a vibrant book
155977 | Pan      | Got a fiery rune of Zot
156103 | Pan      | Reached skill level 8 in Translocations
156660 | Pan      | Learned a level 4 spell: Passage of Golubria
156695 | Pan      | Found an exit through the horrors of the Abyss.
156939 | Pan      | Reached skill level 1 in Spellcasting
157275 | Pan      | Noticed Luopytum the pandemonium lord
157289 | Pan      | Killed Luopytum the pandemonium lord
157462 | Pan      | Reached skill level 2 in Spellcasting
157606 | Pan      | Reached skill level 9 in Translocations
157743 | Pan      | Reached skill level 3 in Spellcasting
158087 | Pan      | Reached skill level 21 in Fighting
158460 | Pan      | Identified the +10 falchion of Fusoa {speed, Str+2}
158607 | Pan      | Gained Hawl as an ally
158612 | Pan      | Reached skill level 4 in Spellcasting
158615 | Pan      | Your ally Hawl died
158616 | Pan      | Gained Brunolf as an ally
158838 | Pan      | Your ally Brunolf died
159197 | Pan      | Noticed Sahib the pandemonium lord
159267 | Pan      | Reached skill level 17 in Throwing
159754 | Pan      | Killed Sahib the pandemonium lord
159884 | Pan      | Entered the realm of Mnoleg.
159989 | Pan      | Found an exit through the horrors of the Abyss.
160248 | Pan      | Reached skill level 5 in Spellcasting
160248 | Pan      | Reached skill level 10 in Translocations
160455 | Pan      | Identified the +1 leather armour of Kindness {rElec}
160602 | Pan      | Noticed Mnoleg
160687 | Pan      | Killed Mnoleg
160891 | Pan      | Gained Urtork as an ally
160899 | Pan      | Got a glowing rune of Zot
161157 | Pan      | Found an exit through the horrors of the Abyss.
161200 | Pan      | Gained Ugrim as an ally
161232 | Pan      | Reached skill level 6 in Spellcasting
161449 | Pan      | Reached skill level 22 in Fighting
161804 | Pan      | Noticed Hyjanteca the pandemonium lord
161821 | Pan      | Your ally Ugrim died
161866 | Pan      | Killed Hyjanteca the pandemonium lord
162137 | Pan      | Gained Boruk as an ally
162137 | Pan      | Gained Bogwald as an ally
162243 | Pan      | Noticed Hojah the pandemonium lord
162254 | Pan      | Your ally Bogwald died
162256 | Pan      | Killed Hojah the pandemonium lord
162257 | Pan      | Reached skill level 11 in Translocations
162263 | Pan      | Your ally Boruk died
162267 | Pan      | Gained Warbeogh as an ally
162822 | Pan      | Identified the +0 scale mail of Weightlessness {Str+2
                  | Dex+2}
162967 | Pan      | Reached skill level 1 in Air Magic
163010 | Pan      | Identified a +2 robe of resistance
163012 | Pan      | Your ally Warbeogh died
163097 | Pan      | Identified the +5 ring mail of Eppauny {Rampage *Slow Str+3
                  | Slay+3}
163119 | Pan      | Gained Boghold as an ally
163128 | Pan      | Reached skill level 18 in Throwing
163265 | Pan      | Found an exit through the horrors of the Abyss.
163425 | Pan      | Reached skill level 7 in Spellcasting
163430 | Depths:4 | You pass through the gate.
163430 | Depths:4 | Escaped Pandemonium
164238 | Zot:4    | Reached skill level 2 in Air Magic
164729 | Zot:5    | Noticed an ancient lich
164750 | Zot:5    | Killed an ancient lich
165182 | Zot:5    | Noticed an electric golem
165221 | Zot:5    | Killed an electric golem
165221 | Zot:5    | Noticed an orb of fire
165223 | Zot:5    | Your ally Gorg died
165226 | Zot:5    | Killed an orb of fire
165335 | Zot:5    | Noticed an electric golem
165352 | Zot:5    | Noticed a dread lich
165353 | Zot:5    | Noticed an orb of fire
165373 | Zot:5    | Noticed an orb of fire
165374 | Zot:5    | Noticed an orb of fire
165376 | Zot:5    | Killed an orb of fire
165377 | Zot:5    | Reached skill level 3 in Air Magic
165385 | Zot:4    | Killed an orb of fire
166290 | Zot:4    | Killed an orb of fire
166312 | Zot:4    | Killed a dread lich
166582 | Zot:5    | Noticed a dread lich
166607 | Zot:4    | Killed a dread lich
166649 | Zot:4    | Killed an electric golem
167135 | Zot:4    | Reached skill level 4 in Air Magic
167512 | Zot:5    | Noticed an electric golem
167580 | Zot:4    | Reached skill level 23 in Fighting
167785 | Zot:4    | Killed an electric golem
168487 | Zot:5    | Reached skill level 8 in Spellcasting
168534 | Zot:5    | Reached skill level 12 in Translocations
169142 | Pan      | Entered the realm of Gloorx Vloq.
169142 | Pan      | Entered Pandemonium
169176 | Pan      | Reached skill level 5 in Air Magic
169295 | Pan      | Found an exit through the horrors of the Abyss.
169653 | Pan      | Reached skill level 6 in Air Magic
170390 | Pan      | Noticed Gloorx Vloq
170436 | Pan      | Reached skill level 7 in Air Magic
170457 | Pan      | Noticed a curse skull
170463 | Pan      | Killed a curse skull
170531 | Pan      | Killed Gloorx Vloq
170532 | Pan      | Reached skill level 19 in Throwing
170615 | Pan      | Noticed a curse skull
170628 | Pan      | Killed a curse skull
170679 | Pan      | Got a dark rune of Zot
170857 | Pan      | Reached skill level 8 in Air Magic
171085 | Pan      | Found an exit through the horrors of the Abyss.
171423 | Pan      | Noticed Bicimn the pandemonium lord
171524 | Pan      | Killed Bicimn the pandemonium lord
171525 | Pan      | Reached skill level 24 in Fighting
171525 | Pan      | Reached skill level 9 in Air Magic
171763 | Depths:4 | You pass through the gate.
171763 | Depths:4 | Escaped Pandemonium
171770 | Pan      | Entered Pandemonium
172006 | Pan      | Identified a +0 kite shield of resistance
172079 | Pan      | Found an exit through the horrors of the Abyss.
172528 | Pan      | Found a runed translucent door.
172533 | Pan      | Found a runed translucent door.
172533 | Pan      | Found a runed translucent door.
172549 | Pan      | Found a runed translucent door.
172743 | Pan      | Noticed Woroijoi the pandemonium lord
172747 | Pan      | Gained Gorm as an ally
172766 | Pan      | Killed Woroijoi the pandemonium lord
172766 | Pan      | Gained Korbok as an ally
173232 | Pan      | Reached skill level 10 in Air Magic
173247 | Pan      | Noticed Joas the pandemonium lord
173293 | Pan      | Killed Joas the pandemonium lord
173781 | Pan      | Gained Boghold as an ally
173951 | Pan      | Identified the +8 rapier of Anguish {spect, rElec rN+++
                  | rCorr Dex-3}
174062 | Pan      | Reached skill level 11 in Air Magic
174096 | Pan      | Found an exit through the horrors of the Abyss.
174789 | Pan      | Found a huge runed translucent gate.
174789 | Pan      | Found a huge runed translucent gate.
174790 | Pan      | Found a huge runed translucent gate.
174790 | Pan      | Found a huge runed translucent gate.
174790 | Pan      | Found a huge runed translucent gate.
174791 | Pan      | Found a huge runed translucent gate.
174792 | Pan      | Found a huge runed translucent gate.
174792 | Pan      | Found a huge runed translucent gate.
174793 | Pan      | Found a huge runed translucent gate.
174793 | Pan      | Found a huge runed translucent gate.
174793 | Pan      | Found a huge runed translucent gate.
174794 | Pan      | Found a huge runed translucent gate.
174794 | Pan      | Found a huge runed translucent gate.
174794 | Pan      | Found a huge runed translucent gate.
174794 | Pan      | Found a huge runed translucent gate.
174794 | Pan      | Found a huge runed translucent gate.
174795 | Pan      | Found a huge runed translucent gate.
174795 | Pan      | Found a huge runed translucent gate.
174795 | Pan      | Found a huge runed translucent gate.
174795 | Pan      | Found a huge runed translucent gate.
174795 | Pan      | Found a huge runed translucent gate.
174796 | Pan      | Noticed Vaotoy the pandemonium lord
174941 | Pan      | Reached skill level 20 in Throwing
174942 | Pan      | Identified the +2 tower shield "Hyrutull" {Str+5 Int+2}
175266 | Pan      | Reached skill level 21 in Armour
175314 | Pan      | Reached skill level 12 in Air Magic
175321 | Pan      | Killed Vaotoy the pandemonium lord
175433 | Depths:4 | You pass through the gate.
175433 | Depths:4 | Escaped Pandemonium
175449 | Pan      | Entered Pandemonium
175449 | Pan      | Identified a +2 kite shield of resistance
175552 | Pan      | Noticed Tezuebei the pandemonium lord
175583 | Pan      | Gained Okrist as an ally
175633 | Pan      | Your ally Okrist died
175821 | Pan      | Identified the +7 whip "Atextej" {heavy, rCorr Str+3 Int+4
                  | Dex-4}
176423 | Pan      | Gained Gorg as an ally
176692 | Pan      | Found an exit through the horrors of the Abyss.
176882 | Pan      | Killed Tezuebei the pandemonium lord
177752 | Pan      | Identified the +2 scale mail of Quantum Leap {Str+2}
177758 | Pan      | Found an exit through the horrors of the Abyss.
177791 | Pan      | Acquired a book of Air
177797 | Pan      | Learned a level 3 spell: Swiftness
177901 | Pan      | Noticed Vodghay the pandemonium lord
177918 | Pan      | Killed Vodghay the pandemonium lord
178186 | Pan      | Identified a +2 robe of resistance
178316 | Pan      | Gained Bogward as an ally
178398 | Pan      | Found an exit through the horrors of the Abyss.
178671 | Pan      | Reached skill level 19 in Axes
178758 | Pan      | Reached skill level 21 in Throwing
178910 | Pan      | Noticed Eggelae the pandemonium lord
178935 | Pan      | Killed Eggelae the pandemonium lord
178969 | Depths:4 | You pass through the gate.
178969 | Depths:4 | Escaped Pandemonium
179764 | Hell     | Found a gateway to the freezing wastes of Cocytus.
180271 | Hell     | Found a gateway to the ashen valley of Gehenna.
180415 | Hell     | Found a gateway to the Iron City of Dis.
180955 | Hell     | Found a gateway to the decaying netherworld of Tartarus.
181654 | Tar:1    | Entered Level 1 of Tartarus
181657 | Tar:1    | Noticed an ancient lich
181670 | Tar:1    | Killed an ancient lich
181679 | Tar:1    | You fall into a shaft and drop 1 floor!
182079 | Tar:3    | Noticed a dread lich
182094 | Tar:3    | Killed a dread lich
182206 | Tar:4    | Reached skill level 22 in Armour
182343 | Tar:4    | Noticed a dread lich
182344 | Tar:4    | Noticed a dread lich
182344 | Tar:4    | Noticed an ancient lich
182344 | Tar:4    | Noticed a dread lich
182352 | Tar:4    | Noticed an ancient lich
182358 | Tar:4    | Killed a dread lich
182359 | Tar:4    | Reached skill level 21 in Shields
182359 | Tar:4    | Noticed an ancient lich
182359 | Tar:4    | Noticed an ancient lich
182365 | Tar:4    | Killed a dread lich
182371 | Tar:4    | Killed an ancient lich
182387 | Tar:4    | Killed a dread lich
182388 | Tar:4    | Killed an ancient lich
182400 | Tar:4    | Killed an ancient lich
182413 | Tar:4    | Killed an ancient lich
182666 | Tar:5    | Reached skill level 20 in Axes
182786 | Tar:5    | Reached skill level 22 in Throwing
183023 | Tar:5    | Noticed a dread lich
183048 | Tar:5    | Reached skill level 19 in Dodging
183380 | Tar:7    | Entered Level 7 of Tartarus
184787 | Tar:7    | Reached skill level 22 in Shields
184900 | Tar:7    | Noticed an ancient lich
184901 | Tar:7    | Noticed an ancient lich
184916 | Tar:7    | Killed an ancient lich
184917 | Tar:7    | Reached skill level 23 in Throwing
184919 | Tar:7    | Killed an ancient lich
184974 | Tar:7    | Identified the +6 morningstar "Hipuuner" {antimagic, *Noise
                  | rElec rF++ rCorr}
184975 | Tar:7    | Identified the +1 leather armour of Valiance {*Slow rElec
                  | Str+2}
184979 | Tar:7    | Identified the staff of Somewhere Else {rC+ Int+4 SInv Ice}
184997 | Tar:7    | Gained Oreg as an ally
185021 | Tar:7    | Your ally Oreg died
185023 | Tar:7    | Gained Geork as an ally
185109 | Tar:7    | Gained Worak as an ally
185145 | Tar:7    | Noticed an ancient lich
185147 | Tar:7    | Noticed a dread lich
185158 | Tar:7    | Killed a dread lich
185167 | Tar:7    | Killed an ancient lich
185187 | Tar:7    | Identified the +1 robe "Cidon" {rC+ Regen+ Str+3 Archmagi}
185189 | Tar:7    | Identified the +0 ring mail "Xemy" {rElec Str+2 Int+4}
185660 | Tar:7    | Noticed Ereshkigal
185667 | Tar:7    | Killed Ereshkigal
185689 | Tar:7    | Your ally Geork died
185955 | Tar:7    | Got a bone rune of Zot
186030 | Tar:7    | Noticed the Serpent of Hell
186044 | Tar:7    | Killed the Serpent of Hell
186350 | Hell     | Upgraded the game from 0.31-a0-851-g7ff8af7976 to
                  | 0.31-a0-854-g362426d53f
186508 | Pan      | Entered Pandemonium
186508 | Pan      | Found an exit through the horrors of the Abyss.
186666 | Pan      | Gained Marbaugh as an ally
186814 | Pan      | Gained Bogwald as an ally
186827 | Pan      | Noticed Kaepn the pandemonium lord
186833 | Pan      | Your ally Marbaugh died
186842 | Pan      | Killed Kaepn the pandemonium lord
186842 | Pan      | Your ally Bogwald died
187006 | Pan      | Gained Geork as an ally
187162 | Pan      | Your ally Geork died
187616 | Pan      | Reached skill level 23 in Armour
187722 | Pan      | Found an exit through the horrors of the Abyss.
188212 | Pan      | Noticed Bianojer the pandemonium lord
188269 | Pan      | Killed Bianojer the pandemonium lord
188443 | Pan      | Noticed Ziruf the pandemonium lord
188458 | Pan      | Reached skill level 16 in Evocations
188467 | Pan      | Killed Ziruf the pandemonium lord
188666 | Pan      | Found an exit through the horrors of the Abyss.
188747 | Pan      | Identified the +0 fire dragon scales of the Gravedigger
                  | {Drain rPois rF++ rC- Slay+2}
189117 | Depths:4 | You pass through the gate.
189117 | Depths:4 | Escaped Pandemonium
189601 | Coc:1    | Entered Level 1 of Cocytus
189899 | Coc:2    | Reached skill level 20 in Dodging
190185 | Coc:3    | Noticed an ancient lich
190197 | Coc:3    | Killed an ancient lich
190268 | Coc:3    | Paralysed by a wendigo for 1 turns
190637 | Coc:4    | Reached skill level 23 in Shields
190871 | Coc:4    | Reached skill level 17 in Evocations
191076 | Coc:5    | Reached skill level 24 in Throwing
191534 | Coc:7    | Entered Level 7 of Cocytus
191934 | Coc:7    | Reached skill level 18 in Evocations
191967 | Coc:7    | Reached skill level 24 in Armour
192401 | Coc:7    | Reached skill level 24 in Shields
192500 | Coc:7    | Reached skill level 21 in Dodging
192641 | Coc:7    | Noticed Antaeus
193218 | Coc:7    | Identified the ring of Ruuguerch {rF+ AC+4 Dex-5 Slay+3
                  | Stlth+}
193259 | Coc:7    | Killed Antaeus
193349 | Coc:7    | Got an icy rune of Zot
193350 | Coc:7    | Identified the +8 plate armour of Jigsaw {+Inv Will- Regen+
                  | Str-4}
193355 | Coc:7    | Identified the +6 falchion "Isishry" {pain, Int+3}
193514 | Dis:1    | Entered Level 1 of the Iron City of Dis
193554 | Dis:1    | Reached skill level 22 in Dodging
193873 | Dis:2    | Gained Bogward as an ally
193881 | Dis:2    | Your ally Bogward died
194042 | Dis:3    | Noticed a dread lich
194044 | Dis:3    | Noticed an ancient lich
194050 | Dis:3    | Killed a dread lich
194062 | Dis:3    | Killed an ancient lich
194092 | Dis:3    | Noticed a caustic shrike
194092 | Dis:3    | Noticed a caustic shrike
194092 | Dis:3    | Noticed a caustic shrike
194092 | Dis:3    | Noticed a caustic shrike
194092 | Dis:3    | Noticed a caustic shrike
194100 | Dis:3    | Killed a caustic shrike
194117 | Dis:3    | Killed a caustic shrike
194132 | Dis:3    | Killed a caustic shrike
194135 | Dis:3    | Killed a caustic shrike
194137 | Dis:3    | Killed a caustic shrike
194453 | Dis:4    | Noticed an ancient lich
194465 | Dis:4    | Killed an ancient lich
194755 | Dis:4    | Noticed an ancient lich
194756 | Dis:4    | Noticed an ancient lich
194772 | Dis:4    | Killed an ancient lich
194773 | Dis:4    | Reached skill level 21 in Axes
194788 | Dis:4    | Killed an ancient lich
194809 | Dis:4    | Reached skill level 14 in Stealth
195092 | Dis:4    | Upgraded the game from 0.31-a0-854-g362426d53f to
                  | 0.31-a0-859-g9dce7d3444
195307 | Dis:5    | You fall into a shaft and drop 1 floor!
195574 | Dis:7    | Entered Level 7 of the Iron City of Dis
195728 | Dis:7    | Noticed a caustic shrike
195731 | Dis:7    | Noticed a caustic shrike
195741 | Dis:7    | Killed a caustic shrike
195742 | Dis:7    | Killed a caustic shrike
196146 | Dis:7    | Reached skill level 22 in Axes
196377 | Dis:7    | Noticed a caustic shrike
196391 | Dis:7    | Killed a caustic shrike
196474 | Dis:7    | Gained Ortolf as an ally
196503 | Dis:7    | Reached skill level 15 in Stealth
196521 | Dis:7    | Your ally Ortolf died
197268 | Dis:7    | Gained Gorg as an ally
197680 | Dis:7    | Reached skill level 23 in Dodging
197849 | Dis:7    | Noticed a caustic shrike
197861 | Dis:7    | Killed a caustic shrike
197933 | Dis:7    | Noticed a caustic shrike
197942 | Dis:7    | Killed a caustic shrike
198216 | Dis:7    | Noticed a caustic shrike
198216 | Dis:7    | Your ally Gorg died
198228 | Dis:7    | Killed a caustic shrike
198229 | Dis:7    | Reached skill level 23 in Axes
198450 | Dis:7    | Noticed a juggernaut
198467 | Dis:7    | Killed a juggernaut
198495 | Dis:7    | Identified the +1 broad axe of the Dripping Madman
                  | {distort, rF- Int+5 Dex+2}
198512 | Dis:7    | Identified the ring of Lata {Str+6 Int+4}
198518 | Dis:7    | Identified the +0 cloak of Wariness {Dex+2}
198712 | Dis:7    | Noticed a caustic shrike
198729 | Dis:7    | Killed a caustic shrike
199190 | Dis:7    | Noticed a juggernaut
199203 | Dis:7    | Killed a juggernaut
199254 | Dis:7    | Identified the +5 great mace of Governance {freeze, Int+3}
199254 | Dis:7    | Noticed Dispater
199267 | Dis:7    | Killed Dispater
199387 | Dis:7    | Found the orb of Dispater {+Damnation *Corrode AC+5}
199407 | Dis:7    | Identified the +4 chain mail of Snakes and Ladders {rPois}
199417 | Dis:7    | Got an iron rune of Zot
199826 | Geh:1    | Entered Level 1 of Gehenna
199841 | Geh:1    | Reached skill level 16 in Stealth
200554 | Geh:3    | Gained Blodwig as an ally
200809 | Geh:4    | Reached skill level 24 in Axes
201487 | Geh:7    | Entered Level 7 of Gehenna
201756 | Geh:7    | Reached skill level 17 in Stealth
202216 | Geh:7    | Identified a scarf of resistance
202239 | Geh:7    | Reached skill level 24 in Dodging
202345 | Geh:7    | Identified the ring of the Lotus Blossom {Fire rPois}
202509 | Geh:7    | Identified the +3 executioner's axe "Aubergine" {vamp,
                  | Drain rElec Will+ Int+3}
202642 | Geh:7    | Identified the +12 triple crossbow of Mineg {penet, Str+3}
202648 | Geh:7    | Found the +13 sceptre of Asmodeus
202648 | Geh:7    | Noticed Asmodeus
202684 | Geh:7    | Killed Asmodeus
202685 | Geh:7    | Reached skill level 18 in Stealth
202734 | Geh:7    | Got an obsidian rune of Zot
204360 | Pan      | Entered Pandemonium
204374 | Pan      | Gained Jorge as an ally
204525 | Pan      | Found an exit through the horrors of the Abyss.
204832 | Pan      | Reached skill level 25 in Invocations
205120 | Pan      | Noticed Cuthuff the pandemonium lord
205137 | Pan      | Killed Cuthuff the pandemonium lord
205605 | Pan      | Found an exit through the horrors of the Abyss.
205657 | Pan      | Found a runed translucent door.
205899 | Pan      | Noticed Qudal the pandemonium lord
205915 | Pan      | Killed Qudal the pandemonium lord
206382 | Pan      | Found a huge runed translucent gate.
206389 | Pan      | Found a huge runed translucent gate.
206483 | Pan      | Reached skill level 25 in Throwing
206955 | Pan      | Found a huge runed translucent gate.
206956 | Pan      | Found a huge runed translucent gate.
206956 | Pan      | Found a huge runed translucent gate.
206956 | Pan      | Found a huge runed translucent gate.
206968 | Pan      | Found a huge runed translucent gate.
206973 | Pan      | Noticed Diru the pandemonium lord
207036 | Pan      | Killed Diru the pandemonium lord
207063 | Pan      | Reached skill level 26 in Invocations
207191 | Pan      | Found an exit through the horrors of the Abyss.
207246 | Pan      | Noticed Zeejamp the pandemonium lord
207247 | Pan      | Gained Bogwik as an ally
207347 | Pan      | Killed Zeejamp the pandemonium lord
207374 | Pan      | Your ally Bogwik died
207490 | Pan      | Reached skill level 27 in Invocations
207973 | Pan      | Found an exit through the horrors of the Abyss.
208446 | Pan      | Noticed Umeach the pandemonium lord
208453 | Pan      | Gained Arbolt as an ally
208480 | Pan      | Killed Umeach the pandemonium lord
209500 | Pan      | Reached skill level 26 in Throwing
209577 | Pan      | Noticed Citaeh the pandemonium lord
209580 | Pan      | Gained Wulfoc as an ally
209591 | Pan      | Killed Citaeh the pandemonium lord
210502 | Pan      | Found an exit through the horrors of the Abyss.
210827 | Pan      | Found an exit through the horrors of the Abyss.
210879 | Pan      | Reached skill level 27 in Throwing
211001 | Pan      | Gained Brandogh as an ally
211116 | Pan      | Your ally Brandogh died
211145 | Pan      | Identified the +1 chain mail "Ineyfila" {Harm *Corrode
                  | Str+2}
211166 | Pan      | Noticed Vuecoliu the pandemonium lord
211191 | Pan      | Killed Vuecoliu the pandemonium lord
211419 | Depths:1 | You pass through the gate.
211419 | Depths:1 | Escaped Pandemonium
211785 | Tomb:1   | Noticed a royal mummy
211786 | Tomb:1   | Noticed a royal mummy
211794 | Tomb:1   | Noticed a royal mummy
211795 | Tomb:1   | Killed a royal mummy
211796 | Tomb:1   | Noticed a royal mummy
211807 | Tomb:1   | Killed a royal mummy
211808 | Tomb:1   | Reached skill level 25 in Fighting
211813 | Tomb:1   | Killed a royal mummy
211822 | Tomb:1   | Killed a royal mummy
211882 | Tomb:1   | Noticed a royal mummy
211885 | Tomb:1   | Noticed a royal mummy
211890 | Tomb:1   | Killed a royal mummy
211892 | Tomb:1   | Noticed a royal mummy
211893 | Tomb:1   | Killed a royal mummy
211900 | Tomb:1   | Noticed a royal mummy
211903 | Tomb:1   | Noticed a royal mummy
211913 | Tomb:1   | Killed a royal mummy
211914 | Tomb:1   | Killed a royal mummy
211928 | Tomb:1   | Killed a royal mummy
211935 | Tomb:1   | Noticed a royal mummy
211935 | Tomb:1   | Noticed a royal mummy
211952 | Tomb:1   | Killed a royal mummy
211954 | Tomb:1   | Killed a royal mummy
212035 | Tomb:1   | Noticed a royal mummy
212049 | Tomb:1   | Killed a royal mummy
212050 | Tomb:1   | Reached skill level 26 in Fighting
212338 | Tomb:2   | Noticed a royal mummy
212341 | Tomb:2   | Noticed a royal mummy
212348 | Tomb:2   | Your ally Bogward died
212349 | Tomb:2   | Killed a royal mummy
212353 | Tomb:2   | Noticed a royal mummy
212353 | Tomb:2   | Noticed a royal mummy
212353 | Tomb:2   | Noticed a royal mummy
212355 | Tomb:2   | Killed a royal mummy
212362 | Tomb:2   | Killed a royal mummy
212364 | Tomb:2   | Killed a royal mummy
212368 | Tomb:2   | Killed a royal mummy
212381 | Tomb:2   | Gained Oreg as an ally
212440 | Tomb:2   | Gained Bogfrid as an ally
212750 | Tomb:2   | Reached skill level 27 in Fighting
212930 | Tomb:2   | scionoferis: Sorry you don't get to see the next part, but
                  | gotta head away for a bit. I'm shocked and surpied at how
                  | much Ass my Orcs have kicked.... mummys stood no chance
212944 | Tomb:3   | Entered Level 3 of the Tomb of the Ancients
212955 | Tomb:3   | Noticed a royal mummy
212958 | Tomb:3   | Your ally Urtork died
212959 | Tomb:3   | Noticed a royal mummy
212962 | Tomb:3   | Your ally Arbeogh died
212964 | Tomb:3   | Your ally Gorbash died
212964 | Tomb:3   | Your ally Arbolt died
212964 | Tomb:3   | Your ally Ogrik died
212965 | Tomb:3   | Your ally Bogfrid died
212967 | Tomb:3   | Your ally Dorog died
212967 | Tomb:3   | Your ally Gorg died
212968 | Tomb:3   | Your ally Bogbrand died
212968 | Tomb:3   | Your ally Olfrun died
212968 | Tomb:3   | Your ally Boruk died
212969 | Tomb:3   | Your ally Alork died
212969 | Tomb:3   | Your ally Gorm died
212970 | Tomb:3   | Your ally Urtork died
212971 | Tomb:3   | Noticed a royal mummy
212971 | Tomb:3   | Your ally Orik died
212971 | Tomb:3   | Noticed a royal mummy
212973 | Tomb:3   | Your ally Oreg died
212973 | Tomb:3   | Your ally Argrim died
212975 | Tomb:3   | Your ally Zorug died
212977 | Tomb:3   | Your ally Bogward died
212977 | Tomb:3   | Your ally Blodwig died
212977 | Tomb:3   | Killed a royal mummy
212978 | Tomb:3   | Your ally Arbolt died
212979 | Tomb:3   | Your ally Boghold died
212980 | Tomb:3   | Your ally Boldo died
212983 | Tomb:3   | Killed a royal mummy
212983 | Tomb:3   | Your ally Boghold died
212986 | Tomb:3   | Noticed a royal mummy
212987 | Tomb:3   | Killed a royal mummy
212988 | Tomb:3   | Your ally Gorg died
212992 | Tomb:3   | Your ally Orik died
212993 | Tomb:3   | Reached skill level 25 in Armour
212993 | Tomb:3   | Your ally Boruk died
212994 | Tomb:3   | Your ally Korbok died
212995 | Tomb:3   | Your ally Jorge died
212996 | Tomb:3   | Your ally Koronagh died
212997 | Tomb:3   | Your ally Saint Roka died
213033 | Tomb:3   | Noticed a royal mummy
213046 | Tomb:3   | Killed a royal mummy
213050 | Tomb:3   | Killed a royal mummy
213055 | Tomb:3   | Killed a royal mummy
213059 | Tomb:3   | Gained Argrim as an ally
213072 | Tomb:3   | Noticed a royal mummy
213078 | Tomb:3   | Killed a royal mummy
213193 | Tomb:3   | Identified the staff of Superiority {rElec rF+ Dex+8 Fire}
213253 | Tomb:3   | Noticed a royal mummy
213261 | Tomb:3   | Killed a royal mummy
213322 | Tomb:3   | Found the +5 demon whip "Spellbinder" {antimagic, disrupt,
                  | Will+}
213364 | Tomb:3   | Identified the +1 pair of boots of the Thunderstorm {Str+5}
213381 | Tomb:3   | Identified the amulet "Kyami" {Regen+ SInv}
213394 | Tomb:3   | Identified the +9 shortbow of Iconoclasm {flame, rPois
                  | Dex+3}
213407 | Tomb:3   | Identified the +4 quarterstaff "Jyikot" {heavy, rF+ rC+
                  | Int+5}
213477 | Tomb:3   | Got a golden rune of Zot
213526 | Tomb:3   | Identified the staff "Uzumeck" {rElec Str+3 Air}
214459 | Zot:5    | Got the Orb of Zot
214701 | Zot:1    | Noticed Vinuxen the pandemonium lord
214992 | D:15     | Noticed Rinloy the pandemonium lord
214997 | D:15     | Reached skill level 26 in Armour
214999 | D:15     | Killed Rinloy the pandemonium lord
215028 | D:15     | Noticed Cuuku the pandemonium lord
215058 | D:15     | Killed Cuuku the pandemonium lord
215461 | D:$      | Escaped with the Orb!

Vanquished Creatures
  Cerebov (Pan)
  Antaeus (Coc:7)
  Asmodeus (Geh:7)
  Gloorx Vloq (Pan)
  the Royal Jelly (Slime:5)
  the Serpent of Hell (Tar:7)
  Lom Lobon (Pan)
  Mnoleg (Pan)
  23 pandemonium lords (Pan D:15)
  Dispater (Dis:7)
  9 dread liches (Crypt:3 Zot:4 Tar:3 Tar:4 Tar:7)
  Tiamat (Zot:2)
  15 ancient liches (Depths:3 Crypt:2 Abyss:1 Tar:1 Tar:4)
  7 orbs of fire (Zot:1 Zot:2 Zot:5 Zot:4)
  Mennas (Tomb:1)
  The ghost of Unkupp the Slayer, a veteran OgBe of Trog (Zot:5)
  The ghost of TheGamechu the Conqueror, a veteran HOFi of Beogh (Zot:5)
  20 royal mummies (Tomb:1 Tomb:2 Tomb:3)
  3 juggernauts (Depths:1 Dis:7)
  The ghost of Deah Kuhairgh the Gnoll Aeon, a legendary GnIE of Cheibriados (Zot:5)
  2 Killer Klowns (Zot:4)
  Bai Suzhen (Swamp:4)
  22 shard shrikes (Coc:4 Coc:7)
  The ghost of Ziugimmo the Tortoise, a veteran AtMo of Elyvilon (Vaults:2)
  3 curse toes (Zot:2 Zot:3)
  12 caustic shrikes (Dis:3 Dis:7)
  Jory (Crypt:1)
  8 golden dragons (Vaults:2 Depths:4 Zot:1 Zot:2 Zot:3)
  Geryon (Hell)
  8 profane servitors (Abyss:1 Abyss:3 Tar:2 Tar:3 Tar:5)
  An electric golem (Zot:4)
  Arachne (Spider:3)
  24 bone dragons (Crypt:3 Abyss:2 Abyss:3 Depths:4 Tar:4)
  16 doom hounds (Zot:1 Tar:2 Tar:3 Tar:5 Tar:7)
  4 spectral shard shrikes (Tar:4 Tar:5)
  20 iron giants (Dis:3 Dis:4 Dis:7)
  21 Brimstone Fiends (Pan Geh:3 Geh:7)
  6 hellephants (Abyss:3 Pan Geh:2 Geh:3 Geh:5)
  18 tentacled monstrosities (Depths:4 Zot:2 Zot:3 Abyss:3 Abyss:4)
  28 Tzitzimimeh (Pan Tar:4 Tar:5 Tar:7 D:15)
  45 Hell Sentinels (Abyss:2 Pan Dis:4 Dis:6 Dis:7)
  25 Orb Guardians (Zot:4 Zot:5 Depths:4 Depths:3 D:15)
  The ghost of Qeunemit the Warrior, an adept GrFi of Okawaru (Vaults:2)
  10 liches (Depths:1 Crypt:3 Abyss:2 Tomb:1 Pan)
  33 Ice Fiends (Pan Coc:5 Coc:6 Coc:7)
  A walking earthen tome (Abyss:4)
  11 titans (Depths:3 Zot:1 Vaults:5 Coc:7)
  A deep elf master archer (Elf:3)
  17 tainted leviathans (Tar:2 Tar:3 Tar:5 Tar:6 Tar:7)
  Asterion (Spider:2)
  Grunn (Zot:1)
  2 deep elf blademasters (Elf:2)
  18 searing wretches (Geh:1 Geh:3 Geh:4 Geh:5 Geh:6)
  12 sphinxes (Vaults:1 Depths:1 Depths:3 Tomb:1 Vaults:5)
  8 death cobs (Zot:1 Zot:3)
  14 acid blobs (Slime:1 Slime:2 Slime:3 Slime:5)
  50 Executioners (Abyss:2 Pan)
  3 quicksilver dragons (Zot:1 Zot:3 Zot:5)
  27 tentacled starspawn (Abyss:1 Abyss:2 Abyss:3 Abyss:4)
  35 ancient champions (Crypt:1 Crypt:2 Crypt:3 Tomb:1 Depths:2)
  3 daevas (Abyss:2 Abyss:4 Pan)
  A thorn hunter (Lair:2)
  5 tengu reavers (Vaults:3 D:15 Depths:1 Depths:2)
  9 storm dragons (Depths:3 Zot:3 Zot:2 Vaults:4)
  5 draconian monks (Depths:4 Zot:1 Zot:3)
  7 revenants (Crypt:1 Abyss:3 Tar:5 Tomb:3)
  5 draconian knights (Depths:3 Depths:4 Zot:3)
  A fenstrider witch (Swamp:2)
  23 demonspawn warmongers (Pan)
  2 shadow dragons (Zot:1 Zot:2)
  20 fire giants (Depths:1 Zot:1 Geh:1 Geh:2 Geh:3)
  13 frost giants (Depths:2 Depths:3 Zot:1 Vaults:4 Coc:1)
  13 azure jellies (Slime:1 Slime:2 Slime:4 Slime:5 Coc:4)
  12 rockslimes (Slime:2 Slime:3 Slime:4 Slime:5)
  17 narguns (Coc:2 Coc:3 Coc:4 Coc:6 Coc:7)
  3 deep elf sorcerers (Elf:1 Elf:2 Elf:3)
  15 vault wardens (Vaults:1 Vaults:2 Vaults:4 Vaults:5)
  An iron dragon (Dis:2)
  6 emperor scorpions (Spider:1 Spider:3 Spider:4)
  8 quicksilver elementals (Dis:3 Dis:6 Dis:7)
  The ghost of Jamimocw the Cruncher, a journeyman MiGl of Cheibriados (D:13)
  A spectral juggernaut (Tar:5)
  A juggernaut zombie (Abyss:2)
  6 curse skulls (Crypt:1 Crypt:2 Crypt:3 Pan)
  15 ghost moths (Spider:3 Spider:4 Zot:2 Zot:4 Pan)
  10 shard shrike simulacra (Abyss:4 Coc:3 Coc:4 Coc:5 Coc:6)
  4 draconian scorchers (Zot:3 Zot:4)
  3 orc warlords (Orc:2 D:14 Slime:4)
  6 deep elf elementalists (Elf:2 Elf:3 Abyss:2)
  73 balrugs (Abyss:2 Abyss:4 Pan Geh:1 Geh:2)
  38 cacodemons (Pan D:8 D:2)
  2 draconian stormcallers (Zot:1 Zot:3)
  2 draconian annihilators (Depths:4 Zot:4)
  25 war gargoyles (Dis:1 Dis:2 Dis:4 Dis:7)
  8 ghouls (Vaults:2 Crypt:1 Crypt:2)
  A broodmother (Spider:3)
  A spectral caustic shrike (Tar:5)
  15 ironbound preservers (Vaults:1 Vaults:2 Vaults:3 Vaults:4 Vaults:5)
  28 very ugly things (D:15 Depths:1 Depths:2 Abyss:2 Abyss:3)
  8 quicksilver oozes (Slime:1 Slime:4 Slime:5)
  34 demonspawn blood saints (Pan D:15)
  5 angels (Abyss:2 Pan Zot:2 Depths:2)
  The ghost of Qikim the Earth Mage, a journeyman GrEE of Gozag (Elf:2)
  6 ironbound thunderhulks (Vaults:2 Vaults:3)
  9 stone giants (Vaults:2 D:15 Depths:3 Zot:1)
  A spriggan defender (Depths:3)
  6 formless jellyfish (Vaults:1 Vaults:3 Slime:4)
  30 demonspawn corrupters (Pan D:15)
  A caustic shrike skeleton (Crypt:3)
  7 green draconians (Depths:4 Zot:1 Zot:3 Abyss:2 Zot:4)
  The ghost of GreenGuy14 the Severer, a journeyman MiMo of Okawaru (D:14)
  31 reapers (Abyss:1 Abyss:3 Pan Tar:7)
  11 black draconians (Depths:4 Zot:1 Zot:2 Zot:4)
  6 white draconians (Depths:4 Zot:1 Abyss:3 Zot:3 Zot:4)
  A spectral titan (Tar:4)
  7 vampire knights (Crypt:1 Crypt:2)
  9 putrid mouths (Tar:2 Tar:3 Tar:4 Tar:5 Tar:6)
  2 bunyips (Lair:2 Swamp:4)
  3 deep elf demonologists (Elf:2 Elf:3)
  18 elemental wellsprings (Coc:1 Coc:2 Coc:4 Coc:5 Coc:6)
  27 demonspawn black suns (Pan)
  41 lorocyprocas (Pan D:15)
  11 bennus (Tomb:1 Tomb:3)
  8 red draconians (Zot:1 Zot:2 Zot:3)
  8 dire elephants (D:14 Vaults:1 Vaults:3)
  4 yellow draconians (Zot:2 Zot:3 Zot:4)
  5 deep elf annihilators (Elf:2 Elf:3 Vaults:5 Pan)
  3 halazid warlocks (Tar:5)
  11 spark wasps (Spider:4 Depths:1 Depths:3 Depths:4)
  12 wendigos (Coc:1 Coc:2 Coc:3 Coc:4 Coc:5)
  13 mummy priests (Tomb:1 Tomb:2 Tomb:3)
  12 iron golems (Dis:1 Dis:2 Dis:3 Dis:5 Dis:7)
  5 deep elf death magi (Elf:1 Elf:2 Elf:3 Crypt:1)
  24 green deaths (Abyss:2 Abyss:4 Pan)
  8 purple draconians (Depths:3 Zot:1 Zot:3 Abyss:2 Zot:4)
  A crystal guardian (Vaults:2)
  19 eidola (Vaults:2 Abyss:2 Abyss:3 Tar:4 Tar:5)
  44 blizzard demons (Abyss:2 Abyss:4 Pan Depths:2 Zot:1)
  5 jiangshi (Depths:1 Depths:3 Crypt:1)
  7 ettins (D:13 Depths:2 Zot:1 Vaults:5)
  5 fire dragons (Depths:1 Depths:2 Depths:3)
  2 deep elf high priests (Vaults:4 Vaults:5)
  11 rakshasas (D:13 Abyss:1 Abyss:2 Pan)
  4 entropy weavers (D:14 Spider:3 Spider:4 Vaults:2)
  A spectral iron giant (Tar:5)
  5 great orbs of eyes (Vaults:1 Vaults:3)
  11 caustic shrike simulacra (Coc:2 Coc:3 Coc:5 Coc:6 Coc:7)
  9 yaktaur captains (Vaults:1 Vaults:2 Vaults:3 Vaults:5)
  6 ice dragons (Lair:5 D:14 D:15 Depths:3)
  6 vault guards (Vaults:2 Vaults:3 Vaults:4)
  3 hydras (Swamp:3)
  A quicksilver dragon skeleton (Pan)
  13 salamander tyrants (Geh:1 Geh:3 Geh:5 Geh:7)
  2 spectral spriggans (Tar:2 Tar:5)
  3 spriggan zombies (Hell Crypt:2 Abyss:3)
  A peacekeeper (Vaults:3)
  14 hell beasts (Pan Depths:4)
  10 juggernaut simulacra (Pan Coc:2 Coc:3 Coc:4 Coc:7)
  A spectral fenstrider witch (Tar:1)
  10 alligators (Lair:2 Swamp:2 Swamp:3)
  7 ironbound frosthearts (Vaults:1 Vaults:2 Vaults:3)
  6 jorogumos (Spider:2 Spider:3 Spider:4)
  2 catoblepae (Abyss:4)
  4 spriggan air magi (Swamp:2 Depths:3)
  An anaconda (Lair:5)
  6 centaur warriors (D:10 D:13 D:14 D:15)
  5 merfolk avatars (Swamp:2 Abyss:3)
  5 radroaches (Spider:2 Spider:1 Spider:3 Spider:4)
  3 spriggan skeletons (Crypt:3 Pan)
  A spectral stone giant (Tar:3)
  3 ghost crabs (Swamp:4)
  The ghost of croobank the Unseen, a journeyman FeDe of Gozag (Lair:2)
  25 dancing weapons (Elf:1 Elf:2 Depths:4 Pan)
  An anaconda (shapeshifter) (Vaults:3)
  A fenstrider witch skeleton (Crypt:2)
  A deep troll shaman (Depths:1)
  17 two-headed ogres (D:11 Orc:1 Orc:2 Zot:1)
  4 naga warriors (Abyss:2)
  2 Orb Guardian skeletons (Crypt:1)
  9 stokers (Geh:2 Geh:4 Geh:5 Geh:6 Geh:7)
  3 titan zombies (Crypt:1 Crypt:2 Abyss:2)
  4 deep troll earth magi (Depths:1 Depths:2 Vaults:4)
  5 tengu warriors (D:10 D:13 D:14 D:15 Depths:2)
  12 vampire magi (D:15 Depths:3 Crypt:1 Crypt:2 Abyss:3)
  7 boulder beetles (D:10 Spider:2 Spider:3 Vaults:1)
  5 death scarabs (Tomb:1 Tomb:2 Tomb:3)
  21 hell hogs (Pan Geh:1 Geh:2 Geh:3 Geh:4)
  3 death yaks (Lair:2)
  2 orc high priests (Orc:2 Elf:3)
  29 thrashing horrors (Abyss:2 Abyss:3 Abyss:4)
  6 holy swine (Pan)
  49 demonic crawlers (Spider:1 Spider:2 Spider:3 Pan Depths:4)
  80 soul eaters (Pan D:3)
  2 spriggan berserkers (Depths:1 Depths:3)
  Sonja (D:12)
  24 deep elf knights (Elf:1 Orc:2 Elf:2 Elf:3)
  10 crystal echidnas (Dis:1 Dis:2 Dis:3 Dis:4 Dis:6)
  201 sun demons (Abyss:2 Abyss:3 Pan Depths:2)
  20 wretched stars (Abyss:1 Abyss:2 Abyss:3 Abyss:4)
  A titan skeleton (Crypt:3)
  7 hell knights (Depths:2 Depths:3)
  A bunyip zombie (Abyss:1)
  8 goliath frogs (Lair:2 Swamp:2 Swamp:3)
  A spectral bunyip (Swamp:4)
  24 shadow wraiths (Crypt:2 Pan Depths:2 Tar:5 Tar:7)
  An anaconda zombie (Hell)
  A fire crab (shapeshifter) (Abyss:2)
  3 pharaoh ants (Spider:1 Spider:2 Spider:4)
  3 quicksilver dragon simulacra (Coc:2 Coc:4 Coc:5)
  A spriggan druid (Swamp:4)
  3 spatial maelstroms (Abyss:3)
  46 skeletal warriors (Vaults:2 Crypt:1 Crypt:2 Crypt:3 Tomb:1)
  2 fire crabs (Abyss:4)
  6 flayed ghosts (Crypt:1 Crypt:2 Abyss:3 Vaults:4 Depths:2)
  A death drake (shapeshifter) (Vaults:3)
  5 iron trolls (Depths:1 Depths:2 Zot:1)
  47 shadow demons (Abyss:3 Pan Depths:2 D:15)
  45 deep trolls (Orc:2 D:14 Vaults:1 Vaults:2 Vaults:3)
  10 glowing orange brains (Vaults:1 Depths:3 Slime:5 Abyss:2 Abyss:3)
  A spectral anaconda (Tar:6)
  64 sixfirhies (Abyss:1 Abyss:2 Abyss:3 Abyss:4 Pan)
  2 orange crystal statues (Vaults:2 Hell)
  12 orb spiders (Spider:2 Spider:1 Spider:3 Spider:4 Abyss:3)
  9 deep elf archers (Elf:1 Elf:2 Elf:3)
  A harpy (Vaults:2)
  10 necromancers (Spider:1 Vaults:1 Depths:1 Depths:3 Crypt:1)
  6 swamp dragons (Swamp:3 Depths:4 Abyss:4)
  2 bunyip skeletons (Crypt:2)
  11 steelbarb worms (Spider:1 Spider:2 Spider:3 Spider:4)
  11 bog bodies (Lair:2 IceCv Swamp:2 Swamp:3 Crypt:1)
  7 lindwurms (Lair:5 Vaults:1 Vaults:2 Vaults:3)
  13 wizards (D:15 Vaults:2 Abyss:2 Abyss:3 Pan)
  10 phantasmal warriors (Crypt:1 Crypt:2 Crypt:3 Depths:2)
  An anaconda skeleton (Hell)
  16 ironbound convokers (Vaults:1 Vaults:2 Vaults:3 Vaults:5)
  5 wolf spider zombies (D:15 Spider:1)
  A spectral hydra (Swamp:4)
  35 deep elf pyromancers (D:10 D:13 Orc:2 Elf:1 Elf:2)
  24 ugly things (D:12 D:13 D:14 Vaults:2 Vaults:3)
  3 orc knights (Orc:2 D:14 Slime:4)
  3 alligator zombies (Swamp:4)
  4 manticores (D:13 D:14)
  3 orc sorcerers (Orc:1 Orc:2 Slime:4)
  A frost giant zombie (Crypt:2)
  2 shadow dragon skeletons (Pan)
  A stone giant zombie (Depths:1)
  7 cyclopes (D:8 D:10 D:12 Orc:2 D:13)
  3 will-o-the-wisps (Swamp:2 Abyss:2)
  4 worldbinders (Abyss:2 Abyss:3)
  5 shining eyes (Slime:2 Slime:4 Slime:5 Abyss:4)
  A spectral ettin (Tar:5)
  37 deep elf zephyrmancers (Orc:2 Elf:1 Elf:2 Elf:3)
  An alligator skeleton (Crypt:1)
  16 wolf spiders (D:14 Spider:2 Spider:3 Spider:4)
  3 iron dragon skeletons (Depths:1 Crypt:2 Pan)
  27 moths of wrath (Spider:1 Spider:4 Zot:1 Zot:2 Zot:3)
  3 salamanders (Abyss:2)
  4 elephants (Lair:1 Lair:4 Lair:5)
  A black mamba (Lair:5)
  A frost giant skeleton (Vaults:1)
  2 human skeletons (Crypt:2)
  A draconian skeleton (Pan)
  2 centaur zombies (Crypt:1 Abyss:2)
  2 eyes of devastation (Slime:1)
  A naga zombie (Hell)
  11 vault sentinels (D:14 Vaults:1 Vaults:2 Vaults:3 Vaults:4)
  5 cane toads (Lair:1 Lair:2 Lair:5)
  7 ice statues (IceCv Pan Coc:7)
  6 rust devils (Pan)
  72 orange demons (Abyss:2 Abyss:3 Pan Depths:1)
  2 apocalypse crabs (Abyss:2 Abyss:3)
  5 titan simulacra (Crypt:1 Coc:1 Coc:4 Coc:5 Coc:7)
  3 guardian serpents (Abyss:2)
  121 smoke demons (Abyss:2 Abyss:3 Abyss:4 Pan D:15)
  An unseen horror (shapeshifter) (Elf:2)
  3 naga magi (D:15 Abyss:2)
  5 gargoyles (D:10 D:12 Volcano D:13)
  9 torpor snails (Lair:1 Lair:5 Spider:2 Spider:3)
  A cane toad (shapeshifter) (Abyss:2)
  A dire elephant skeleton (Crypt:2)
  7 molten gargoyles (Geh:7)
  2 naga skeletons (Hell Crypt:3)
  8 centaur skeletons (Crypt:1 Crypt:3 Pan Tomb:3)
  60 hellions (Abyss:2 Pan Tar:5 Tar:6 Coc:4)
  3 rime drakes (Lair:1 Lair:2 Lair:5)
  8 unseen horrors (D:11 D:15 Abyss:2 Pan)
  An orb spider zombie (Crypt:3)
  Jeremiah (D:8)
  9 freezing wraiths (D:10 Crypt:1 Abyss:2 Vaults:4 Vaults:5)
  Maggie (D:9)
  2 bunyip simulacra (Coc:1 Coc:2)
  49 tormentors (Abyss:2 Pan Tar:5 Tar:6 Tar:7)
  3 komodo dragons (Lair:1 Lair:5)
  2 redback zombies (Spider:1)
  8 anaconda simulacra (IceCv Hell Coc:1 Coc:5 Coc:6)
  26 guardian mummies (Crypt:2 Tomb:1 Tomb:2 Tomb:3)
  A purple draconian skeleton (Crypt:1)
  A swamp worm zombie (Swamp:4)
  18 ancient zymes (Abyss:2 Abyss:3 Abyss:4)
  A kobold demonologist (D:13)
  15 yaktaurs (D:10 D:14 Vaults:1 Vaults:2 Vaults:3)
  3 golden dragon simulacra (Coc:2 Coc:4 Coc:7)
  An alligator snapping turtle skeleton (Crypt:3)
  A sea snake skeleton (Hell)
  3 tengu conjurers (D:13 Depths:1)
  17 efreet (Volcano D:14 Zot:1 Abyss:2 Pan)
  An iron giant simulacrum (Coc:7)
  17 ice devils (Abyss:3 Pan Depths:4)
  19 red devils (Pan D:3)
  3 spectral harpies (Tar:2 Tar:4)
  A harpy zombie (Abyss:2)
  2 silent spectres (Tar:3 Tar:4)
  2 spectral nagas (Tar:4 Tar:5)
  A death drake zombie (Crypt:3)
  A bloated husk (Swamp:4)
  8 hornets (D:10 Lair:5 Swamp:2 Swamp:3 Depths:3)
  14 trolls (D:9 D:10 D:11 Orc:1 Orc:2)
  4 hydra zombies (Swamp:4 Crypt:2 Hell)
  37 hellwings (Abyss:2 Pan D:5)
  A meliai (D:9)
  14 polar bears (Lair:1 Lair:5)
  5 harpy skeletons (Hell Tomb:1 Pan)
  A shadow dragon simulacrum (Coc:1)
  9 tyrant leeches (Lair:5 Lair:2 Swamp:2 Swamp:3 Swamp:4)
  Prince Ribbit (D:6)
  4 spectral swamp dragons (Swamp:4)
  A fire dragon zombie (Abyss:2)
  11 tarantellas (Spider:1 Spider:3 Spider:4)
  5 culicivora zombies (Spider:1)
  35 raiju (Lair:5 Abyss:2 Abyss:3 Abyss:4)
  4 dream sheep (Lair:4)
  11 blink frogs (Lair:3 Lair:4 Abyss:2 Abyss:3 Depths:4)
  2 blink frogs (shapeshifter) (D:13 Vaults:4)
  A hydra skeleton (Pan)
  An iron dragon simulacrum (Coc:7)
  7 tarantella zombies (Spider:1)
  155 large abominations (Abyss:2 Abyss:3 Abyss:4 Pan)
  14 culicivoras (Spider:1 Spider:2 Spider:3 Spider:4)
  15 jumping spiders (Spider:2 Spider:3 Spider:4)
  A boulder beetle zombie (Crypt:1)
  A merfolk skeleton (Crypt:3)
  2 fire dragon skeletons (Crypt:1 Pan)
  2 stone giant simulacra (Crypt:2 Coc:3)
  39 flying skulls (Crypt:1 Crypt:3 Abyss:2 Abyss:3 Tomb:2)
  A spriggan (Swamp:4)
  A slime creature (shapeshifter) (Vaults:5)
  3 centaur simulacra (D:15 Abyss:3 Coc:1)
  A vampire (Abyss:2)
  85 slime creatures (Lair:5 D:12 D:14 Vaults:1 Vaults:3)
  4 water elementals (Elf:1 Elf:3 D:15 Depths:2)
  11 wraiths (D:9 D:10 D:12 Crypt:1 Vaults:2)
  2 air elementals (Elf:2 Abyss:3)
  3 ettin skeletons (Crypt:3 Pan)
  A spriggan (shapeshifter) (Abyss:3)
  A shadow (D:10)
  Sigmund (D:4)
  An ice dragon skeleton (Crypt:2)
  2 wyverns (D:10 Lair:2)
  97 ynoxinuls (Abyss:2 Abyss:3 Abyss:4 Pan)
  2 elf zombies (Vaults:1)
  2 basilisks (Lair:1 D:13)
  22 yaks (D:4 D:3 Lair:1 Lair:3 Lair:5)
  18 ushabtiu (Tomb:1 Tomb:2 Tomb:3)
  15 dire elephant simulacra (IceCv Coc:1 Coc:2 Coc:3 Coc:4)
  A fire bat (shapeshifter) (D:14)
  8 fire elementals (Volcano Elf:1 Elf:2 Abyss:2 Abyss:3)
  2 golden eyes (Abyss:2)
  65 chaos spawn (Abyss:2 Pan)
  3 black mamba skeletons (Crypt:3 Pan)
  32 redbacks (D:14 Spider:2 Spider:1 Spider:3 Spider:4)
  6 fire bats (Lair:5 Abyss:2 Pan)
  92 starcursed masses (Abyss:1 Abyss:2 Abyss:3 Abyss:4)
  A steam dragon (shapeshifter) (Abyss:2)
  52 neqoxecs (Abyss:1 Abyss:2 Abyss:3 Pan Depths:4)
  3 death yak simulacra (Lair:2 IceCv)
  10 spatial vortices (Abyss:2 Abyss:3 Abyss:4)
  Menkaure (D:6)
  3 steam dragons (D:7 Depths:3)
  6 wargs (Lair:5 Orc:1 Orc:2)
  A spectral cane toad (Lair:2)
  A two-headed ogre zombie (Crypt:1)
  A deep troll zombie (Tomb:1)
  A glowing shapeshifter zombie (Vaults:1)
  25 harpy simulacra (IceCv Hell Abyss:4 Coc:1 Coc:2)
  11 swamp worms (Lair:2 Swamp:1 Swamp:2 Swamp:3 Swamp:4)
  4 nagas (Abyss:2)
  An acid dragon (D:14)
  6 hydra simulacra (IceCv Abyss:3 Hell Coc:1)
  2 floating eyes (Depths:1 Depths:2)
  A faun skeleton (Crypt:3)
  11 hell hounds (Lair:5 Abyss:1 Pan)
  10 water moccasins (D:6 Lair:1 Lair:2 Lair:3 Lair:5)
  A floating eye (shapeshifter) (D:12)
  12 orc warriors (D:6 D:9 Orc:1 Orc:2 Slime:4)
  3 ice beasts (D:6 D:7)
  4 sky beasts (D:6 D:7 Abyss:2)
  14 black bears (Lair:1 Lair:2 Lair:3 Lair:5)
  A swamp dragon zombie (Swamp:4)
  2 black mamba simulacra (Lair:2 Coc:1)
  5 ettin simulacra (Crypt:2 Coc:2 Coc:3 Coc:4 Coc:5)
  16 wolves (Lair:1 Lair:3 Lair:5)
  19 ogres (D:9 Orc:1 Orc:2 Slime:4 Zot:1)
  A snapping turtle skeleton (Crypt:1)
  14 centaurs (D:7 D:9 D:10 D:13 D:14)
  The ghost of Kurtz the Chopper, an amateur OpFi of Makhleb (D:3)
  A manticore skeleton (Crypt:3)
  3 phantoms (D:6 Swamp:3)
  7 bullfrogs (D:8 Lair:1 Lair:4)
  A yaktaur zombie (Crypt:3)
  A kobold brigand (D:9)
  2 gnoll sergeants (D:9)
  2 scorpions (D:5 D:6)
  4 earth elementals (Orc:2 Elf:1 Abyss:2 Abyss:3)
  3 necrophages (Vaults:2 Crypt:1 Crypt:2)
  6 two-headed ogre simulacra (IceCv Coc:2)
  2 cane toad simulacra (IceCv)
  A human simulacrum (Depths:1)
  10 wights (D:6 D:7 Abyss:2)
  40 small abominations (Abyss:1 Abyss:2 Abyss:3 Abyss:4)
  A shapeshifter zombie (Crypt:1)
  14 killer bees (D:6 D:7 D:9)
  An elephant simulacrum (IceCv)
  3 electric eels (Lair:2 Spider:3 Spider:4)
  9 howler monkeys (D:9 D:10 D:11 D:13)
  2 crimson imps (Abyss:4)
  3 hounds (D:6 D:7)
  3 orc priests (D:5 Orc:2)
  4 jellies (D:5 D:7 Abyss:2)
  7 quasits (Abyss:2 Abyss:3 Pan)
  3 gnoll boudas (D:7 D:9 D:10)
  5 iron imps (Abyss:2 Abyss:3 Pan)
  4 sleepcaps (D:3 D:4 D:5 D:8)
  A hell rat (Hell)
  12 orc wizards (D:5 D:7 D:10 Orc:1 Orc:2)
  3 iguanas (D:5 D:4 D:7)
  4 polar bear simulacra (Orc:2 IceCv)
  7 troll simulacra (Orc:2 IceCv)
  A killer bee zombie (Crypt:2)
  13 spriggan simulacra (Orc:2 IceCv Abyss:2 Abyss:4 Coc:4)
  A wolf simulacrum (Orc:2)
  35 mummies (Tomb:1 Tomb:2 Tomb:3)
  16 gnolls (D:7 D:9 D:10)
  4 adders (D:2 D:3 D:4)
  11 naga simulacra (Orc:2 IceCv Coc:1 Coc:3 Coc:4)
  5 shadow imps (D:4 D:6 Abyss:2 D:15)
  16 white imps (D:6 IceCv Abyss:2 Abyss:3 Abyss:4)
  11 ufetubi (IceCv Abyss:2)
  3 dart slugs (D:1 D:3 D:4)
  24 orcs (D:4 D:5 D:9 D:10 Orc:2)
  6 ball pythons (D:1 D:2 D:3 D:4)
  5 endoplasms (D:1 D:2 D:3 D:4)
  4 giant cockroaches (D:1 D:2 D:3 D:4)
  10 goblins (D:1 D:2 D:3)
  9 hobgoblins (D:1 D:2 D:3)
  11 jackals (D:1 D:2)
  11 kobolds (D:1 D:2 D:3 D:4 D:9)
  3 quokkas (D:2 D:4)
  4 bats (D:1 D:2 D:3)
  2 frilled lizards (D:1 D:3)
  An orc zombie (Crypt:2)
  5 rats (D:1 D:2)
  A river rat skeleton (Crypt:2)
  A spectral goblin (D:3)
  7 ball lightnings (Pan)
  9 creeping infernos (Geh:2 Geh:3 Geh:5 Geh:6 Geh:7)
  20 fire vortices (Pan Hell Geh:2 Geh:3 Geh:5)
  3 lurking horrors (Abyss:3)
  28 starspawn tentacles (Abyss:2 Abyss:3 Abyss:4)
4909 creatures vanquished.

Vanquished Creatures (collateral kills)
  Ereshkigal (Tar:7)
  3 pandemonium lords (Pan)
  A dread lich (Vaults:4)
  2 ancient liches (Depths:3 Zot:5)
  8 royal mummies (Tomb:1 Tomb:2 Tomb:3)
  6 Killer Klowns (Zot:2 Zot:4)
  The ghost of Ziugimmo the Tortoise, a veteran AtMo of Elyvilon (Vaults:2)
  A curse toe (Zot:2)
  Nikola (Spider:1)
  4 golden dragons (Zot:3 Zot:2 Vaults:4)
  The ghost of Pikuto the Slayer, an adept MiBe of Trog (Depths:3)
  5 doom hounds (Tar:7)
  5 bone dragons (Swamp:4 Abyss:2 Abyss:3 Tar:7)
  An iron giant (Dis:7)
  4 Tzitzimimeh (Pan Tar:7)
  7 tentacled monstrosities (Vaults:4 Vaults:5 Zot:3 Zot:4)
  2 electric golems (Zot:5 Zot:4)
  5 Orb Guardians (Zot:4)
  A shard shrike skeleton (Tomb:3)
  2 tainted leviathans (Tar:7)
  5 liches (Depths:3 Crypt:3 Vaults:4)
  An Ice Fiend (Zot:3)
  2 quicksilver dragons (Depths:3 Vaults:4)
  4 titans (Vaults:1 Vaults:4)
  4 sphinxes (Vaults:2 D:15 Crypt:2 Tomb:1)
  An eldritch tentacle (Tomb:3)
  A deep elf master archer (Elf:3)
  3 Executioners (Pan)
  A tentacled starspawn (Abyss:2)
  6 ancient champions (Depths:1 Crypt:3 Depths:2 Dis:7 Tomb:3)
  7 tengu reavers (Depths:3 Vaults:4 Vaults:5)
  8 shadow dragons (Depths:2 Zot:3 Vaults:4)
  2 death cobs (Zot:3)
  A rockslime (Slime:2)
  2 azure jellies (Slime:2 Slime:4)
  7 storm dragons (Zot:3 Zot:2 Vaults:4)
  3 draconian monks (Zot:3 Zot:2)
  7 frost giants (Depths:1 Depths:2 Depths:3 Vaults:4)
  A revenant (Tomb:1)
  4 demonspawn warmongers (Pan)
  2 deep elf sorcerers (Elf:3)
  2 draconian scorchers (Zot:3)
  3 draconian knights (Zot:3 Zot:2)
  3 fire giants (Vaults:3 D:15 Depths:2)
  Louise (Swamp:3)
  2 vault wardens (Vaults:2 Vaults:4)
  3 iron dragons (Depths:2 Vaults:4)
  A ghoul (Crypt:1)
  3 emperor scorpions (Spider:2 Spider:4)
  A caustic shrike zombie (Tomb:2)
  8 balrugs (Pan Depths:2)
  A demonspawn blood saint (Pan)
  11 ironbound preservers (D:14 Vaults:1 Vaults:2 Vaults:3 Vaults:4)
  A demonspawn corrupter (Pan)
  A draconian annihilator (Depths:3)
  7 cacodemons (Pan)
  2 formless jellyfish (Vaults:2 Vaults:3)
  A spriggan defender (Depths:3)
  4 draconian shifters (Zot:2 Zot:3)
  2 broodmothers (Spider:2 Spider:1)
  13 very ugly things (D:15 Depths:1 Depths:2 Depths:3 Pan)
  5 ironbound thunderhulks (Vaults:1 Vaults:2 Vaults:3)
  A war gargoyle (Vaults:2)
  10 reapers (Depths:1 Pan Depths:2)
  4 stone giants (Depths:1 Depths:2 Vaults:4)
  2 putrid mouths (Tar:4 Tar:7)
  4 demonspawn black suns (Pan)
  3 green draconians (Depths:3 Zot:2 Zot:3)
  2 black draconians (Zot:3 Zot:4)
  8 purple draconians (Depths:3 Zot:3 Zot:2)
  3 deep elf demonologists (Elf:2 Vaults:4)
  5 bennus (Tomb:3)
  3 bunyips (Lair:2 Swamp:2 Swamp:3)
  A lorocyproca (Pan)
  10 red draconians (Depths:3 Zot:3 Zot:2 Zot:4)
  5 yellow draconians (Zot:2 Zot:3)
  2 spark wasps (Spider:2 Depths:1)
  9 white draconians (Zot:1 Zot:3 Zot:2 Zot:4)
  A wendigo (Coc:3)
  7 dire elephants (D:14 Vaults:1 Vaults:3)
  2 pale draconians (Depths:3)
  6 ettins (D:15 Depths:1 Depths:2 Vaults:4 Vaults:5)
  4 iron golems (Depths:1 Dis:5)
  3 blizzard demons (Pan)
  6 green deaths (Pan)
  7 mummy priests (Tomb:1 Tomb:2 Tomb:3)
  6 jiangshi (Depths:1 Depths:3 Crypt:2)
  8 deep elf death magi (Elf:2 Elf:3 Crypt:1 Vaults:4)
  2 crystal guardians (D:14 Depths:1)
  3 entropy weavers (Spider:1 Spider:2)
  6 yaktaur captains (D:14 Vaults:2 Vaults:3 Vaults:4)
  24 vault guards (D:14 Vaults:4)
  A shambling mangrove (Swamp:3)
  2 deep elf high priests (Vaults:1 Vaults:4)
  3 ice dragons (D:15 Depths:2 Depths:3)
  6 rakshasas (Depths:1 Depths:2 Abyss:3 Pan)
  2 spriggan zombies (Crypt:2)
  A caustic shrike simulacrum (Crypt:2)
  3 great orbs of eyes (D:14 Vaults:2 Vaults:3)
  A spriggan skeleton (Tomb:2)
  2 peacekeepers (D:14 Vaults:2)
  2 spriggan air magi (Depths:1 Depths:3)
  3 hydras (Swamp:2 Swamp:3)
  A radroach (shapeshifter) (D:13)
  3 jorogumos (Spider:1 Spider:4)
  2 ogre magi (Orc:2)
  3 alligators (Lair:2 Swamp:3)
  6 dancing weapons (Elf:2 Elf:3 Pan)
  6 centaur warriors (D:14 D:15 Vaults:1 Vaults:3)
  2 catoblepae (Lair:5 D:13)
  4 ironbound frosthearts (D:14 Vaults:1 Vaults:2)
  4 boulder beetles (D:10 Lair:3 D:13 Spider:1)
  23 death scarabs (Tomb:1 Tomb:2 Tomb:3)
  3 deep troll shamans (Depths:1 Depths:2)
  A radroach (Spider:1)
  9 demonic crawlers (Spider:2 Spider:1 Pan)
  A vampire mage (Depths:1)
  7 death yaks (Lair:2)
  3 two-headed ogres (D:11 Orc:2)
  4 tengu warriors (D:13 D:14)
  4 deep troll earth magi (D:15 Depths:1 Depths:2 Vaults:4)
  A spriggan berserker (Depths:2)
  A titan skeleton (Crypt:3)
  4 thrashing horrors (Abyss:2 Abyss:4)
  6 deep elf knights (Elf:2 Elf:3)
  8 hell knights (Depths:2 Depths:3 Depths:1)
  A spectral catoblepas (Lair:2)
  A shadow wraith (Depths:2)
  A skyshark (Lair:4)
  9 iron trolls (D:15 Depths:1)
  20 sun demons (Depths:1 Pan Depths:2)
  A crystal echidna (Dis:7)
  4 soul eaters (Depths:1 Pan)
  3 sixfirhies (Pan)
  2 pharaoh ants (Spider:2 Spider:3)
  18 skeletal warriors (D:13 D:14 Crypt:3 Tomb:1 Tomb:3)
  A spark wasp zombie (Depths:1)
  30 deep trolls (Orc:2 D:14 Vaults:1 Vaults:2 Vaults:3)
  An orb spider (Spider:4)
  3 shadow demons (Pan)
  A spriggan druid (Swamp:3)
  10 ironbound convokers (D:14 Vaults:1 Vaults:2 Vaults:3 Vaults:4)
  2 goliath frogs (Swamp:3)
  2 deep elf archers (Elf:2 Elf:3)
  A lindwurm (Lair:5)
  A swamp dragon (Swamp:2)
  3 bog bodies (Swamp:2 Swamp:4 Crypt:2)
  3 phantasmal warriors (Vaults:2 Vaults:4)
  A flayed ghost (Vaults:4)
  A wizard (Vaults:2)
  4 steelbarb worms (Spider:1 Spider:2 Spider:4)
  A harpy (Vaults:1)
  2 alligator zombies (Swamp:4)
  2 spectral hydras (Swamp:4)
  2 wolf spider zombies (Spider:1)
  11 deep elf pyromancers (D:11 Elf:1 Elf:2 Elf:3)
  A wolf spider (shapeshifter) (Vaults:4)
  7 wolf spiders (Spider:1 Spider:2 Spider:4)
  3 orc knights (Orc:1 Vaults:3 Vaults:4)
  4 deep elf zephyrmancers (Elf:2)
  A will-o-the-wisp (Swamp:2)
  12 moths of wrath (D:14 Spider:1 Zot:3 Zot:2 Zot:4)
  3 cyclopes (Orc:1 D:12)
  9 necromancers (D:15 Depths:2 Depths:1 Crypt:2 Vaults:4)
  19 ugly things (D:14 Vaults:2 Depths:1 Depths:2 Depths:3)
  2 stone giant zombies (Depths:1 Crypt:2)
  A manticore (D:14)
  9 vault sentinels (D:14 Vaults:1 Vaults:2 Vaults:3 Vaults:4)
  13 elephants (Lair:1 Lair:4 Lair:5)
  2 rust devils (Abyss:2 Zot:5)
  2 centaur skeletons (D:15)
  14 smoke demons (Abyss:2 Abyss:3 Pan)
  2 hellions (Pan)
  7 torpor snails (Lair:5 Spider:1 Spider:2 Spider:4)
  A gargoyle (D:10)
  A guardian serpent (Abyss:2)
  A titan simulacrum (Coc:3)
  A molten gargoyle (Geh:7)
  9 orange demons (Abyss:2 Abyss:3 Pan)
  A naga skeleton (Crypt:3)
  12 cane toads (Lair:1 Lair:2 Lair:3 Lair:4 Lair:5)
  6 yaktaurs (D:14 Vaults:2 Vaults:3)
  2 kobold demonologists (D:11)
  2 freezing wraiths (Vaults:4 Vaults:5)
  2 dire elephant skeletons (Crypt:2 Crypt:3)
  An efreet (Pan)
  3 redback zombies (Spider:1)
  2 rime drakes (Lair:2 Lair:5)
  An unseen horror (shapeshifter) (D:13)
  21 guardian mummies (Crypt:2 Tomb:1 Tomb:2 Tomb:3)
  4 tormentors (Tar:7 Pan)
  4 hydra zombies (Swamp:4)
  2 ancient zymes (Abyss:2 Abyss:4)
  3 tengu conjurers (D:13 D:15 Depths:1)
  A meliai (shapeshifter) (Vaults:4)
  A red devil (Pan)
  4 ice devils (Depths:1 Pan)
  A harpy zombie (Crypt:2)
  6 trolls (D:10 Orc:2)
  2 hellwings (Pan)
  14 tarantellas (Spider:1 Spider:2 Spider:4)
  6 hornets (Lair:5 Swamp:3)
  8 tyrant leeches (Lair:5 Swamp:1 Swamp:2 Swamp:3)
  An iron dragon simulacrum (Coc:3)
  2 spectral guardian serpents (Crypt:3)
  4 polar bears (Lair:1 Lair:5)
  7 blink frogs (Lair:3 Lair:4 Abyss:2)
  5 culicivora zombies (Spider:1)
  2 raiju (Abyss:2 Abyss:4)
  2 harpy skeletons (Crypt:3 Tomb:2)
  3 dream sheep (Lair:4)
  A raiju (shapeshifter) (D:10)
  32 slime creatures (Lair:5 D:12 D:14 Vaults:1 Vaults:3)
  An air elemental (Elf:2)
  9 tarantella zombies (Spider:1)
  8 culicivoras (Spider:1 Spider:2 Spider:4)
  A shadow (D:9)
  A guardian serpent skeleton (Crypt:3)
  22 flying skulls (Crypt:3 Abyss:3 Tomb:2 Tomb:3)
  16 jumping spiders (Spider:1 Spider:2 Spider:4)
  3 spriggans (Swamp:2 Swamp:4 Depths:3)
  3 water elementals (Elf:2 D:15 Depths:2)
  2 wyverns (Lair:2 Lair:5)
  3 small abominations (Abyss:2 Abyss:3)
  20 yaks (Lair:1 Lair:3 Lair:4 Lair:5)
  A starcursed mass (Abyss:2)
  10 ushabtiu (Tomb:1 Tomb:2 Tomb:3)
  8 ynoxinuls (Pan)
  2 fire bats (Lair:5 Pan)
  A vampire (D:13)
  17 chaos spawn (Abyss:2 Abyss:3 Pan)
  3 wraiths (D:9 D:11 Crypt:1)
  A basilisk (Lair:2)
  7 neqoxecs (Abyss:2 Abyss:3 Pan)
  A steam dragon (Depths:3)
  A vampire mosquito (D:10)
  A death yak simulacrum (Lair:2)
  23 redbacks (Spider:1 Spider:2 Spider:4 Vaults:2)
  4 wargs (Lair:5 Orc:1)
  6 swamp worms (Lair:2 Swamp:1 Swamp:2)
  A naga zombie (Tomb:3)
  24 large abominations (Abyss:2 Abyss:4 Pan)
  2 water moccasins (Lair:3 Lair:5)
  A spatial vortex (Abyss:4)
  6 hell hounds (Lair:5)
  3 acid dragons (D:9 D:14)
  4 orc warriors (Orc:1 Orc:2)
  A swamp drake (Swamp:2)
  A sky beast (shapeshifter) (Vaults:4)
  10 black bears (Lair:1 Lair:5)
  A black mamba simulacrum (Lair:2)
  A swamp dragon zombie (Swamp:4)
  10 ogres (Orc:2)
  A boggart (D:14)
  11 wolves (Lair:1 Lair:3 Lair:5)
  4 centaurs (D:12 D:14)
  6 phantoms (Swamp:3 Swamp:4)
  A rime drake skeleton (Crypt:3)
  3 kobold brigands (D:9)
  3 gnoll sergeants (D:9 D:10)
  A killer bee (D:6)
  An electric eel (Lair:2)
  A crimson imp (Abyss:4)
  A jelly (Lair:5)
  6 orc priests (D:7 Orc:1 Orc:2 D:14)
  2 orc wizards (Orc:2)
  4 hell rats (Depths:1)
  3 spriggan simulacra (Orc:2)
  A hound zombie (Crypt:2)
  23 mummies (Tomb:1 Tomb:2 Tomb:3)
  2 gnolls (D:10)
  A white imp (Abyss:4)
  An ufetubus (Abyss:3)
  8 orcs (D:9 Orc:1 Orc:2 D:14)
  A hobgoblin zombie (Crypt:2)
  2 kobolds (D:11)
  A starspawn tentacle (Abyss:3)
1259 creatures vanquished.

Vanquished Creatures (others)
  An ancient lich (Dis:4)
  A shard shrike (Coc:7)
  Saint Roka (Tomb:3)
  3 pandemonium lords (Pan D:15)
  A Tzitzimitl (Pan)
  A doom hound (Tar:7)
  An Executioner (Pan)
  2 draconian knights (Zot:1 Depths:4)
  23 orc warlords (Zot:3 Tomb:2 Tomb:3)
  A shard shrike simulacrum (Coc:4)
  A ghost moth (Zot:5)
  A draconian shifter (Zot:1)
  A demonspawn corrupter (Pan)
  3 demonspawn blood saints (Pan)
  A black draconian (Zot:1)
  2 wendigos (Coc:2 Coc:5)
  A yellow draconian (Zot:3)
  A lorocyproca (Pan)
  2 red draconians (Zot:1)
  6 orc high priests (Swamp:4 Zot:3 Zot:2 Abyss:4 Tar:7)
  2 caustic shrike simulacra (Coc:7)
  A spriggan air mage (D:15)
  2 juggernaut simulacra (Coc:5)
  19 orc sorcerers (Orc:2 D:14 Spider:1 Elf:2 Depths:3)
  A demonic crawler (Pan)
  5 large abominations (Abyss:2 Pan)
  3 sun demons (Pan)
  2 deep elf knights (Elf:2 Elf:3)
  A soul eater (Pan)
  A wretched star (Abyss:4)
  48 orc knights (D:13 Swamp:4 Vaults:3 Depths:3 Zot:1)
  2 shadow demons (Pan D:15)
  A deep troll (Vaults:3)
  A spriggan simulacrum (Coc:5)
  A fenstrider witch simulacrum (Coc:2)
  An ugly thing (Pan)
  2 starcursed masses (Abyss:4)
  A moth of wrath (Zot:1)
  A titan simulacrum (Coc:4)
  An orange demon (Pan)
  2 smoke demons (Pan)
  5 tormentors (Pan)
  A tengu conjurer (D:15)
  An ancient zyme (Abyss:4)
  A hellwing (Pan)
  A bloated husk (Swamp:4)
  2 naga simulacra (Coc:1 Coc:4)
  2 ynoxinuls (Abyss:2 Pan)
  A dire elephant simulacrum (Coc:5)
  4 chaos spawn (Pan D:15)
  A naga (Abyss:2)
  4 harpy simulacra (Coc:5 Coc:6 Coc:7)
  61 orc priests (Orc:1 Orc:2 Swamp:3 Swamp:4 Elf:2)
  43 orc warriors (Lair:1 Lair:3 Orc:1 Orc:2 Swamp:4)
  An ettin simulacrum (Coc:3)
  57 orc wizards (Lair:5 Orc:1 Orc:2 Swamp:3 Elf:3)
  3 small abominations (Abyss:2)
  A mummy (Tomb:1)
  A swamp drake zombie (Swamp:4)
  A white imp (Pan)
  64 orcs (D:7 D:9 Orc:1 Orc:2 Swamp:4)
  27 ball lightnings (Pan D:15)
  3 creeping infernos (Hell Geh:2 Geh:3)
  26 foxfires (Swamp:2 Swamp:3 Abyss:2)
  A lurking horror (Abyss:4)
  63 starspawn tentacles (Abyss:1 Abyss:2 Abyss:3 Abyss:4 Pan)
527 creatures vanquished.

Grand Total: 6695 creatures vanquished

Table legend: (Time is in decaauts)
 A = Elapsed time spent in this place.
 B = Non-inter-level travel time spent in this place.
 C = Inter-level travel time spent in this place.
 D = Time resting spent in this place.
 E = Time spent auto-exploring this place.
 F = Levels seen in this place.
 G = Mean time per level.
                   A        B        C        D        E       F      G
               +--------+--------+--------+--------+--------+-----+--------+
         Total | 210708 | 179806 |  30902 |  44388 |  31440 | 135 | 1560.8 |
       Dungeon |  27107 |  19498 |   7609 |   4732 |   7709 |  15 | 1807.1 |
          Lair |  10252 |   8419 |   1833 |   2418 |   2937 |   5 | 2050.4 |
         Swamp |   6278 |   5674 |    604 |   1611 |    303 |   4 | 1569.5 |
   Spider Nest |  10538 |  10018 |    520 |   3768 |   1667 |   4 | 2634.5 |
    Slime Pits |   6932 |   5849 |   1083 |    751 |   1687 |   5 | 1386.4 |
  Orcish Mines |   2838 |   2203 |    635 |    562 |    639 |   2 | 1419.0 |
   Elven Halls |  12304 |  10992 |   1312 |   4208 |   1663 |   3 | 4101.3 |
        Vaults |  18952 |  15317 |   3635 |   2585 |   1958 |   5 | 3790.4 |
         Crypt |  11332 |  10219 |   1113 |   3466 |   1743 |   3 | 3777.3 |
          Tomb |   4325 |   3906 |    419 |   1049 |    830 |   3 | 1441.7 |
        Depths |  21100 |  14717 |   6383 |   5547 |    923 |   4 | 5275.0 |
          Hell |   1581 |   1364 |    217 |      3 |    356 |   1 | 1581.0 |
           Dis |   5664 |   5112 |    552 |   1424 |    339 |   7 |  809.1 |
       Gehenna |   2926 |   2678 |    248 |    182 |    291 |   7 |  418.0 |
       Cocytus |   3564 |   3233 |    331 |    619 |    340 |   7 |  509.1 |
      Tartarus |   4314 |   4154 |    160 |   1019 |    673 |   7 |  616.3 |
           Zot |  19714 |  15470 |   4244 |   5197 |   2804 |   5 | 3942.8 |
         Abyss |   4897 |   4897 |      0 |     33 |     69 |  13 |  376.7 |
   Pandemonium |  34621 |  34621 |      0 |   4823 |   4364 |  32 | 1081.9 |
         Trove |     59 |     59 |      0 |      0 |      4 |   1 |   59.0 |
      Ice Cave |   1148 |   1148 |      0 |    388 |    108 |   1 | 1148.0 |
       Volcano |    251 |    251 |      0 |      0 |     32 |   1 |  251.0 |
               +--------+--------+--------+--------+--------+-----+--------+

Top non-repeatable levels by time:
Depths:4: 6908 daAuts
Depths:3: 5794 daAuts
   Zot:1: 5484 daAuts
Vaults:2: 5424 daAuts
   Elf:2: 4655 daAuts
Vaults:1: 4641 daAuts
   Zot:2: 4585 daAuts
 Crypt:3: 4474 daAuts
Depths:2: 4239 daAuts
Depths:1: 4158 daAuts
Vaults:3: 3992 daAuts
   Elf:3: 3889 daAuts
     D:9: 3859 daAuts
   Dis:7: 3814 daAuts
 Crypt:2: 3760 daAuts

Table legend:
 A = Non-vault XP
 B = Vault XP
 C = Vault XP percentage of total XP
 D = Non-vault monster count
 E = Vault monster count
 F = Vault count percentage of total count
                 A         B        C        D         E       F
            +---------+---------+-------+---------+---------+-------
      Total | 2390466 | 1822241 |  43.3 |    4000 |    2063 |  34.0
            +---------+---------+-------+---------+---------+-------
        D:1 |      53 |       0 |   0.0 |      29 |       0 |   0.0
        D:2 |      56 |       4 |   6.7 |      20 |       2 |   9.1
        D:3 |     702 |     110 |  13.5 |      19 |       2 |   9.5
        D:4 |     546 |     214 |  28.2 |      17 |       1 |   5.6
        D:5 |     467 |       0 |   0.0 |      20 |       0 |   0.0
        D:6 |    1452 |     446 |  23.5 |      20 |       2 |   9.1
        D:7 |    1244 |     283 |  18.5 |      21 |       3 |  12.5
        D:8 |     775 |     377 |  32.7 |       4 |       1 |  20.0
        D:9 |    1381 |    2409 |  63.6 |      24 |      22 |  47.8
       D:10 |    1749 |    5817 |  76.9 |      16 |      19 |  54.3
       D:11 |    4021 |       0 |   0.0 |      15 |       0 |   0.0
       D:12 |    3911 |     599 |  13.3 |      15 |       1 |   6.2
       D:13 |    6770 |    7077 |  51.1 |      14 |      17 |  54.8
       D:14 |   24903 |    8842 |  26.2 |      58 |      20 |  25.6
       D:15 |   18191 |    5205 |  22.2 |      32 |      12 |  27.3
     Lair:1 |    8670 |    3017 |  25.8 |      43 |      18 |  29.5
     Lair:2 |   15012 |    3261 |  17.8 |      34 |      13 |  27.7
     Lair:3 |    2794 |    1514 |  35.1 |      16 |       7 |  30.4
     Lair:4 |    4725 |     467 |   9.0 |      18 |       3 |  14.3
     Lair:5 |   10242 |   16571 |  61.8 |      39 |      82 |  67.8
    Swamp:1 |     408 |       0 |   0.0 |       4 |       0 |   0.0
    Swamp:2 |   17258 |       0 |   0.0 |      36 |       0 |   0.0
    Swamp:3 |   11334 |    1970 |  14.8 |      27 |       5 |  15.6
    Swamp:4 |    2243 |   14767 |  86.8 |       6 |      33 |  84.6
   Spider:1 |   11590 |   16519 |  58.8 |      46 |      45 |  49.5
   Spider:2 |   18712 |    5506 |  22.7 |      58 |       9 |  13.4
   Spider:3 |   19593 |   11639 |  37.3 |      43 |      20 |  31.7
   Spider:4 |   11793 |   17978 |  60.4 |      35 |      38 |  52.1
    Slime:1 |   21327 |       0 |   0.0 |      49 |       0 |   0.0
    Slime:2 |    9411 |    2388 |  20.2 |      12 |       2 |  14.3
    Slime:3 |    4549 |    1340 |  22.8 |      14 |       1 |   6.7
    Slime:4 |   14378 |    4289 |  23.0 |      35 |       5 |  12.5
    Slime:5 |    3060 |    9223 |  75.1 |       5 |       4 |  44.4
      Orc:1 |    3598 |       0 |   0.0 |      17 |       0 |   0.0
      Orc:2 |    7412 |   13486 |  64.5 |      35 |      48 |  57.8
      Elf:1 |   23630 |    9642 |  29.0 |      41 |      15 |  26.8
      Elf:2 |   26315 |   38139 |  59.2 |      53 |      48 |  47.5
      Elf:3 |    8451 |   15614 |  64.9 |      17 |      18 |  51.4
   Vaults:1 |   29677 |   29851 |  50.1 |      50 |      40 |  44.4
   Vaults:2 |   20492 |   31827 |  60.8 |      40 |      42 |  51.2
   Vaults:3 |   18189 |   29528 |  61.9 |      34 |      47 |  58.0
   Vaults:4 |    5072 |   51466 |  91.0 |       9 |      77 |  89.5
   Vaults:5 |   11009 |   21814 |  66.5 |      14 |      22 |  61.1
    Crypt:1 |   27850 |    5812 |  17.3 |      51 |       5 |   8.9
    Crypt:2 |   39225 |   14470 |  26.9 |      63 |      15 |  19.2
    Crypt:3 |    4868 |   50094 |  91.1 |      17 |      70 |  80.5
     Tomb:1 |    4048 |   84026 |  95.4 |      21 |      63 |  75.0
     Tomb:2 |   13214 |   25455 |  65.8 |      56 |      52 |  48.1
     Tomb:3 |   15885 |   52688 |  76.8 |      44 |      52 |  54.2
   Depths:1 |   45508 |    6063 |  11.8 |      81 |       7 |   8.0
   Depths:2 |   23560 |   15799 |  40.1 |      36 |      24 |  40.0
   Depths:3 |   31576 |   23412 |  42.6 |      48 |      24 |  33.3
   Depths:4 |   20258 |    5572 |  21.6 |      16 |       5 |  23.8
       Hell |    2207 |    6283 |  74.0 |       6 |      10 |  62.5
      Dis:1 |    8158 |       0 |   0.0 |       7 |       0 |   0.0
      Dis:2 |    8145 |       0 |   0.0 |       8 |       0 |   0.0
      Dis:3 |   32574 |       0 |   0.0 |      16 |       0 |   0.0
      Dis:4 |       0 |   47683 | 100.0 |       0 |      36 | 100.0
      Dis:5 |    3792 |       0 |   0.0 |       4 |       0 |   0.0
      Dis:6 |    9620 |       0 |   0.0 |       9 |       0 |   0.0
      Dis:7 |    6749 |  136865 |  95.3 |       5 |      80 |  94.1
      Geh:1 |   11322 |       0 |   0.0 |      12 |       0 |   0.0
      Geh:2 |    7501 |       0 |   0.0 |       8 |       0 |   0.0
      Geh:3 |   16765 |       0 |   0.0 |      16 |       0 |   0.0
      Geh:4 |   11192 |       0 |   0.0 |      10 |       0 |   0.0
      Geh:5 |    6441 |     441 |   6.4 |       5 |       2 |  28.6
      Geh:6 |   11676 |       0 |   0.0 |      11 |       0 |   0.0
      Geh:7 |   15174 |   49422 |  76.5 |      11 |      43 |  79.6
      Coc:1 |    7171 |       0 |   0.0 |      20 |       0 |   0.0
      Coc:2 |   10553 |       0 |   0.0 |      22 |       0 |   0.0
      Coc:3 |   12209 |       0 |   0.0 |      17 |       0 |   0.0
      Coc:4 |   31499 |       0 |   0.0 |      35 |       0 |   0.0
      Coc:5 |   15630 |       0 |   0.0 |      25 |       0 |   0.0
      Coc:6 |   13336 |       0 |   0.0 |      14 |       0 |   0.0
      Coc:7 |   54850 |   98692 |  64.3 |      45 |      52 |  53.6
      Tar:1 |       0 |    5348 | 100.0 |       0 |       2 | 100.0
      Tar:2 |   10100 |       0 |   0.0 |       7 |       0 |   0.0
      Tar:3 |   22125 |       0 |   0.0 |      11 |       0 |   0.0
      Tar:4 |   15395 |   33520 |  68.5 |      13 |       7 |  35.0
      Tar:5 |   24961 |   12820 |  33.9 |      17 |      11 |  39.3
      Tar:6 |    9722 |       0 |   0.0 |       9 |       0 |   0.0
      Tar:7 |   29578 |  120603 |  80.3 |      20 |      68 |  77.3
      Zot:1 |   35255 |   47087 |  57.2 |      29 |      51 |  63.8
      Zot:2 |   37953 |   29161 |  43.4 |      27 |      34 |  55.7
      Zot:3 |   49596 |   16974 |  25.5 |      56 |      14 |  20.0
      Zot:4 |   18207 |   52522 |  74.3 |      22 |      25 |  53.2
      Zot:5 |    5101 |   42484 |  89.3 |       4 |      18 |  81.8
    Abyss:1 |   14624 |       0 |   0.0 |      18 |       0 |   0.0
    Abyss:2 |  144706 |     945 |   0.6 |     324 |       2 |   0.6
    Abyss:3 |   85333 |    8749 |   9.3 |     156 |      10 |   6.0
    Abyss:4 |   41658 |    4214 |   9.2 |      78 |      12 |  13.3
        Pan |  916431 |  435586 |  32.2 |    1316 |     471 |  26.4
      IceCv |       0 |    5136 | 100.0 |       0 |      50 | 100.0
    Volcano |       0 |    1116 | 100.0 |       0 |       4 | 100.0
            +---------+---------+-------+---------+---------+-------
